Workbook

Sheet Daily Cost Calc
A1: DAILY COST OF CARE CALCULATIONS
A2: Total Institutional Costs | B2: ='BILLING RATE CALC'!F23 -> 2.9263065e+08
A3: Daily Cost (Divided by 366 days)* | B3: =B2/366 -> 799537.3
A4: Average Daily Institutional Population for Fiscal Year 2020 | B4: ='Inmate Avg Daily Population'!N18 -> 4546.8383
A5: Annual Total Mandays for Fiscal Year 2020 | B5: =B4*366 -> 1664142.8
A6: Daily Cost per Institutional Prisoner | B6: ='BILLING RATE CALC'!G23 -> 175.84467
A9: Total Community Residential Centers Costs | B9: ='COST ALLOCATION'!J40 -> 17176482
A10: Daily Cost (Divided by 366 days)* | B10: =B9/366 -> 46930.28
A11: Average Daily CRC Population for Fiscal Year 2020 | B11: ='Inmate Avg Daily Population'!N20+'Inmate Avg Daily Population'!N21 -> 246.1675
A12: Annual Total Mandays for Fiscal Year 2020 | B12: =B11*366 -> 90097.305
A13: Daily Cost Per Community Residential Center Inmate | B13: =B10/B11 -> 190.64369
A16: Total Probation/Parole Costs | B16: ='COST ALLOCATION'!J37+'COST ALLOCATION'!J36 -> 17328188
A17: Daily Cost (Divided by 366 days)* | B17: =B16/366 -> 47344.776
A18: Average Daily Probationers/Parole Served for Fiscal Year 2020 | B18: ='Monthly PO Workload Stats'!G345 -> 3614.9167 | C18: ?
A19: Annual Total Mandays for Fiscal Year 2020 | B19: =B18*366 -> 1323059.5
A20: Daily Cost per Probationer/Parolee | B20: =B17/B18 -> 13.097059
A23: Total Community Jail Costs | B23: ='COST ALLOCATION'!J35 -> 7292116.8
A24: Daily Cost (Divided by 366 days)* | B24: =B23/366 -> 19923.816
A25: Average Daily Community Jail Population for Fiscal Year 2020 | B25: ='Avg Daily Community Jails'!H41 -> 47.800546 | C25: ?
A26: Annual Total Mandays for Fiscal Year 2020 | B26: =B25*366 -> 17495
A27: Daily Cost per Prisoner | B27: =B24/B25 -> 416.81148
A30: Total Electronic Monitoring Costs | B30: ='COST ALLOCATION'!J39 -> 2466860.6
A31: Daily Cost (Divided by 366 days)* | B31: =B30/366 -> 6740.0562
A32: Average Daily Electronic Monitoring Population for Fiscal Year 2020 | B32: ='Inmate Avg Daily Population'!N23 -> 151.75 | C32: ?
A33: Annual Total Mandays for Fiscal Year 2020 | B33: =B32*366 -> 55540.5
A34: Daily Cost per Prisoner | B34: =B31/B32 -> 44.415527
A37: Total Out-of-State Contractual Costs | B37: ='COST ALLOCATION'!J38 -> 269181.32
A38: Daily Cost (Divided by 366 days)* | B38: =B37/366 -> 735.4681
A39: Average Daily Out-of-State Population for Fiscal Year 2020 | B39: ='Inmate Avg Daily Population'!N26+'Inmate Avg Daily Population'!N27 -> 11.416667
A40: Annual Total Mandays for Fiscal Year 2020 | B40: =B39*366 -> 4178.5
A41: Daily Cost Per Prisoner | B41: =B38/B39 -> 64.420563
A44: Total Pretrial Costs | B44: ='COST ALLOCATION'!J34 -> 10595745
A45: Daily Cost (Divided by 366 days)* | B45: =B44/366 -> 28950.123
A46: Average Daily Pretrial Population for Fiscal Year 2020 | B46: ='Inmate Avg Daily Population'!N25 -> 1109.8333
A47: Annual Total Mandays for Fiscal Year 2020 | B47: =B46*366 -> 406199
A48: Daily Cost Per Prisoner | B48: =B45/B46 -> 26.085108
A49: * 2019 Leap Year
A55: Revised 11/16/20 lj

Sheet Sched-A
A1: COST SHEET FOR DETENTION SERVICES
A2: Section I - General Information
A3: Name of Facility: | B3: Department of Corrections | E3: Physical Address of Facility: | H3: Juneau, Alaska
A4: Phone Number: | B4: (907) 465-3460
A5: Section II - Financial Data Summary
A6: Total Operating Cost for Jail:
A7: A. Time Frame | C7: From: | D7: 43647 | E7: To: | F7: 44012
D8: (month/year) | F8: (month/year) | H8: Annual Cost
A9: B. Total Personnel salary/wage costs (Schedule B - Part I) | H9: ='Sched-B1'!B17 -> 1.0040776e+08
A10: C. Total Personnel Benefits/Other Personnel Services (Schedule B - Part II) | H10: ='Sched-B1'!C17+'Sched-B1'!D17 -> 58617662
A11: D. Total Consultants and Contract Services (Schedule C) | H11: ='Sched-C'!D24 -> 23793328
A12: E. Other Direct Operating costs (Schedule D1 and D2) | H12: ='Sched-D1'!F661+'Sched-D2'!F143 -> 90854527
A13: F. Indirect Costs (Schedule E)* | H13: ='Sched-E'!E3 -> 13287037
A14: G. Equipment Depreciation costs (Schedule F) | H14: ='Sched-F-G'!C18 -> 766476.21
A15: H. Building Depreciation Costs (Schedule G) | H15: ='Sched-F-G'!D39 -> 9067145.9
A16: I. Total Operating Costs (Sum of Schedules B-G) | H16: =SUM(H9:H15) -> 2.9679394e+08
A17: Total Actual Operating Cost for Prior Fiscal Year | H17: 2.8369666e+08
A19: COST SHEET FOR DETENTION SERVICES (continued)
A20: Section III - Prisoner Population Information
A21: Time Frame of Prisoner Information | E21: FROM: | F21: 43647 | G21: TO: | H21: 44012
A22: (must correspond with time frame on previous page) | F22: (month/year) | H22: (month/year)
A23: Inmate Capacity of Jail: | D23: MALE | F23: FEMALE | H23: TOTAL
D24: - | F24: - | H24: 4838
A25: Average Daily Population: | D25: MALE | F25: FEMALE | H25: TOTAL
A26: Type of Prisoner | C26: Federal | D26: - | F26: -
C27: Local | D27: - | F27: -
C28: State | D28: - | F28: -
C29: Total | D29: =H29-F29 -> 4107.6501 | F29: ='IADP-By Gender'!J19 -> 439.1882 | H29: ='Inmate Avg Daily Population'!N18 -> 4546.8383
A30: Section IV - Per Diem
A31: Proposed Per Diem Rate for Federal Prisoners: | F31: ='BILLING RATE CALC'!G23 -> 175.84467
A32: State Prisoner Per Diem Rate: | F32: ='BILLING RATE CALC'!G23 -> 175.84467
A33: Section V - Local Government Contact
A34: Please provide the name of the individual authorized to represent and to act for the Local Government in jail day rate negotiations.
A35: Name | B35: April Wilkerson | E35: Department/Office | G35: State of Alaska, Dept of Corrections
A36: Title | B36: Director, Admin. Services | E36: Street | G36: PO Box 112000
A37: Phone | B37: (907) 465-3460 | E37: City | F37: Juneau | G37: State/Zip | H37: AK, 99811
A38: Fax | B38: (907) 465-3315
A39: Section VI - Certification Statement
A40: This is to certify that, to the vest of my knowledge and belief, the data furnished in Schedules B through G are accurate, complete and current, and do not include any unallocable, or unallowable costs prohibited by OMB Circular No. A-87 (Cost Principles for State and Local Governments) or any cost not related to the jail facility as discussed on Form USM-243 (Cost Sheet for Detention Services.) The records of this agency are available for review and audit by the authorized representative of the U.S. Government to verify any jail per diem rate negotiated.
A41: Signature | F41: Date
A42: Name | B42: April Wilkerson | F42: Title | G42: Director, Administrative Services

Sheet Sched-B1
A1: TOTAL PERSONAL SERVICES
A2: BY INDIVIDUAL INSTITUTIONS
A3: Facility | B3: Total Wages | C3: Total Benefits | D3: Other Personal Services | E3: Total Personal Services | F3: Number of Employees | G3: General Capacity
A4: Anchorage Complex | B4: 18496103 | C4: 11045761 | D4: -197624.93 | E4: =SUM(B4:D4) -> 29344239 | F4: 248 | G4: 829
A5: Anvil Mtn. CC | B5: 3918957.3 | C5: 2154463.9 | D5: 2629.43 | E5: =SUM(B5:D5) -> 6076050.6 | F5: 40 | G5: 126
A6: Comb Hiland Mtn. CC | B6: 8158636.9 | C6: 4845479 | D6: -41907.44 | E6: =SUM(B6:D6) -> 12962208 | F6: 102 | G6: 395
A7: Fairbanks CC | B7: 7930973 | C7: 4259417 | D7: -54481.12 | E7: =SUM(B7:D7) -> 12135909 | F7: 89 | G7: 248
A8: Goose Creek CC | B8: 20844905 | C8: 13070931 | D8: -58356.54 | E8: =SUM(B8:D8) -> 33857479 | F8: 329 | G8: 1408
A9: Ketchikan CC | B9: 2659716.3 | C9: 1608847.4 | D9: -20161.6 | E9: =SUM(B9:D9) -> 4248402.1 | F9: 35 | G9: 52
A10: Lemon Creek CC | B10: 5748580.3 | C10: 3478567.9 | D10: -128347.14 | E10: =SUM(B10:D10) -> 9098801 | F10: 75 | G10: 226
A11: Mat-Su CC | B11: 3716388.6 | C11: 2229940.7 | D11: -2494.54 | E11: =SUM(B11:D11) -> 5943834.8 | F11: 48 | G11: 98
A12: Palmer CC | B12: 40095.8 | C12: 33516.12 | D12: 27.49 | E12: =SUM(B12:D12) -> 73639.41 | F12: 104 | G12: 0
A13: Spring Creek CC | B13: 13155516 | C13: 7428459 | D13: -6404.81 | E13: =SUM(B13:D13) -> 20577570 | F13: 168 | G13: 535
A14: Wildwood CC | B14: 8162291.2 | C14: 4977592.4 | D14: -62633.09 | E14: =SUM(B14:D14) -> 13077251 | F14: 118 | G14: 465
A15: Yukon Kuskokwim CC | B15: 5445970.7 | C15: 2848808 | D15: -35778.27 | E15: =SUM(B15:D15) -> 8259000.4 | F15: 44 | G15: 189
A16: Pt. MacKenzie CF | B16: 2129625.8 | C16: 1260242.5 | D16: -18831 | E16: =SUM(B16:D16) -> 3371037.3 | F16: 29 | G16: 128
A17: Total | B17: =SUM(B4:B16) -> 1.0040776e+08 | C17: =SUM(C4:C16) -> 59242026 | D17: =SUM(D4:D16) -> -624363.56 | E17: =SUM(E4:E16) -> 1.5902542e+08 | F17: =SUM(F4:F16) -> 1429 | G17: =SUM(G4:G16) -> 4699
A19: Revised 9/18/20 lj

Sheet Sched-B2
A1: PERSONAL SERVICES BENEFITS BY INDIVIDUAL INSTITUTIONS
A2: Institution | B2: Benefit | C2: %Employer Contribution | D2: Annual Cost | E2: Sub-Total | F2: IRIS Codes
A3: Anchorage Complex | B3: Annual Physical Reimbursement | C3: not a set $ | F3: 1027
B4: AK Supplemental Benefit (SBS) | C4: 0.0613 | F4: 1028
B5: Public Employee's Retirement System Defined Benefits | C5: 0.22 | F5: 1029
B6: Public Employee's Retirement System Defined Contribution | C6: - | F6: 1030
B7: Public Employee's Retirement System Defined Cont Health Reim | C7: - | F7: 1034
B8: Public Employee's Retiremnt Sys Defined Cont Retiree Medical | C8: - | F8: 1035
B9: Public Employee's Retiremnt Sys Defined Benefit Unfnd Liab | C9: - | F9: 1037
B10: Unemployment Insurance | C10: 0.004 | F10: 1039
B11: Group Health Insurance | C11: 1542.5 | F11: 1040
B12: Basic Life and Travel | C12: $0.00/mo.pp | F12: 1041
B13: Worker's Compensation Insurance | C13: 0.0454 | F13: 1042
B14: Leave Cash In Employer Charge | C14: 0.0231 | F14: 1047
B15: Terminal Leave Employer Charge | C15: 0.015 | F15: 1048
B16: ACOA Injury Leave Contribution | C16: $8.00/mo | F16: 1049
B17: Leave- Holiday
B18: Medicare Tax | C18: 0.0145 | F18: 1053
B19: Other Personal Services | F19: 1004 | G19: :Total Object Category
E20: =11045761.43-197624.93 -> 10848136 | G20: ='Sched-B1'!C4+'Sched-B1'!D4 -> 10848136 | H20: =E20-G20 -> 0
A21: Anvil Mtn. CC | B21: Annual Physical Reimbursement | C21: not a set $ | D21: 0
B22: AK Supplemental Benefit (SBS) | C22: 0.0613
B23: Public Employee's Retirement System Defined Benefits | C23: 0.22
B24: Public Employee's Retirement System Defined Contribution | C24: -
B25: Public Employee's Retirement System Defined Cont Health Reim | C25: -
B26: Public Employee's Retiremnt Sys Defined Cont Retiree Medical | C26: -
B27: Public Employee's Retiremnt Sys Defined Benefit Unfnd Liab | C27: -
B28: Unemployment Insurance | C28: =C10 -> 0.004
B29: Group Health Insurance | C29: =C11 -> 1542.5
B30: Basic Life & Travel | C30: $0.00/mo.pp
B31: Workman's Compensation | C31: =C13 -> 0.0454
B32: Leave Cash-in/Payout | C32: =C14 -> 0.0231
B33: Terminal Leave Charge | C33: =C15 -> 0.015
B34: Injury Leave Contribution | C34: =C16 -> $8.00/mo
B35: Medicare Tax | C35: =C18 -> 0.0145
B36: Other Personal Services
E37: =2154463.85+2629.43 -> 2157093.3 | G37: ='Sched-B1'!C5+'Sched-B1'!D5 -> 2157093.3 | H37: =E37-G37 -> 0
A38: Comb Hiland Mt.CC | B38: Annual Physical Reimbursement | C38: not a set $
B39: AK Supplemental Benefit (SBS) | C39: 0.0613
B40: Public Employee's Retirement System Defined Benefits | C40: =C5 -> 0.22
B41: Public Employee's Retirement System Defined Contribution | C41: -
B42: Public Employee's Retirement System Defined Cont Health Reim | C42: -
B43: Public Employee's Retiremnt Sys Defined Cont Retiree Medical | C43: -
B44: Public Employee's Retiremnt Sys Defined Benefit Unfnd Liab | C44: -
B45: Unemployment Insurance | C45: =C10 -> 0.004
B46: Group Health Insurance | C46: =C11 -> 1542.5
B47: Basic Life & Travel | C47: $0.00/mo.pp
B48: Workman's Compensation | C48: =C13 -> 0.0454
B49: Leave Cash-in/Payout | C49: =C14 -> 0.0231
B50: Terminal Leave Charge | C50: =C15 -> 0.015
B51: Injury Leave Contribution | C51: $8.00/mo
B52: Medicare Tax | C52: =C18 -> 0.0145
B53: Other Personal Services
E54: =4845478.98-41907.44 -> 4803571.5 | G54: ='Sched-B1'!C6+'Sched-B1'!D6 -> 4803571.5 | H54: =E54-G54 -> 0
A55: Fairbanks CC | B55: Annual Physical Reimbursement | C55: not a set $
B56: AK Supplemental Benefit (SBS) | C56: 0.0613
B57: Public Employee's Retirement System Defined Benefits | C57: 0.22
B58: Public Employee's Retirement System Defined Contribution | C58: -
B59: Public Employee's Retirement System Defined Cont Health Reim | C59: -
B60: Public Employee's Retiremnt Sys Defined Cont Retiree Medical | C60: -
B61: Public Employee's Retiremnt Sys Defined Benefit Unfnd Liab | C61: -
B62: Unemployment Insurance | C62: 0.0036
B63: Group Health Insurance | C63: =C11 -> 1542.5
B64: Basic Life & Travel | C64: $0.00/mo.pp
B65: Workman's Compensation | C65: =C13 -> 0.0454
B66: Leave Cash-in/Payout | C66: =C14 -> 0.0231
B67: Terminal Leave Charge | C67: =C15 -> 0.015
B68: Injury Leave Contribution | C68: $8.00/mo
B69: Medicare Tax | C69: 0.0145
B70: Other Personal Services
E71: =4259416.99-54481.12 -> 4204935.9 | G71: ='Sched-B1'!C7+'Sched-B1'!D7 -> 4204935.9 | H71: =E71-G71 -> 0
A72: Goose Creek CC | B72: Annual Physical Reimbursement | C72: not a set $ | D72: 0
B73: AK Supplemental Benefit (SBS) | C73: 0.0613
B74: Public Employee's Retirement System Defined Benefits | C74: 0.22
B75: Public Employee's Retirement System Defined Contribution | C75: -
B76: Public Employee's Retirement System Defined Cont Health Reim | C76: -
B77: Public Employee's Retiremnt Sys Defined Cont Retiree Medical | C77: -
B78: Public Employee's Retiremnt Sys Defined Benefit Unfnd Liab | C78: -
B79: Unemployment Insurance | C79: 0.0036
B80: Group Health Insurance | C80: =C11 -> 1542.5
B81: Basic Life & Travel | C81: $0.00/mo.pp
B82: Workman's Compensation | C82: =C13 -> 0.0454
B83: Leave Cash-in/Payout | C83: =C14 -> 0.0231
B84: Terminal Leave Charge | C84: =C15 -> 0.015
B85: Injury Leave Contribution | C85: $8.00/mo
B86: Medicare Tax | C86: 0.0145
B87: Other Personal Services
E88: =13070930.63-58356.54 -> 13012574 | G88: ='Sched-B1'!C8+'Sched-B1'!D8 -> 13012574 | H88: =E88-G88 -> 0
A89: Ketchikan CC | B89: Annual Physical Reimbursement | C89: not a set $ | D89: 0
B90: AK Supplemental Benefit (SBS) | C90: 0.0613
B91: Public Employee's Retirement System Defined Benefits | C91: 0.22
B92: Public Employee's Retirement System Defined Contribution | C92: -
B93: Public Employee's Retirement System Defined Cont Health Reim | C93: -
B94: Public Employee's Retiremnt Sys Defined Cont Retiree Medical | C94: -
B95: Public Employee's Retiremnt Sys Defined Benefit Unfnd Liab | C95: -
B96: Unemployment Insurance | C96: 0.0036
B97: Group Health Insurance | C97: =C11 -> 1542.5
B98: Basic Life & Travel | C98: $0.00/mo.pp
B99: Workman's Compensation | C99: =C13 -> 0.0454
B100: Leave Cash-in/Payout | C100: =C14 -> 0.0231
...

Sheet Sched-C
A1: CONSULTANTS & CONTRACT SERVICES
A2: Type of Service | B2: Description of Service | C2: Number of Contracts | D2: DOC Annual Cost | E2: IRIS CODES
A3: MEDICAL | B3: Non-employee contracted | C3: =27+5+7 -> 39 | D3: 17621471 | E3: 3041
B4: physicians/nurses/PAs/X-ray
B5: Non-employee fee for services | C5: -
B6: physicians/nurses/PAs/X-ray
A8: DENTAL | B8: Non-employee contracted | C8: 4 | D8: 320190.59 | E8: 3042
B9: dentist/hygienist/assistant
B10: Non-employee fee for service | C10: -
B11: dentist/hygienist/assistant
A13: SOCIAL COUNSELING | B13: Non-employee contracted | C13: =0+2+19 -> 21 | D13: =2843625+1694778.35+68500+106200 -> 4713103.3 | E13: 3040 | F13: Batterer's RSA | G13: Fixed Cost: (BIP $ 68,500 /PBP $ 106,200) @ DPS
B14: substance abuse,batterers & | G14: =68500+106200 -> 174700
B15: sex offender treatment
A17: PSYCHOLOGICAL | B17: Non-employee contracted | C17: =2+12 -> 14 | D17: =5676966.13-2843625-1694778.35 -> 1138562.8 | E17: 3040
A18: COUNSELING | B18: mental health,psychiatric &
B19: psychological services
B20: Non-employee fee for service | C20: -
B21: mental health,psychiatric &
B22: psychological services
A24: TOTAL | C24: =SUM(C3:C23) -> 78 | D24: =SUM(D3:D23) -> 23793328
A26: Revised 9/24/20 lj

Sheet Sched-D1
A1: OTHER DIRECT JAIL OPERATING COSTS
A2: Institution | B2: Description of Cost | D2: Annual Cost | F2: Total | G2: IRIS CODES | H2: ck
A3: Anchorage Complex | B3: Travel/Moving Cost | E3: 147.2 | G3: 2000/2003
B4: Non-Interagency Svcs | D4: 348081.15 | E4: =SUM(D4:D33) -> 1576969.3
B5: Training/Conferences | G5: 3000
B6: Memberships | G6: 3002
B7: Penalties And Fines | G7: 3013
B8: Claim/Judgement Non-Taxable | G8: 3016
B9: Uncleared 1Card Transactions | G9: 3019
B10: Utilities | D10: 1228888.2 | G10: 2100 | H10: Utility Costs: Based on Alder Report Expenditures by Location
B11: Software Licensing | G11: 3032
B12: Software Maintenance | G12: 3033
B13: Long Distance | G13: 3035
B14: Local/Equipment Charges | G14: 3036
B15: Data/Network | G15: 3037
B16: Cellular Phones | G16: 3038
B17: Psychiatric | G17: 3040
B18: Medical | G18: 3041
B19: Freight | G19: 3043
B20: Courier | G20: 3044
B21: Postage | G21: 3045
B22: Water and Sewage | G22: 3049
... B32: Commission Sales | G32: 3069
B34: Interagency Services | D34: 5414052.2 | E34: =SUM(D34) -> 5414052.2 | G34: 3001
B35: Commodities / Supplies | E35: =SUM(D36:D41) -> 2566791.3
C36: Business | D36: 246780.92 | G36: 4000
C37: Agricultural | D37: 0
C38: Household/Institutional | D38: 1976010.5 | G38: 4002
C39: Scientific & Medical | D39: 7549.93 | G39: 4003
C40: Safety | D40: 118116.76 | G40: 4004
C41: Repair/Maintenance Supplies | D41: 218333.24 | G41: 4005
B42: Commodity/ Transfer | D42: -31117.39 | E42: =SUM(D42) -> -31117.39 | G42: 4970
B43: Equipment & Industrial | D43: 0 | E43: =D43 -> 0 | G43: 5000
F44: =SUM(E3:E43) -> 9526842.7 | H44: ='Sched-B1'!B4+'Sched-B2'!E20+'Sched-D1'!F44-37642193.93-1228888.18 -> 0
A45: Anvil Mtn. Correctional | B45: Travel/Moving Cost | E45: 9284.38
B46: Non-Interagency Svcs | D46: 170172.25 | E46: =SUM(D46:D78) -> 543931.51 | H46: =E46+10447.84 -> 554379.35
B47: Less: DHSS RS (2) Meals & Maint | D47: =-828.04-9619.8 -> -10447.84 | H47: =H46-E46 -> 10447.84 | I47: Budgeted
B48: Training/Conferences | G48: 3000
B49: Memberships | G49: 3002
B50: Penalties And Fines | G50: 3013
B51: Claim/Judgement Non-Taxable | G51: 3016
B52: Uncleared 1Card Transactions | G52: 3019
B53: Utilities | D53: 384207.1
B54: Software Licensing | G54: 3032
B55: Software Maintenance | G55: 3033
B56: Television | G56: 3034
B57: Long Distance | G57: 3035
B58: Local/Equipment Charges | G58: 3036
B59: Data/Network | G59: 3037
B60: Cellular Phones | G60: 3038
B61: Psychiatric | G61: 3040
B62: Medical | G62: 3041
B63: Freight | G63: 3043
B64: Courier | G64: 3044
B65: Postage | G65: 3045
B66: Electricity | G66: 3048
B67: Water and Sewage | G67: 3049
B68: Disposal | G68: 3050
B69: Inspections/Testing | G69: 3055
B70: Structure, Infrastructure and Land - Rentals/Leases | G70: 3057
B71: Equipment and Machinery - Repairs/Maintenance | G71: 3058
B72: Equipment and Machinery - Rentals/Leases | G72: 3059
B73: Conservation/Enviromental | G73: 3061
B74: Interpreter | G74: 3064
B75: Print/Copy/Graphics | G75: 3066
B76: Honorariums/Stipend | G76: 3067
B77: Laundry | G77: 3068
B78: Commission Sales | G78: 3069
B79: Interagency Services | D79: 113829.68 | E79: =SUM(D79) -> 113829.68
B80: Commodities / Supplies | E80: =SUM(D81:D86) -> 485306.14
C81: Business | D81: 24963.31
C82: Agricultural | D82: 74.54
C83: Household/Institutional | D83: 412126.08
C84: Scientific & Medical | D84: 1291.48
C85: Safety | D85: 14835.02
C86: Repair/Maintenance Supplies | D86: 32015.71 | G86: 4005
B87: Commodity/ Transfer | D87: -9878.41 | E87: =D87 -> -9878.41
B88: Equipment & Industrial | D88: 0 | E88: =D88 -> 0
F89: =SUM(E45:E89) -> 1142473.3 | H89: ='Sched-B1'!B5+'Sched-B2'!E37+'Sched-D1'!F89-6844764.62-384207.1+10447.84 -> -2.0008883e-10
A90: Hiland Mtn. Correctional | B90: Travel/Moving Cost | E90: 60 | G90: 2000
B91: Non-Interagency Svcs | D91: 290086.68 | E91: =SUM(D91:D127) -> 1006000.5
B92: Training/Conferences | G92: 3000
B93: Memberships | G93: 3002
B94: Employee Tuition | G94: 3003
B95: Penalties And Fines | G95: 3013
B96: Claim/Judgement Non-Taxable | G96: 3016
B97: Uncleared 1Card Transactions | G97: 3019
B98: Utilities | D98: 715913.8
B99: Software Licensing | G99: 3032
B100: Software Maintenance | G100: 3033
B101: Television | G101: 3034
B102: Long Distance | G102: 3035
B103: Local/Equipment Charges | G103: 3036
B104: Data/Network | G104: 3037
B105: Cellular Phones | G105: 3038
B106: Psychiatric | G106: 3040
B107: Medical | G107: 3041
B108: Freight | G108: 3043
B109: Courier | G109: 3044
B110: Postage | G110: 3045
...

Sheet Sched-D2
A1: OTHER DIRECT JAIL OPERATING COSTS
A2: Institution | B2: Description of Cost | D2: Annual Cost | F2: Total | G2: IRIS CODES
A3: Prison System | B3: Personnel Services | E3: 0
A4: Expansion | B4: Travel | E4: 0
B5: Other Services & Charges | E5: =SUM(D6:D10) -> 0
C6: Education Services | D6: 0
C7: Telecommunications | D7: 0
C8: Delivery Services | D8: 0
C9: Equipment/Machinery | D9: 0
C10: Other Services | D10: 0
C11: Interagency Services | D11: 0 | E11: =SUM(D11) -> 0
B12: Commodities / Supplies | E12: =SUM(D13:D15) -> 0
C13: Business | D13: 0
C14: Safety | D14: 0
C15: Repair/Maintenance Supplies | D15: 0
B16: Capital Outlay | D16: 0 | E16: =SUM(D16) -> 0
F17: =SUM(E3:E16) -> 0 | H17: =F17-0 -> 0
A18: Facility-CAP Imp Unit | B18: Personnel Services | E18: =12910.19+317359.24+187305.56-9613.1 -> 507961.89 | G18: 1001/1002/1004
B19: Travel | E19: 436.75
B20: Non-Interagency Svcs | D20: 20642.1 | E20: =SUM(D20:D23) -> 20642.1
B21: Uncleared 1Card Transactions | D21: 0 | G21: 3019
B22: Software Maintenance | D22: 0 | G22: 3033
B23: Commission Sales | D23: 0 | G23: 3069
B24: Interagency Services | D24: 51497.32 | E24: =SUM(D24) -> 51497.32
B25: Commodities / Supplies | E25: =D26+D27 -> 254648.75
C26: Business/Safety | D26: 8450.34
C27: Repair/Maintenance Supplies | D27: 246198.41
B28: Commodity/ Transfer | D28: 18000 | E28: =D28 -> 18000
B29: Capital Outlay | D29: =291062.2+63085.04-35396 -> 318751.24 | E29: =SUM(D29) -> 318751.24 | G29: 5002
B30: Less: JCIM Unbudgeted (Multiple) | E30: -93115.19 | H30: =93115.19 -> 93115.19 | I30: FY20 Multiple Unbudgeted RS
F31: =SUM(E18:E30) -> 1078822.9 | H31: =F31+H30-1171938.05 -> 0
A32: Health & Rehabilitation | B32: Personnel Services | E32: =22908222.67+11727406.27-74129.47 -> 34561499 | H32: Grand Total of 6 components $ 69,776,361.98 BHC, PHC, HRDirector,Domestic V, Substance, Sex Offender)
A33: Services | B33: Travel / Moving Costs | E33: =393469.63+13218.84+15293.55-5873.9 -> 416108.12
B34: Non-Interagency Svcs | D34: 24605069 | E34: =D34 -> 24605069 | G34: 3000
B35: Interagency Services | D35: 3297922.6 | E35: =D35 -> 3297922.6 | G35: 3001
B36: Commodities / Supplies | E36: =SUM(D37:D41) -> 6753687.6
C37: Business | D37: 294056.75
C38: Household/Institutional | D38: 11755.97
C39: Scientific & Medical | D39: 6447748.9
C40: Safety | D40: 109.99
C41: Repair/Maintenance Supplies | D41: 16.01
B42: Commodity/ Transfer | D42: -130021.93 | E42: =D42 -> -130021.93 | G42: 4007
B43: Capital Outlay | D43: 272096.93 | E43: =SUM(D43) -> 272096.93 | G43: 5002
B44: Less: Reimb Courts (Mental Health Court) | E44: 0 | G44: Rev Codes:
B45: Less: JSAP FED Public Protection | E45: -135770 | G45: 5014
B46: Less: JBHC Alcohol Tax RSA (SCCC Men's Sub-Acute JAS) | E46: -52400 | G46: 5301
B47: Less: JSAP RSAT & Vivitrol RSA's | E47: =-35628.69-70800 -> -106428.69 | G47: 5301 | H47: =F49 -> 66281763
B48: Less: JHDO Core Service Unbud RSA's | E48: -3200000 | H48: =135770+52400+106428.69+3200000 -> 3494598.7 | I48: Total Alder Revenue Report (budgeted & Unbudgeted RSA's)
F49: =SUM(E32:E49) -> 66281763 | H49: =F49+H48 -> 69776362 | I49: Grand Total (HRS RDU) 6 components (BHC, PHC, HRDirector,Domestic V, Substance, Sex Offender) + RSA's
A50: Offender Habilitation | B50: Personnel Services | E50: =214054.12+134999.66+314.1 -> 349367.88
A51: Programs | B51: Travel / Moving Costs | E51: =7981.69+1112.51 -> 9094.2
B52: Non-Interagency Svcs | D52: 457619.24 | E52: =D52 -> 457619.24 | G52: 3000
B53: Interagency Services | D53: 40096.82 | E53: =D53 -> 40096.82
B54: Commodities / Supplies | E54: =SUM(D55:D60) -> 502008.36
C55: Business | D55: 426480.19
C56: Agricultural | D56: 0 | G56: 4001
C57: Household/Institutional | D57: 4807.99
C58: Scientific & Medical | D58: 53.02 | G58: 4004
C59: Safety | D59: 0 | G59: 4004
C60: Repair/Maintenance Supplies | D60: 70667.16
B61: Commodity/ Transfer | D61: -20905.06 | E61: =D61 -> -20905.06 | G61: 4007
B62: Capital Outlay | D62: 0 | E62: =SUM(D62) -> 0
B63: Less: JVEP Unbudgeted Step Grant RS | E63: 0
B64: Less: JEDP Carl Perkings RS | E64: 0
B65: Less: JEDP MOS RS | E65: -10000 | H65: 0 | I65: FY19 No Unbudgeted RS Step C
B66: Less: JEDP ABE/GED RS | E66: -32916 | G66: 70200 | H66: =10000+0+32916 -> 42916 | I66: Total Alder Revenue Report (3 budgeted RS)
F67: =SUM(E50:E67) -> 1294365.4 | G67: 70200 | H67: =F67+H66+H65 -> 1337281.4 | I67: Grand Total (OFH RDU) 2 components $ 1,337,281.44 ( Education Programs & Vocational Education Programs)
A68: Institutions Director's Office (IDO) | B68: Personnel Services | E68: =627390.36+379397.76-6506.57 -> 1000281.6
B69: Travel / Moving Costs | E69: =5560.3+3632.3-423.9 -> 8768.7
B70: Non-Interagency Svcs | D70: 58750.86 | E70: =D70 -> 58750.86
B71: Interagency Services | D71: 552569.26 | E71: =D71 -> 552569.26
B72: Commodities / Supplies | E72: =SUM(D73:D74) -> 23980.5
C73: Business | D73: 20846 | G73: 4000
C74: Safety | D74: 3134.5 | G74: 4002
B75: Commodity/ Transfer | D75: -93.48 | E75: =D75 -> -93.48 | G75: 4007
B76: Capital Outlay | D76: 0 | E76: =SUM(D76) -> 0
F77: =SUM(E68:E76) -> 1644257.4 | H77: =F77-1644257.39 -> 0
A78: Classification & Furlough | B78: Personnel Services | E78: =723535.1+429509.9+1845.36 -> 1154890.4
B79: Travel | E79: 0
B80: Non-Interagency Svcs | D80: 2376.72 | E80: =D80 -> 2376.72
B81: Interagency Services | D81: 27385.04 | E81: =D81 -> 27385.04
B82: Commodities / Supplies | E82: =SUM(D83:D86) -> 3875.88
C83: Business | D83: 3490.69 | G83: 4000
C84: Household/Institutional | D84: 227.59 | G84: 4002
C85: Scientific and Medical | D85: 0 | G85: 4005
C86: Safety | D86: 157.6 | G86: 4004
B87: Commodity/ Transfer | D87: -833.96 | E87: =D87 -> -833.96 | G87: 4007
B88: Capital Outlay | D88: 0 | E88: =SUM(D88) -> 0
F89: =SUM(E78:E88) -> 1187694 | H89: =F89-1187694.04 -> 0
A90: Transportation | B90: Personnel Services | E90: =1591929.92+818306.05-9158.1 -> 2401077.9
B91: Travel | E91: =45621.18+17528.82 -> 63150
B92: Non-Interagency Svcs | D92: 171812.4 | E92: =D92 -> 171812.4
B93: Interagency Services | D93: 195062.57 | E93: =D93 -> 195062.57
B94: Commodities / Supplies | E94: =SUM(D95:D99) -> 53810.5
C95: Business | D95: 50126.3
C96: Household/Institutional | D96: 3168.24
C97: Scientific and Medical | D97: -30.34
C98: Safety | D98: 546.3
C99: Repair/Maintenance Supplies | D99: 0
B100: Commodity/ Transfer | D100: -358.39 | E100: =D100 -> -358.39 | G100: 4007
...

Sheet Sched-E
A1: COST ALLOCATION PLANS / INDIRECT COST PROPOSALS
A2: Organization Providing Service | B2: Appr Type | C2: Total Expenditures | D2: % of Time Spent in Support of Jail Operators | E2: Allowable Indirect Cost
A3: Administration & Support* | B3: JADS / JCOA JCOM / JINT JPAB / JREN JRRE | C3: ='Summary-Sched-E'!D10 -> 15781783 | D3: ='COST ALLOCATION'!H6 -> 0.84192242 | E3: =C3*D3 -> 13287037
A4: TOTAL | E4: =E3 -> 13287037
A6: Note*: Includes SF Rent, Correctional Academy, and Parole Board Expenditues
A7: Revised 9/24/20 lj

Sheet Summary-Sched-E
A2: BRU | B2: Appr Type | C2: RS/Budgeted & Unbudgeted | D2: Total Expenditures of FY2020
A3: Commissioner | B3: JCOM | D3: 1037965.9
A4: Admin Services | B4: JADS | C4: 2091826.6 | D4: 6577887.9
A5: Info Tech MIS | B5: JINT | C5: 1063689.8 | D5: 3747892.6
A6: Research & Rcrds | B6: JRRE | C6: 0 | D6: 851216.05
A7: Facilities Rent | B7: JREN | C7: 0 | D7: 289900
A8: Academy | B8: JCOA | C8: 0 | D8: 1542804.1
A9: Parole Board | B9: JPAB | C9: 0 | D9: 1734116.3
B10: Total | C10: =SUM(C3:C9) -> 3155516.4 | D10: =SUM(D3:D9) -> 15781783
A16: Revised: 9/24/20 lj
A18: Notes:
A19: FY2015: Total Exp AR less SB64 PACE RSA, less SB64 1st DUI (JCOM)
A20: FY2015: Total Exp AR less SB64 PACE RSA, less SB64 1st DUI (JCOM)
A21: FY2018: Total Exp AR less Unbudgeted RS (JCOM) Revenue 5200 - Statutory Designated Program ($97,432.00)
A22: FY2019: No RSAs
A23: FY2020 Core Service $837,000, Windows7 $226,689.79 (JINT)
A24: FY2020 Core Service $317,300, COVID19 $479,896.05, and COVI19 Disaster $ 1,294,630.60 (JADM)

Sheet Sched-F-G
A1: EQUIPMENT COST | D1: SCHEDULE F
A2: By Individual Institution
A3: Institutions | B3: Cost of Equipment | C3: Equipment Allowance 6.666%
A4: Anchorage Complex | B4: ='Property Inventory'!G13 -> 2084134.2 | C4: =B4*0.06666 -> 138928.38
A5: Anvil Mtn. Correctional | B5: ='Property Inventory'!G14 -> 269480.24 | C5: =B5*0.06666 -> 17963.553
A6: Hiland Mtn. Correctional | B6: ='Property Inventory'!G15 -> 554362.97 | C6: =B6*0.06666 -> 36953.836
A7: Fairbanks Correctional | B7: ='Property Inventory'!G16 -> 635268.13 | C7: =B7*0.06666 -> 42346.974
A8: Goose Creek Correctional | B8: ='Property Inventory'!G25 -> 1771656.5 | C8: =B8*0.06666 -> 118098.62
A9: Ketchikan Correctional | B9: ='Property Inventory'!G17 -> 116317.46 | C9: =B9*0.06666 -> 7753.7219
A10: Lemon Creek Correctional | B10: ='Property Inventory'!G18 -> 768315.26 | C10: =B10*0.06666 -> 51215.895
A11: Mat-Su Correctional | B11: ='Property Inventory'!G19 -> 123507.88 | C11: =B11*0.06666 -> 8233.0353
A12: Palmer Correctional | B12: ='Property Inventory'!G20 -> 1051854.4 | C12: =B12*0.06666 -> 70116.613
A13: Pt. MacKenzie Correctional Farm | B13: ='Property Inventory'!G24 -> 672331.84 | C13: =B13*0.06666 -> 44817.64
A14: Spring Creek Correctional | B14: ='Property Inventory'!G21 -> 2111954.1 | C14: =B14*0.06666 -> 140782.86
A15: Wildwood Correctional | B15: ='Property Inventory'!G22 -> 1148590 | C15: =B15*0.06666 -> 76565.009
A16: Yukon Kuskokwim Correctional | B16: ='Property Inventory'!G23 -> 190519.92 | C16: =B16*0.06666 -> 12700.058
A18: Total Equipment Cost | B18: =SUM(B4:B17) -> 11498293 | C18: =SUM(C4:C17) -> 766476.21
A22: BUILDING DEPRECIATION | D22: SCHEDULE G
A23: By Individual Institution (Based on FY2020 Actuals)
A24: Institutions | B24: All Buildings Construction Cost | C24: Additional Construction Cost | D24: Annual Depreciation @ 2%
A25: Anchorage Complex | B25: 36522437 | C25: 0 | D25: =B25*0.02 -> 730448.74
A26: Anvil Mt. CC | B26: 16192923 | C26: 0 | D26: =B26*0.02 -> 323858.46
A27: Comb Hiland Mt.CC | B27: 45066600 | C27: 0 | D27: =B27*0.02 -> 901332
A28: Fairbanks CC | B28: 34112840 | C28: 0 | D28: =B28*0.02 -> 682256.8
A29: Goose Creek CC | B29: 78705708 | C29: 0 | D29: =B29*0.02 -> 1574114.2
A30: Ketchikan CC | B30: 7691306 | C30: 0 | D30: =B30*0.02 -> 153826.12
A31: Lemon Creek CC | B31: 28845762 | C31: 0 | D31: =B31*0.02 -> 576915.24
A32: Mat-Su Pre-Trial | B32: 10392719 | C32: 0 | D32: =B32*0.02 -> 207854.38
A33: Palmer CC | B33: =41211974*1 -> 41211974 | C33: 0 | D33: =B33*0.02 -> 824239.48
A34: Pt. MacKenzie Correctional Farm | B34: 12269054 | C34: 0 | D34: =B34*0.02 -> 245381.08
A35: Spring Creek CC | B35: 78360986 | C35: 0 | D35: =B35*0.02 -> 1567219.7
A36: Wildwood CC | B36: 51709708 | C36: 0 | D36: =B36*0.02 -> 1034194.2
A37: Yukon Kuskokwim | B37: 12275277 | C37: 0 | D37: =B37*0.02 -> 245505.54
A39: Total Building Depreciation | B39: =SUM(B25:B38) -> 453357294 | C39: =SUM(C25:C38) -> 0 | D39: =SUM(D25:D38) -> 9067145.9
A41: Total Equipment Cost & Building Depreciation | B41: (Schedule F + Schedule G) | D41: =C18+D39 -> 9833622.1
A43: Revised 11/09/20 lj
A46: Notes:
A47: * FY18 / FY19 PCC Removed - as PCC Closed $ 41,211,974
A48: *FY20 PCC Included

Sheet Property Inventory
A1: PROPERTY INVENTORY
A2: Division | B2: Division/Institution | C2: IRIS Unit | D2: Total as of 6/30/20 | E2: Aquired in FY2020 | F2: FY2020 Vehicle Inventory Total | G2: Grand Total
A3: 3 | B3: Commissioner's Office Jnu/Anch | C3: 1000 | D3: 67038.48 | F3: 9605 | G3: =SUM(D3:F3) -> 76643.48
B4: Administration & Support | C4: 1001 | D4: 0 | G4: =SUM(D4:F4) -> 0
B5: Administrative Services | C5: 1100 | D5: 1271582.6 | G5: =SUM(D5:F5) -> 1271582.6
A6: 1 | B6: Juneau Admin Office / Anchorage | C6: 1100 | D6: 0 | F6: 8738 | G6: =SUM(D6:F6) -> 8738
B7: Research & Records | C7: 1200 | D7: 497947.18 | F7: 806 | G7: =SUM(D7:F7) -> 498753.18
B8: Information Technology | C8: 1300 | D8: 198836.63 | G8: =SUM(D8:F8) -> 198836.63
B9: Human Resources | C9: 1400 | D9: 3044.6 | G9: =SUM(D9:F9) -> 3044.6
B10: Procurement | C10: 1500 | D10: 5775.64 | G10: =SUM(D10:F10) -> 5775.64
B11: Recidivism Reduction Grants | C11: 1700 | D11: 1035.12 | F11: 0 | G11: =SUM(D11:F11) -> 1035.12
B12: Institution Director's Office (IDO) | C12: 2000 | D12: 21124.77 | F12: 9211 | G12: =SUM(D12:F12) -> 30335.77
A13: 8/9 | B13: Anchorage Complex | C13: 2100 | D13: 2024960.2 | F13: 59174 | G13: =SUM(D13:F13) -> 2084134.2
A14: 15 | B14: Anvil Mtn. Correctional | C14: 2101 | D14: 226049.24 | F14: 43431 | G14: =SUM(D14:F14) -> 269480.24
A15: 11 | B15: Hiland Mtn. Correctional | C15: 2102 | D15: 465307.97 | F15: 89055 | G15: =SUM(D15:F15) -> 554362.97
A16: 14 | B16: Fairbanks Correctional | C16: 2103 | D16: 596524.13 | F16: 38744 | G16: =SUM(D16:F16) -> 635268.13
A17: 5 | B17: Ketchikan Correctional | C17: 2104 | D17: 98835.46 | F17: 17482 | G17: =SUM(D17:F17) -> 116317.46
A18: 6 | B18: Lemon Creek Correctional | C18: 2105 | D18: 727279.26 | F18: 41036 | G18: =SUM(D18:F18) -> 768315.26
A19: 10 | B19: Mat-Su Correctional | C19: 2106 | D19: 102609.88 | F19: 20898 | G19: =SUM(D19:F19) -> 123507.88
A20: 13 | B20: Palmer Correctional | C20: 2107 | D20: 956248.38 | F20: 95606 | G20: =SUM(D20:F20) -> 1051854.4
A21: 16 | B21: Spring Creek Correctional | C21: 2108 | D21: 1886484.1 | F21: 225470 | G21: =SUM(D21:F21) -> 2111954.1
A22: 30 | B22: Wildwood Correctional | C22: 2109 | D22: 983561 | F22: 165029 | G22: =SUM(D22:F22) -> 1148590
A23: 18 | B23: Yukon Kuskokwim Correctional | C23: 2110 | D23: 159033.92 | F23: 31486 | G23: =SUM(D23:F23) -> 190519.92
A24: 31 | B24: Pt. Mackenzie Correctional | C24: 2111 | D24: 541369.84 | F24: 130962 | G24: =SUM(D24:F24) -> 672331.84
A25: 39 | B25: Goose Creek Correctional | C25: 2112 | D25: 1432728.5 | F25: 338928 | G25: =SUM(D25:F25) -> 1771656.5
B26: Classification & Furlough | C26: 2200 | D26: 1418.14 | F26: 7745 | G26: =SUM(D26:F26) -> 9163.14
A27: 7 | B27: Inmate Transportation | C27: 2210 | D27: 33357.54 | F27: 80759 | G27: =SUM(D27:F27) -> 114116.54
A28: 37 | B28: Out of State | C28: 2220 | D28: 31189 | G28: =SUM(D28:F28) -> 31189
B29: Prison System Expansion | C29: 2230 | D29: 5450 | G29: =SUM(D29:F29) -> 5450
B30: Facility Cap Imp Unit | C30: 2250 | D30: 66251.49 | F30: 4615 | G30: =SUM(D30:F30) -> 70866.49
A31: 4 | B31: Training Academy | C31: 2260 | D31: 256466.97 | F31: 12547 | G31: =SUM(D31:F31) -> 269013.97
B32: Education Programs | C32: 2300 | D32: 13381.04 | F32: 2812 | G32: =SUM(D32:F32) -> 16193.04
B33: Institution Education Programs | C33: 2310 | D33: 10072.48 | F33: 308 | G33: =SUM(D33:F33) -> 10380.48
B34: Vocation Education Programs | C34: 2355 | D34: 3021.16 | F34: 0 | G34: =SUM(D34:F34) -> 3021.16
B35: Probation & Parole Director Office | C35: 2400 | D35: 14990.33 | F35: 3195 | G35: =SUM(D35:F35) -> 18185.33
B36: Electronic Monitoring | C36: 2410 | D36: =3853.5+0 -> 3853.5 | F36: 17762 | G36: =SUM(D36:F36) -> 21615.5
B37: Probation Region ONE | C37: 2420 | D37: 12293.59 | G37: =SUM(D37:F37) -> 12293.59
A38: 19A | B38: Anchorage Probation | C38: 2421 | D38: 451490.62 | F38: 37588 | G38: =SUM(D38:F38) -> 489078.62
A39: 19C | B39: Kenai Probation | C39: 2422 | D39: 34749 | F39: 11392 | G39: =SUM(D39:F39) -> 46141
A40: 19B | B40: Kodiak Probation | C40: 2423 | D40: 7835.18 | G40: =SUM(D40:F40) -> 7835.18
A41: 19D | B41: Palmer Probation | C41: 2424 | D41: 66032 | F41: 22817 | G41: =SUM(D41:F41) -> 88849
A42: 19E | B42: Dillingham Probation | C42: 2425 | D42: 29926 | F42: 3642 | G42: =SUM(D42:F42) -> 33568
A43: 21B | B43: Bethel Probation | C43: 2426 | D43: 38553 | F43: 9385 | G43: =SUM(D43:F43) -> 47938
B44: Probation Region TWO | C44: 2440 | D44: 31386.75 | G44: =SUM(D44:F44) -> 31386.75
A45: 21A | B45: Fairbanks Probation | C45: 2441 | D45: 67547.71 | F45: 13611 | G45: =SUM(D45:F45) -> 81158.71
A46: 21C | B46: Nome Probation | C46: 2442 | D46: 15056 | F46: 6067 | G46: =SUM(D46:F46) -> 21123
A47: 21D | B47: Barrow Probation | C47: 2443 | D47: 26510 | F47: 2938 | G47: =SUM(D47:F47) -> 29448
A48: 21E | B48: Kotzebue Probation | C48: 2444 | D48: 10795 | F48: 2778 | G48: =SUM(D48:F48) -> 13573
A49: 20A | B49: Juneau Probation | C49: 2445 | D49: 87869.54 | F49: 2571 | G49: =SUM(D49:F49) -> 90440.54
A50: 20B | B50: Ketchikan Probation | C50: 2446 | D50: 22700.14 | F50: 2488 | G50: =SUM(D50:F50) -> 25188.14
A51: 20C | B51: Sitka Probation | C51: 2447 | D51: 37445.92 | F51: 2377 | G51: =SUM(D51:F51) -> 39822.92
B52: Probation Presentence Unit | C52: 2500 | D52: 0 | G52: =SUM(D52:F52) -> 0
B53: Pre-Trial Services | C53: 2800 | D53: 89532.43 | F53: 121929 | G53: =SUM(D53:F53) -> 211461.43
A54: 28A | B54: Parole Board | C54: 3000 | D54: 31181.4 | F54: 4520 | G54: =SUM(D54:F54) -> 35701.4
B55: Behavioral Health Care | C55: 4000 | D55: 13894.73 | G55: =SUM(D55:F55) -> 13894.73
B56: Health & Rehabilitation Services | C56: 4001 | D56: 104120.15 | G56: =SUM(D56:F56) -> 104120.15
B57: Physical Health Care | C57: 4100 | D57: 74201.96 | G57: =SUM(D57:F57) -> 74201.96
B58: Health & Rehabilitation DO | C58: 4200 | D58: 685.42 | F58: 0 | G58: =SUM(D58:F58) -> 685.42
B59: Substance Abuse Programs | C59: 4300 | D59: 2821.17 | E59: 0 | F59: 0 | G59: =SUM(D59:F59) -> 2821.17
B60: Sex Offender Managemnet Pr | C60: 4400 | D60: 8344.02 | G60: =SUM(D60:F60) -> 8344.02
A61: UUU | B61: UUU (Unidentified)/IRIS CONV | C61: CONV | D61: 0 | F61: 0 | G61: =SUM(D61:F61) -> 0
B62: Garment Shop HMCC | G62: =SUM(D62:F62) -> 0
B63: Goose Creek Furniture GCCC | E63: 0 | F63: 7178 | G63: =SUM(D63:F63) -> 7178
A64: 36B | B64: Laundry - Lemon Creek | F64: 13516 | G64: =SUM(D64:F64) -> 13516
B65: Major Med/Guard Hire | F65: 3588 | G65: =SUM(D65:F65) -> 3588
A66: TOTAL | D66: =SUM(D3:D65) -> 13971800 | E66: =SUM(E3:E65) -> 0 | F66: =SUM(F3:F65) -> 1723789 | G66: =SUM(G3:G65) -> 15695589
D68: 13971800 | F68: 1723789
D69: =D66-D68 -> 0 | F69: =F66-F68 -> 0
A70: Updated: 9/23/20 lj

Sheet CostReim
A1: Budgeted Revenue Interagency Receipts (I/A)
A2: Division/Institution | B2: Appr Group | C2: ApprType | D2: Total Reimbursement | E2: Outstanding Balance of RSA | F2: Total | G2: Revenue Code
A3: Commissioner's Office | D3: 0 | F3: =SUM(D3:E3) -> 0 | G3: 5200 | H3: Statutory Designated CRJ
A4: Parole Board | D4: 0 | F4: =SUM(D4:E4) -> 0
A5: Correctional Academy | D5: 0 | F5: =SUM(D5:E5) -> 0
A6: Administrative Services | D6: 2091826.6 | F6: =SUM(D6:E6) -> 2091826.6 | G6: 5301 | H6: (3) Unbudgeted RS FY20
A7: Information Tech MIS | C7: JINT | D7: 1063689.8 | F7: =SUM(D7:E7) -> 1063689.8 | G7: 5301 | H7: (2) Unbudgeted RS FY20
A8: Probation & Parole Director Office | B8: JPPD | D8: 15000 | F8: =SUM(D8:E8) -> 15000 | G8: 5014 | H8: Federal Receipts
A9: Facility-Capital Improvement | D9: =-'Sched-D2'!E30 -> 93115.19 | F9: =SUM(D9:E9) -> 93115.19 | H9: FY20 Multiple Unbudgeted RS
A10: Health & Rehabilitation Services | B10: JHRS | C10: JHDO | D10: =-'Sched-D2'!E48 -> 3200000 | F10: =SUM(D10:E10) -> 3200000 | G10: 5014 | H10: FY20 Core Service Unbudgeted RS
A11: Health & Rehabilitation Services | B11: JHRS | C11: JSAP | D11: =-'Sched-D2'!E45 -> 135770 | F11: =SUM(D11:E11) -> 135770 | G11: 5014
A12: Health & Rehabilitation Services | B12: JHRS | C12: JSAP | D12: =-'Sched-D2'!E47 -> 106428.69 | F12: =SUM(D12:E12) -> 106428.69 | G12: 5301
A13: Health & Rehabilitation Services | B13: JHRS | C13: JBHC | D13: =-'Sched-D2'!E46 -> 52400 | F13: =SUM(D13:E13) -> 52400 | G13: 5007
A14: Offender Habilitation Programs | B14: JOHP | C14: JEDP/JVEP | D14: =-'Sched-D2'!E64-'Sched-D2'!E65-'Sched-D2'!E66-'Sched-D2'!E63 -> 42916 | F14: =SUM(D14:E14) -> 42916 | G14: 5301 | H14: (3 budgeted RSA's) + Unbudgeted Step
A15: Correctional Academy | D15: 0 | F15: =SUM(D15:E15) -> 0
A16: Institution Director's Office | D16: 0 | F16: =SUM(D16:E16) -> 0
A17: Transportation Unit | B17: JPOP | C17: JTRN | D17: =-'Sched-D2'!E102 -> 140000 | F17: =SUM(D17:E17) -> 140000 | G17: 5301
A18: Out of State | D18: 0 | F18: =SUM(D18:E18) -> 0
A19: Anchorage Complex
A20: Anvil Mtn. Correctional | B20: JPOP | C20: JAMC | D20: =-'Sched-D1'!D47 -> 10447.84 | F20: =SUM(D20:E20) -> 10447.84 | G20: 5301 | H20: (2) RS Meals / Maint
A21: Hiland Mtn. Correctional | D21: 0 | F21: =SUM(D21:E21) -> 0
A22: Fairbanks Correctional | D22: 0 | F22: =SUM(D22:E22) -> 0
A23: Goose Creek Correctional | B23: JPOP | C23: JGCC | D23: =-'Sched-D1'!D193 -> 0 | F23: =SUM(D23:E23) -> 0 | H23: Unbudgeted
A24: Ketchikan Correctional | D24: 0 | F24: =SUM(D24:E24) -> 0
A25: Lemon Creek Correctional | B25: JPOP | C25: JLCC | D25: =-'Sched-D1'!D300-'Sched-D1'!D299 -> 285603.51 | F25: =SUM(D25:E25) -> 285603.51 | G25: 5301 | H25: (2 budgeted RSA's)
A26: Mat-Su Correctional | D26: 0 | F26: =SUM(D26:E26) -> 0
A27: Palmer Correctional | D27: 0 | F27: =SUM(D27:E27) -> 0
A28: Spring Creek Correctional | D28: 0 | F28: =SUM(D28:E28) -> 0
A29: Wildwood Correctional | D29: ='Sched-D1'!H504 -> 23194.9 | F29: =SUM(D29:E29) -> 23194.9 | H29: (1) FY20 Unbudgeted RS
A30: Yukon Kuskokwim Correctional | B30: JPOP | C30: JYKC | D30: =-'Sched-D1'!D559 -> 80358.99 | F30: =SUM(D30:E30) -> 80358.99 | G30: 5301
A31: Out-of-State Contractual | D31: 0 | F31: =SUM(D31:E31) -> 0
A32: Point Mackenzie Correctional | D32: 0 | F32: =SUM(D32:E32) -> 0
A33: Totals | D33: =SUM(D3:D32) -> 7340751.6 | E33: =SUM(E3:E32) -> 0 | F33: =SUM(F3:F32) -> 7340751.6 | I33: =D25+D20+D30 -> 376410.34 | J33: budgeted only
A35: Revised: 9/23/20 lj

Sheet COST ALLOCATION
A1: COST ALLOCATION
A2: COMPONENT | E2: Appr Type | F2: TOTAL COSTS | H2: % OF TOTAL | I2: ADMIN & SUPPORT | J2: TOTAL ALL COSTS
A3: INDIRECT COST | I3: TOTAL
B4: Administration & Support RDU | E4: JADS/JINT | F4: =-CostReim!D6-CostReim!D7 -> -3155516.4 | I4: ='Sched-E'!C3 -> 15781783 | K4: Less: Unbudgeted RS in FY2020 (Covid19)
A5: DIRECT COST | I5: % by entity
H6: =G7/$G$41 -> 0.84192242 | I6: =SUM($I$4*H6) -> 13287037
B7: INSTITUTIONS | G7: =SUM(F4:F33) -> 2.8032819e+08 | J7: =SUM(I6+G7) -> 2.9361522e+08
C8: 13 Institutions | F8: ='Sched-B1'!E17+'Sched-D1'!F661+'Sched-D2'!F141+CostReim!D20+CostReim!D25+CostReim!D30 -> 1.9885109e+08
C9: Less: (2) Laundry & Meals RS | E9: JLCC | F9: =-CostReim!D25 -> -285603.51
C10: Less: DNR/MMM&S RSA (Closed) | E10: JPCC
C11: Less: WCC Meals RS (Unbudgeted) | E11: JWCC | F11: =-CostReim!D29 -> -23194.9
C12: Less: GCCC Security DPS RS (Unbudgeted) | E12: JGCCC
C13: Less: (2) Meals + (1) AMCC Maint | E13: JAMC /JYKC | F13: =-CostReim!D20-CostReim!D30 -> -90806.83
C14: Facility Planning - Capital Improvement Program | E14: JCIM | F14: ='Sched-D2'!F31+'Sched-D2'!H30 -> 1171938
C15: Less: RS (Unbudgeted) | F15: =-CostReim!D9 -> -93115.19
B16: Health & Rehabilitation Services RDU | E16: JHRS | F16: ='Sched-D2'!F49+'Sched-D2'!H48 -> 69776362
C17: Less: RS (Unbudgeted RS) | E17: JHDO | F17: =-CostReim!D10 -> -3200000
C18: Less: FED Public Protection Grants | E18: JSAP | F18: =-CostReim!D11 -> -135770
C19: Less: Alcohol Tax RSA (SCCC Men's Sub-Acute & Juvenile Offender Pgm) | E19: JBHC | F19: =-CostReim!D13 -> -52400
C20: Less: (2) RSAT & Vivitrol RS | E20: JSAP | F20: =-CostReim!D12 -> -106428.69
B21: Offender Habilitation Programs RDU | E21: JOFH | F21: ='Sched-D2'!F67+'Sched-D2'!H66-'Sched-D2'!E63 -> 1337281.4 | K21: Decreased by 3 RSAs (ABE/CARL P/MOS)
C22: Less: 3 Education RSAs | E22: JEDP | F22: =-CostReim!D14 -> -42916
C23: Less: 1 Voc Ed Programs RSA's (Unbudgeted) | E23: JVEP | F23: ='Sched-D2'!E63 -> 0 | K23: Decreased by Unbud RSA's (No Step C - FY19)
B24: Institutions Director's Office | E24: JIDO | F24: ='Sched-D2'!F77 -> 1644257.4
C25: Less: DPS PREA RSA | E25: JIDO | F25: 0
B26: Prison System Expansion | E26: JPSE | F26: ='Sched-D2'!F17 -> 0
B27: Classification & Furlough | E27: JCLF | F27: ='Sched-D2'!F89 -> 1187694
B28: Inmate Transportation Unit | E28: JTRN | F28: ='Sched-D2'!F102+'Sched-D2'!H101 -> 2884554.9 | K28: Decreased by RSA
C29: Less: DPS Transportation RSA | F29: =-CostReim!D17 -> -140000
B30: Point of Arrest | E30: JPOA | F30: ='Sched-D2'!F108 -> 531847.71
B31: Recidivism Reduction Grant | E31: JRRG | F31: ='Sched-D2'!F133+'Sched-D2'!H132 -> 801844.51
C32: JRRG MultiYear: 2nd Chance Grant | F32: -366548.94 | K32: JRRG Major Program: 20SCFG / Program: 20SCAGFED/SCFG19
B33: Equipment & Building Depreciation | F33: ='Sched-F-G'!D41 -> 9833622.1
B34: Pretrial Services Division | E34: JPTS | G34: 10116253 | H34: =G34/$G$41 -> 0.030382605 | I34: =$I$4*H34 -> 479491.67 | J34: =SUM(I34+G34) -> 10595745
B35: Regional & Community Jails | E35: JCOJ | G35: 6962125 | H35: =G35/$G$41 -> 0.020909667 | I35: =$I$4*H35 -> 329991.83 | J35: =SUM(I35+G35) -> 7292116.8
B36: Probation & Parole Director's Office | E36: JPPD | G36: =723306.69-15000 -> 708306.69 | H36: =G36/$G$41 -> 0.0021272898 | I36: =$I$4*H36 -> 33572.425 | J36: =SUM(I36+G36) -> 741879.12 | K36: JPPD Total EXP less FED Receipts
B37: State-wide Probation & Parole | E37: JSPP | G37: 15835725 | H37: =G37/$G$41 -> 0.047560154 | I37: =$I$4*H37 -> 750584.03 | J37: =SUM(I37+G37) -> 16586309
B38: Out of State Contractual | E38: JOOS | G38: 257000 | H38: =G38/$G$41 -> 0.00077185982 | I38: =$I$4*H38 -> 12181.324 | J38: =SUM(I38+G38) -> 269181.32
B39: Electronic Monitoring | E39: JELM | G39: 2355227.2 | H39: =G39/$G$41 -> 0.0070735611 | I39: =$I$4*H39 -> 111633.41 | J39: =SUM(I39+G39) -> 2466860.6
B40: Community Residential Centers | E40: JCRC | G40: 16399191 | H40: =G40/$G$41 -> 0.049252438 | I40: =$I$4*H40 -> 777291.29 | J40: =SUM(I40+G40) -> 17176482
A41: TOTAL: | G41: =SUM(G3:G40) -> 3.3296202e+08 | H41: =SUM(H3:H40) -> 1 | I41: =SUM(I6:I40) -> 15781783 | J41: =SUM(J7:J40) -> 3.487438e+08
C42: Reconciliation to Actuals
C43: DOC Total Cost: ( By Appr Type Alder Report ) | F43: =346250927.94+366548.94 -> 3.4661748e+08 | K43: Alder Grand Total DOC + MultiYear ARU/2nd Chance Grant JRRG $ 366,548.94 (FED)
C44: Add: Depreciation Calculation | F44: =F33 -> 9833622.1
D45: Facilities Maintenance | E45: JFAC | F45: 0 | K45: FY2020 100% Restricted
C46: Subtract: | D46: Unbudgeted RS (3) | E46: JADS | F46: -2091826.6 | K46: FY2020 Unbudgeted RS
D47: Unbudgeted RS (2) | E47: JINT | F47: -1063689.8 | K47: FY2020 Unbudgeted RS
D48: Less: RS (Unbudgeted) | E48: JCIP | F48: =F15 -> -93115.19
D49: Budgeted DPS Transport RSA | E49: JTRN | F49: =F29 -> -140000
D50: Youth Meals & Maint (3) Budgeted RS | E50: =E13 -> JAMC /JYKC | F50: =F13 -> -90806.83
D51: Budgeted DOT/Laundry & Meals RS | E51: JLCC | F51: =F9 -> -285603.51
D52: Unbudgeted WCC Meals RSA | E52: JWCC | F52: =F11 -> -23194.9
D53: Budgeted MMM&S/PCC | E53: JPCC | F53: =F10 -> 0
D54: Unbudgeted DPS/GCCC Security | E54: JGCCC | F54: =F12 -> 0
D55: Unbudgeted RS | E55: JHDO | F55: =F17 -> -3200000 | K55: FY2020 Unbudgeted RS
D56: Federal Receipts - Grants | E56: JPPD | F56: =-CostReim!D8 -> -15000 | K56: FY2020 FED Receipts - Grants $15,000
D57: Unbudgeted Step C / Step H RSAs | E57: JVEP | F57: 0 | K57: FY2020 No Unbudgeted RSA
D58: FED Receipts GRANTS | E58: JSAP | F58: =F18 -> -135770
D59: Health & Rehab Svcs: SCCC Men's RSA | E59: JBHC | F59: =F19 -> -52400
D60: Health & Rehab Svcs: RSAT & Vivitrol R | E60: JSAP | F60: =F20 -> -106428.69
D61: Budg /Un-budg - Offender Programs (3) RSAs | E61: JEDP | F61: =F22 -> -42916
D62: Adjusted/PCC Due to Closure | E62: JPCC | F62: 0
D63: Adjusted/SCCC BOA Leasing | E63: JSCC | F63: =-'Sched-D1'!H500 -> 0
D64: Adjusted/ 2nd Chance Grant | F64: =F32 -> -366548.94 | K64: FY2020 Included
A65: TOTAL: | F65: =SUM(F43:F64) -> 3.487438e+08
F67: =F65-J41 -> 0 | G67: ck
A68: Revised: 11/24/20 lj

Sheet BILLING RATE CALC
A1: BILLING RATE CALCULATION
A2: ANNUAL TOTAL MANDAYS | E2: ='Qtrly''s-Cntsht Book'!Y19 -> 1664142.8
A3: COMPONENT | C3: TOTAL EXPENSES | E3: LESS REIMB | F3: ADJUSTED COSTS | G3: BILLING RATE
A4: INSTITUTIONS | D4: =SUM(C5:C7) -> 1.9885109e+08 | F4: =SUM(D4+E6+E7) -> 1.9845148e+08 | G4: =F4/$E$2 -> 119.25147
B5: Institutions | C5: ='COST ALLOCATION'!F8 -> 1.9885109e+08
B6: Less: DHSS & DOT RSAs | E6: ='COST ALLOCATION'!F13+'COST ALLOCATION'!F9 -> -376410.34
B7: Less: WCC Meals RS (Unbudgeted) | E7: ='COST ALLOCATION'!F11 -> -23194.9
A8: OFFENDER HABILITATION PROGRAMS | C8: ='COST ALLOCATION'!F21 -> 1337281.4 | D8: =SUM(C8:C8) -> 1337281.4 | F8: =SUM(D8,E9) -> 1294365.4 | G8: =F8/$E$2 -> 0.77779708
B9: Less: Education (3) RSAs , JVEP (unbudgeted) | E9: ='COST ALLOCATION'!F22+'COST ALLOCATION'!F23 -> -42916
A10: HEALTH & REHABILITATION SERVICES | C10: =D10 -> 69776362 | D10: ='COST ALLOCATION'!F16 -> 69776362 | E10: ='COST ALLOCATION'!F17+'COST ALLOCATION'!F18+'COST ALLOCATION'!F19+'COST ALLOCATION'!F20 -> -3494598.7 | F10: =SUM(D10:E10) -> 66281763 | G10: =F10/$E$2 -> 39.829372
A11: ADMIN & SUPPORT | D11: =SUM(C12) -> 13287037 | E11: ='COST ALLOCATION'!F4 -> -3155516.4 | F11: =SUM(D11:E11) -> 10131520 | G11: =F11/$E$2 -> 6.0881315
B12: % for Institution Operations | C12: ='COST ALLOCATION'!I6 -> 13287037
A13: STATEWIDE DIRECT COSTS | D13: =SUM(C15:C22) -> 17253914 | F13: =D13+SUM(E13:E21) -> 16471523 | G13: =F13/$E$2 -> 9.897902
B14: SCAAPGrant JADS-IDO/2nd Chance JRRG | E14: =-107717.4-60010-366548.94 -> -534276.34
B15: Institutions Director's Office | C15: ='COST ALLOCATION'!F24 -> 1644257.4
B16: P&PDO FED Receipts | E16: ='COST ALLOCATION'!F56 -> -15000
B17: Equipment & Bldg. Depreciation | C17: ='COST ALLOCATION'!F33 -> 9833622.1
B18: Facility Planning - CIP | C18: ='COST ALLOCATION'!F14 -> 1171938 | E18: ='COST ALLOCATION'!F15 -> -93115.19
B19: Classification & Furlough | C19: ='COST ALLOCATION'!F27 -> 1187694
B20: Transportation | C20: ='COST ALLOCATION'!F28 -> 2884554.9 | E20: ='COST ALLOCATION'!F29 -> -140000
B21: Point of Arrest | C21: ='COST ALLOCATION'!F30 -> 531847.71
A23: BILLING RATE | D23: =SUM(D4:D18) -> 3.0050568e+08 | E23: =SUM(E4:E22) -> -7875027.9 | F23: =SUM(F4:F21) -> 2.9263065e+08 | G23: =SUM(G4:G21) -> 175.84467
A24: INDIVIDUAL INSTITUTION RATES
A25: Institutions | C25: Total Cost | D25: Mandays | E25: Inst. Cost | F25: Inmate Programs | G25: Inmate Health Care | H25: Div.of Admin.& Support Cost | I25: Statewide Direct Cost | J25: TOTAL
A26: Anchorage Complex | C26: ='Sched-B1'!E4+'Sched-D1'!F44 -> 38871082 | D26: ='Inmate Avg Daily Population'!O4 -> 320939.3 | E26: =C26/D26 -> 121.11662 | F26: =$G$8 -> 0.77779708 | G26: =$G$10 -> 39.829372 | H26: =$G$11 -> 6.0881315 | I26: =$G$13 -> 9.897902 | J26: =SUM(E26:I26) -> 177.70982
A27: Anvil Mtn. Correctional | C27: ='Sched-B1'!E5+'Sched-D1'!F89 -> 7218523.9 | D27: ='Inmate Avg Daily Population'!O5 -> 45258.95 | E27: =C27/D27 -> 159.49384 | F27: =$G$8 -> 0.77779708 | G27: =$G$10 -> 39.829372 | H27: =$G$11 -> 6.0881315 | I27: =$G$13 -> 9.897902 | J27: =SUM(E27:I27) -> 216.08705
A28: Fairbanks Correctional | C28: ='Sched-B1'!E7+'Sched-D1'!F190 -> 14468136 | D28: ='Inmate Avg Daily Population'!O6 -> 100363.3 | E28: =C28/D28 -> 144.15764 | F28: =$G$8 -> 0.77779708 | G28: =$G$10 -> 39.829372 | H28: =$G$11 -> 6.0881315 | I28: =$G$13 -> 9.897902 | J28: =SUM(E28:I28) -> 200.75084
A29: Goose Creek Correctional | C29: ='Sched-B1'!E8+'Sched-D1'!F242 -> 44271288 | D29: ='Inmate Avg Daily Population'!O7 -> 493754.13 | E29: =C29/D29 -> 89.662618 | F29: =$G$8 -> 0.77779708 | G29: =$G$10 -> 39.829372 | H29: =$G$11 -> 6.0881315 | I29: =$G$13 -> 9.897902 | J29: =SUM(E29:I29) -> 146.25582
A30: Hiland Mtn. Correctional | C30: ='Sched-B1'!E6+'Sched-D1'!F138 -> 15148564 | D30: ='Inmate Avg Daily Population'!O8 -> 109922 | E30: =C30/D30 -> 137.81194 | F30: =$G$8 -> 0.77779708 | G30: =$G$10 -> 39.829372 | H30: =$G$11 -> 6.0881315 | I30: =$G$13 -> 9.897902 | J30: =SUM(E30:I30) -> 194.40514
A31: Ketchikan Correctional | C31: ='Sched-B1'!E9+'Sched-D1'!F296 -> 4955083.7 | D31: ='Inmate Avg Daily Population'!O9 -> 21325.6 | E31: =C31/D31 -> 232.35377 | F31: =$G$8 -> 0.77779708 | G31: =$G$10 -> 39.829372 | H31: =$G$11 -> 6.0881315 | I31: =$G$13 -> 9.897902 | J31: =SUM(E31:I31) -> 288.94698
A32: Lemon Creek Correctional | C32: ='Sched-B1'!E10+'Sched-D1'!F345 -> 11077541 | D32: ='Inmate Avg Daily Population'!O10 -> 85393.9 | E32: =C32/D32 -> 129.72286 | F32: =$G$8 -> 0.77779708 | G32: =$G$10 -> 39.829372 | H32: =$G$11 -> 6.0881315 | I32: =$G$13 -> 9.897902 | J32: =SUM(E32:I32) -> 186.31606
A33: Mat-Su Correctional | C33: ='Sched-B1'!E11+'Sched-D1'!F398 -> 6632456.6 | D33: ='Inmate Avg Daily Population'!O11 -> 33095.55 | E33: =C33/D33 -> 200.40327 | F33: =$G$8 -> 0.77779708 | G33: =$G$10 -> 39.829372 | H33: =$G$11 -> 6.0881315 | I33: =$G$13 -> 9.897902 | J33: =SUM(E33:I33) -> 256.99648
A34: Palmer Correctional | C34: ='Sched-B1'!E12+'Sched-D1'!F447 -> 1216570.7 | D34: ='Inmate Avg Daily Population'!O12 -> 0 | E34: 0 | F34: =$G$8*0 -> 0 | G34: =$G$10*0 -> 0 | H34: =$G$11*0 -> 0 | I34: =$G$13*0 -> 0 | J34: =SUM(E34:I34) -> 0
A35: Pt. MacKenzie Correctional Farm | C35: ='Sched-B1'!E16+'Sched-D1'!F660 -> 4614006.4 | D35: ='Inmate Avg Daily Population'!O13 -> 29060.4 | E35: =C35/D35 -> 158.77298 | F35: =$G$8 -> 0.77779708 | G35: =$G$10 -> 39.829372 | H35: =$G$11 -> 6.0881315 | I35: =$G$13 -> 9.897902 | J35: =SUM(E35:I35) -> 215.36619
A36: Spring Creek Correctional | C36: ='Sched-B1'!E13+'Sched-D1'!F501 -> 23990565 | D36: ='Inmate Avg Daily Population'!O14 -> 188413.75 | E36: =C36/D36 -> 127.32916 | F36: =$G$8 -> 0.77779708 | G36: =$G$10 -> 39.829372 | H36: =$G$11 -> 6.0881315 | I36: =$G$13 -> 9.897902 | J36: =SUM(E36:I36) -> 183.92237
A37: Wildwood Correctional | C37: ='Sched-B1'!E14+'Sched-D1'!F556 -> 15931896 | D37: ='Inmate Avg Daily Population'!O15 -> 162064.8 | E37: =C37/D37 -> 98.305712 | F37: =$G$8 -> 0.77779708 | G37: =$G$10 -> 39.829372 | H37: =$G$11 -> 6.0881315 | I37: =$G$13 -> 9.897902 | J37: =SUM(E37:I37) -> 154.89891
A38: Yukon Kuskokwim Correctional | C38: ='Sched-B1'!E15+'Sched-D1'!F606 -> 10035750 | D38: ='Inmate Avg Daily Population'!O16 -> 74551.15 | E38: =C38/D38 -> 134.61563 | F38: =$G$8 -> 0.77779708 | G38: =$G$10 -> 39.829372 | H38: =$G$11 -> 6.0881315 | I38: =$G$13 -> 9.897902 | J38: =SUM(E38:I38) -> 191.20883
A39: Totals | C39: =SUM(C26:C38) -> 1.9843146e+08 | D39: =SUM(D26:D38) -> 1664142.8 | E39: =G4 -> 119.25147 | F39: =G8 -> 0.77779708 | G39: =G10 -> 39.829372 | H39: =G11 -> 6.0881315 | I39: =G13 -> 9.897902 | J39: =SUM(E39:I39) -> 175.84467
A43: Revised: 11/24/20 lj

Sheet Inmate Avg Daily Population
A1: ANNUAL TOTAL MANDAYS
B2: AVERAGE DAILY INMATE POPULATION | N2: ANNUAL AVERAGE DAILY POPULATION | O2: ANNUAL TOTAL MANDAYS
A3: Institutions | B3: 43655 | C3: 43686 | D3: 43717 | E3: 43747 | F3: 43778 | G3: 43808 | H3: 43839 | I3: 43870 | J3: 43899 | K3: 43930 | L3: 43960 | M3: 43991
A4: Anchorage Complex | B4: ='Qtrly''s-Cntsht Book'!D5 -> 843 | C4: ='Qtrly''s-Cntsht Book'!E5 -> 863.3 | D4: ='Qtrly''s-Cntsht Book'!F5 -> 898.8 | E4: ='Qtrly''s-Cntsht Book'!I5 -> 907.5 | F4: ='Qtrly''s-Cntsht Book'!J5 -> 921.6 | G4: ='Qtrly''s-Cntsht Book'!K5 -> 878.2 | H4: ='Qtrly''s-Cntsht Book'!N5 -> 873.7 | I4: ='Qtrly''s-Cntsht Book'!O5 -> 891 | J4: ='Qtrly''s-Cntsht Book'!P5 -> 879.8 | K4: ='Qtrly''s-Cntsht Book'!S5 -> 815 | L4: ='Qtrly''s-Cntsht Book'!T5 -> 842.3 | M4: ='Qtrly''s-Cntsht Book'!U5 -> 908.4 | N4: =SUM(B4:M4)/12 -> 876.88333 | O4: =N4*366 -> 320939.3
A5: Anvil Mountain CC | B5: ='Qtrly''s-Cntsht Book'!D6 -> 132.2 | C5: ='Qtrly''s-Cntsht Book'!E6 -> 135.1 | D5: ='Qtrly''s-Cntsht Book'!F6 -> 136.7 | E5: ='Qtrly''s-Cntsht Book'!I6 -> 124.3 | F5: ='Qtrly''s-Cntsht Book'!J6 -> 120.6 | G5: ='Qtrly''s-Cntsht Book'!K6 -> 128.4 | H5: ='Qtrly''s-Cntsht Book'!N6 -> 120 | I5: ='Qtrly''s-Cntsht Book'!O6 -> 114.2 | J5: ='Qtrly''s-Cntsht Book'!P6 -> 113.5 | K5: ='Qtrly''s-Cntsht Book'!S6 -> 108.4 | L5: ='Qtrly''s-Cntsht Book'!T6 -> 120.3 | M5: ='Qtrly''s-Cntsht Book'!U6 -> 130.2 | N5: =SUM(B5:M5)/12 -> 123.65833 | O5: =N5*366 -> 45258.95
A6: Fairbanks CC | B6: ='Qtrly''s-Cntsht Book'!D7 -> 279.5 | C6: ='Qtrly''s-Cntsht Book'!E7 -> 286.3 | D6: ='Qtrly''s-Cntsht Book'!F7 -> 292.1 | E6: ='Qtrly''s-Cntsht Book'!I7 -> 269.9 | F6: ='Qtrly''s-Cntsht Book'!J7 -> 259.8 | G6: ='Qtrly''s-Cntsht Book'!K7 -> 263.3 | H6: ='Qtrly''s-Cntsht Book'!N7 -> 279.3 | I6: ='Qtrly''s-Cntsht Book'!O7 -> 288.3 | J6: ='Qtrly''s-Cntsht Book'!P7 -> 281.4 | K6: ='Qtrly''s-Cntsht Book'!S7 -> 244.6 | L6: ='Qtrly''s-Cntsht Book'!T7 -> 267.5 | M6: ='Qtrly''s-Cntsht Book'!U7 -> 278.6 | N6: =SUM(B6:M6)/12 -> 274.21667 | O6: =N6*366 -> 100363.3
A7: Goose Creek CC | B7: ='Qtrly''s-Cntsht Book'!D8 -> 1339.2 | C7: ='Qtrly''s-Cntsht Book'!E8 -> 1341.6 | D7: ='Qtrly''s-Cntsht Book'!F8 -> 1366.96 | E7: ='Qtrly''s-Cntsht Book'!I8 -> 1414.5 | F7: ='Qtrly''s-Cntsht Book'!J8 -> 1423.5 | G7: ='Qtrly''s-Cntsht Book'!K8 -> 1450.9 | H7: ='Qtrly''s-Cntsht Book'!N8 -> 1442.9 | I7: ='Qtrly''s-Cntsht Book'!O8 -> 1433.1 | J7: ='Qtrly''s-Cntsht Book'!P8 -> 1427 | K7: ='Qtrly''s-Cntsht Book'!S8 -> 1293.7 | L7: ='Qtrly''s-Cntsht Book'!T8 -> 1155.9 | M7: ='Qtrly''s-Cntsht Book'!U8 -> 1099.4 | N7: =SUM(B7:M7)/12 -> 1349.055 | O7: =N7*366 -> 493754.13
A8: Combined Hiland Mtn CC | B8: ='Qtrly''s-Cntsht Book'!D9 -> 292.6 | C8: ='Qtrly''s-Cntsht Book'!E9 -> 298.9 | D8: ='Qtrly''s-Cntsht Book'!F9 -> 325.3 | E8: ='Qtrly''s-Cntsht Book'!I9 -> 337.5 | F8: ='Qtrly''s-Cntsht Book'!J9 -> 331 | G8: ='Qtrly''s-Cntsht Book'!K9 -> 315.4 | H8: ='Qtrly''s-Cntsht Book'!N9 -> 310.6 | I8: ='Qtrly''s-Cntsht Book'!O9 -> 295.7 | J8: ='Qtrly''s-Cntsht Book'!P9 -> 322.2 | K8: ='Qtrly''s-Cntsht Book'!S9 -> 272.6 | L8: ='Qtrly''s-Cntsht Book'!T9 -> 244.3 | M8: ='Qtrly''s-Cntsht Book'!U9 -> 257.9 | N8: =SUM(B8:M8)/12 -> 300.33333 | O8: =N8*366 -> 109922
A9: Ketchikan CC | B9: ='Qtrly''s-Cntsht Book'!D10 -> 55.3 | C9: ='Qtrly''s-Cntsht Book'!E10 -> 61.6 | D9: ='Qtrly''s-Cntsht Book'!F10 -> 56 | E9: ='Qtrly''s-Cntsht Book'!I10 -> 61 | F9: ='Qtrly''s-Cntsht Book'!J10 -> 56.8 | G9: ='Qtrly''s-Cntsht Book'!K10 -> 59.9 | H9: ='Qtrly''s-Cntsht Book'!N10 -> 68.4 | I9: ='Qtrly''s-Cntsht Book'!O10 -> 68.4 | J9: ='Qtrly''s-Cntsht Book'!P10 -> 64.5 | K9: ='Qtrly''s-Cntsht Book'!S10 -> 47.2 | L9: ='Qtrly''s-Cntsht Book'!T10 -> 46.7 | M9: ='Qtrly''s-Cntsht Book'!U10 -> 53.4 | N9: =SUM(B9:M9)/12 -> 58.266667 | O9: =N9*366 -> 21325.6
A10: Lemon Creek CC | B10: ='Qtrly''s-Cntsht Book'!D11 -> 242.6 | C10: ='Qtrly''s-Cntsht Book'!E11 -> 256.8 | D10: ='Qtrly''s-Cntsht Book'!F11 -> 254.1 | E10: ='Qtrly''s-Cntsht Book'!I11 -> 226.7 | F10: ='Qtrly''s-Cntsht Book'!J11 -> 223.8 | G10: ='Qtrly''s-Cntsht Book'!K11 -> 230.9 | H10: ='Qtrly''s-Cntsht Book'!N11 -> 224.7 | I10: ='Qtrly''s-Cntsht Book'!O11 -> 250.3 | J10: ='Qtrly''s-Cntsht Book'!P11 -> 245.9 | K10: ='Qtrly''s-Cntsht Book'!S11 -> 217 | L10: ='Qtrly''s-Cntsht Book'!T11 -> 214.2 | M10: ='Qtrly''s-Cntsht Book'!U11 -> 212.8 | N10: =SUM(B10:M10)/12 -> 233.31667 | O10: =N10*366 -> 85393.9
A11: Mat-Su CC | B11: ='Qtrly''s-Cntsht Book'!D12 -> 89.7 | C11: ='Qtrly''s-Cntsht Book'!E12 -> 84.6 | D11: ='Qtrly''s-Cntsht Book'!F12 -> 87.2 | E11: ='Qtrly''s-Cntsht Book'!I12 -> 88.7 | F11: ='Qtrly''s-Cntsht Book'!J12 -> 93.4 | G11: ='Qtrly''s-Cntsht Book'!K12 -> 93.2 | H11: ='Qtrly''s-Cntsht Book'!N12 -> 91.4 | I11: ='Qtrly''s-Cntsht Book'!O12 -> 100.8 | J11: ='Qtrly''s-Cntsht Book'!P12 -> 94.1 | K11: ='Qtrly''s-Cntsht Book'!S12 -> 79.6 | L11: ='Qtrly''s-Cntsht Book'!T12 -> 89 | M11: ='Qtrly''s-Cntsht Book'!U12 -> 93.4 | N11: =SUM(B11:M11)/12 -> 90.425 | O11: =N11*366 -> 33095.55
A12: Palmer CC | B12: ='Qtrly''s-Cntsht Book'!D13 -> 0 | C12: ='Qtrly''s-Cntsht Book'!E13 -> 0 | D12: ='Qtrly''s-Cntsht Book'!F13 -> 0 | E12: ='Qtrly''s-Cntsht Book'!I13 -> 0 | F12: ='Qtrly''s-Cntsht Book'!J13 -> 0 | G12: ='Qtrly''s-Cntsht Book'!K13 -> 0 | H12: ='Qtrly''s-Cntsht Book'!N13 -> 0 | I12: ='Qtrly''s-Cntsht Book'!O13 -> 0 | J12: ='Qtrly''s-Cntsht Book'!P13 -> 0 | K12: ='Qtrly''s-Cntsht Book'!S13 -> 0 | L12: ='Qtrly''s-Cntsht Book'!T13 -> 0 | M12: ='Qtrly''s-Cntsht Book'!U13 -> 0 | N12: =SUM(B12:M12)/4 -> 0 | O12: =N12*366 -> 0
A13: Pt. MacKenzie | B13: ='Qtrly''s-Cntsht Book'!D14 -> 100 | C13: ='Qtrly''s-Cntsht Book'!E14 -> 98.9 | D13: ='Qtrly''s-Cntsht Book'!F14 -> 89.8 | E13: ='Qtrly''s-Cntsht Book'!I14 -> 87.5 | F13: ='Qtrly''s-Cntsht Book'!J14 -> 80.4 | G13: ='Qtrly''s-Cntsht Book'!K14 -> 73.5 | H13: ='Qtrly''s-Cntsht Book'!N14 -> 74.9 | I13: ='Qtrly''s-Cntsht Book'!O14 -> 68.1 | J13: ='Qtrly''s-Cntsht Book'!P14 -> 75.8 | K13: ='Qtrly''s-Cntsht Book'!S14 -> 76.1 | L13: ='Qtrly''s-Cntsht Book'!T14 -> 64.9 | M13: ='Qtrly''s-Cntsht Book'!U14 -> 62.9 | N13: =SUM(B13:M13)/12 -> 79.4 | O13: =N13*366 -> 29060.4
A14: Spring Creek CC | B14: ='Qtrly''s-Cntsht Book'!D15 -> 475.2 | C14: ='Qtrly''s-Cntsht Book'!E15 -> 488.9 | D14: ='Qtrly''s-Cntsht Book'!F15 -> 492.6 | E14: ='Qtrly''s-Cntsht Book'!I15 -> 502.4 | F14: ='Qtrly''s-Cntsht Book'!J15 -> 512.9 | G14: ='Qtrly''s-Cntsht Book'!K15 -> 535.9 | H14: ='Qtrly''s-Cntsht Book'!N15 -> 533.1 | I14: ='Qtrly''s-Cntsht Book'!O15 -> 533.4 | J14: ='Qtrly''s-Cntsht Book'!P15 -> 543.1 | K14: ='Qtrly''s-Cntsht Book'!S15 -> 529.5 | L14: ='Qtrly''s-Cntsht Book'!T15 -> 515.7 | M14: ='Qtrly''s-Cntsht Book'!U15 -> 514.8 | N14: =SUM(B14:M14)/12 -> 514.79167 | O14: =N14*366 -> 188413.75
A15: Wildwood CC | B15: ='Qtrly''s-Cntsht Book'!D16 -> 423.5 | C15: ='Qtrly''s-Cntsht Book'!E16 -> 440.1 | D15: ='Qtrly''s-Cntsht Book'!F16 -> 459.7 | E15: ='Qtrly''s-Cntsht Book'!I16 -> 444.8 | F15: ='Qtrly''s-Cntsht Book'!J16 -> 449.3 | G15: ='Qtrly''s-Cntsht Book'!K16 -> 462.9 | H15: ='Qtrly''s-Cntsht Book'!N16 -> 467.4 | I15: ='Qtrly''s-Cntsht Book'!O16 -> 467.6 | J15: ='Qtrly''s-Cntsht Book'!P16 -> 460.2 | K15: ='Qtrly''s-Cntsht Book'!S16 -> 417.2 | L15: ='Qtrly''s-Cntsht Book'!T16 -> 412.2 | M15: ='Qtrly''s-Cntsht Book'!U16 -> 408.7 | N15: =SUM(B15:M15)/12 -> 442.8 | O15: =N15*366 -> 162064.8
A16: Yukon-Kuskokwim CC | B16: ='Qtrly''s-Cntsht Book'!D17 -> 202.5 | C16: ='Qtrly''s-Cntsht Book'!E17 -> 197 | D16: ='Qtrly''s-Cntsht Book'!F17 -> 204.6 | E16: ='Qtrly''s-Cntsht Book'!I17 -> 223.9 | F16: ='Qtrly''s-Cntsht Book'!J17 -> 214.6 | G16: ='Qtrly''s-Cntsht Book'!K17 -> 215.5 | H16: ='Qtrly''s-Cntsht Book'!N17 -> 223.9 | I16: ='Qtrly''s-Cntsht Book'!O17 -> 213.6 | J16: ='Qtrly''s-Cntsht Book'!P17 -> 208.9 | K16: ='Qtrly''s-Cntsht Book'!S17 -> 175.6 | L16: ='Qtrly''s-Cntsht Book'!T17 -> 176.4 | M16: ='Qtrly''s-Cntsht Book'!U17 -> 187.8 | N16: =SUM(B16:M16)/12 -> 203.69167 | O16: =N16*366 -> 74551.15
A17: Tents | B17: ='Qtrly''s-Cntsht Book'!D18 -> 0 | C17: ='Qtrly''s-Cntsht Book'!E18 -> 0 | D17: ='Qtrly''s-Cntsht Book'!F18 -> 0 | E17: ='Qtrly''s-Cntsht Book'!I18 -> 0 | F17: ='Qtrly''s-Cntsht Book'!J18 -> 0 | G17: ='Qtrly''s-Cntsht Book'!K18 -> 0 | H17: ='Qtrly''s-Cntsht Book'!N18 -> 0 | I17: ='Qtrly''s-Cntsht Book'!O18 -> 0 | J17: ='Qtrly''s-Cntsht Book'!P18 -> 0 | K17: ='Qtrly''s-Cntsht Book'!S18 -> - | L17: ='Qtrly''s-Cntsht Book'!T18 -> - | M17: ='Qtrly''s-Cntsht Book'!U18 -> - | N17: =SUM(B17:M17)/12 -> 0 | O17: =N17*366 -> 0
A18: TOTAL INSTITUTIONS | B18: =SUM(B4:B17) -> 4475.3 | C18: =SUM(C4:C17) -> 4553.1 | D18: =SUM(D4:D17) -> 4663.86 | E18: =SUM(E4:E17) -> 4688.7 | F18: =SUM(F4:F17) -> 4687.7 | G18: =SUM(G4:G17) -> 4708 | H18: =SUM(H4:H17) -> 4710.3 | I18: =SUM(I4:I17) -> 4724.5 | ... M18: =SUM(M4:M17) -> 4208.3 | N18: =SUM(B18:M18)/12 -> 4546.8383 | O18: =SUM(O4:O17) -> 1664142.8
A19: Other
A20: CRC's | B20: ='Qtrly''s-Cntsht Book'!D21 -> 239.78 | C20: ='Qtrly''s-Cntsht Book'!E21 -> 239.77 | D20: ='Qtrly''s-Cntsht Book'!F21 -> 240.8 | E20: ='Qtrly''s-Cntsht Book'!I21 -> 239.29 | F20: ='Qtrly''s-Cntsht Book'!J21 -> 201.73 | G20: ='Qtrly''s-Cntsht Book'!K21 -> 201.73 | H20: ='Qtrly''s-Cntsht Book'!N21 -> 248.16 | I20: ='Qtrly''s-Cntsht Book'!O21 -> 270.9 | J20: ='Qtrly''s-Cntsht Book'!P21 -> 259.71 | K20: ='Qtrly''s-Cntsht Book'!S21 -> 267.9 | L20: ='Qtrly''s-Cntsht Book'!T21 -> 268.87 | M20: ='Qtrly''s-Cntsht Book'!U21 -> 275.37 | N20: =SUM(B20:M20)/12 -> 246.1675 | O20: =N20*366 -> 90097.305
A21: CRC Offender Supervision | B21: ='Qtrly''s-Cntsht Book'!D22 -> 0 | C21: ='Qtrly''s-Cntsht Book'!E22 -> 0 | D21: ='Qtrly''s-Cntsht Book'!F22 -> 0 | E21: ='Qtrly''s-Cntsht Book'!I22 -> 0 | F21: ='Qtrly''s-Cntsht Book'!J22 -> 0 | G21: ='Qtrly''s-Cntsht Book'!K22 -> 0 | H21: ='Qtrly''s-Cntsht Book'!N22 -> 0 | I21: ='Qtrly''s-Cntsht Book'!O22 -> 0 | J21: ='Qtrly''s-Cntsht Book'!P22 -> 0 | K21: ='Qtrly''s-Cntsht Book'!S22 -> 0 | L21: ='Qtrly''s-Cntsht Book'!T22 -> 0 | M21: ='Qtrly''s-Cntsht Book'!U22 -> 0 | N21: =SUM(B21:M21)/12 -> 0 | O21: =N21*366 -> 0
A22: Treatment Beds | B22: ='Qtrly''s-Cntsht Book'!D23 -> 11.87 | C22: ='Qtrly''s-Cntsht Book'!E23 -> 11.87 | D22: ='Qtrly''s-Cntsht Book'!F23 -> 9.24 | E22: ='Qtrly''s-Cntsht Book'!I23 -> 8.9 | F22: ='Qtrly''s-Cntsht Book'!J23 -> 9.13 | G22: ='Qtrly''s-Cntsht Book'!K23 -> 9.13 | H22: ='Qtrly''s-Cntsht Book'!N23 -> 6.94 | I22: ='Qtrly''s-Cntsht Book'!O23 -> 7.83 | J22: ='Qtrly''s-Cntsht Book'!P23 -> 8.61 | K22: ='Qtrly''s-Cntsht Book'!S23 -> 11.27 | L22: ='Qtrly''s-Cntsht Book'!T23 -> 13.61 | M22: ='Qtrly''s-Cntsht Book'!U23 -> 11.6 | N22: =SUM(B22:M22)/12 -> 10 | O22: =N22*366 -> 3660
A23: Electronic Monitoring | B23: ='Qtrly''s-Cntsht Book'!D24 -> 153 | C23: ='Qtrly''s-Cntsht Book'!E24 -> 153 | D23: ='Qtrly''s-Cntsht Book'!F24 -> 150 | E23: ='Qtrly''s-Cntsht Book'!I24 -> 137 | F23: ='Qtrly''s-Cntsht Book'!J24 -> 140 | G23: ='Qtrly''s-Cntsht Book'!K24 -> 140 | H23: ='Qtrly''s-Cntsht Book'!N24 -> 141 | I23: ='Qtrly''s-Cntsht Book'!O24 -> 153 | J23: ='Qtrly''s-Cntsht Book'!P24 -> 169 | K23: ='Qtrly''s-Cntsht Book'!S24 -> 168 | L23: ='Qtrly''s-Cntsht Book'!T24 -> 156 | M23: ='Qtrly''s-Cntsht Book'!U24 -> 161 | N23: =SUM(B23:M23)/12 -> 151.75 | O23: =N23*366 -> 55540.5
A24: TWO (New) | B24: ='Qtrly''s-Cntsht Book'!D25 -> 3 | C24: ='Qtrly''s-Cntsht Book'!E25 -> 3 | D24: ='Qtrly''s-Cntsht Book'!F25 -> 1 | E24: ='Qtrly''s-Cntsht Book'!I25 -> 0 | F24: ='Qtrly''s-Cntsht Book'!J25 -> 0 | G24: ='Qtrly''s-Cntsht Book'!K25 -> 0 | H24: ='Qtrly''s-Cntsht Book'!N25 -> 0 | I24: ='Qtrly''s-Cntsht Book'!O25 -> 0 | J24: ='Qtrly''s-Cntsht Book'!P25 -> 0 | K24: ='Qtrly''s-Cntsht Book'!S25 -> 0 | L24: ='Qtrly''s-Cntsht Book'!T25 -> 0 | M24: ='Qtrly''s-Cntsht Book'!U25 -> 0 | N24: =SUM(B24:M24)/12 -> 0.58333333 | O24: =N24*366 -> 213.5
A25: Pretrial EM (New) | B25: ='Qtrly''s-Cntsht Book'!D26 -> 1048 | C25: ='Qtrly''s-Cntsht Book'!E26 -> 1048 | D25: ='Qtrly''s-Cntsht Book'!F26 -> 1121 | E25: ='Qtrly''s-Cntsht Book'!I26 -> 1121 | F25: ='Qtrly''s-Cntsht Book'!J26 -> 1121 | G25: ='Qtrly''s-Cntsht Book'!K26 -> 1121 | H25: ='Qtrly''s-Cntsht Book'!N26 -> 1121 | I25: ='Qtrly''s-Cntsht Book'!O26 -> 1121 | J25: ='Qtrly''s-Cntsht Book'!P26 -> 1121 | K25: ='Qtrly''s-Cntsht Book'!S26 -> 1133 | L25: ='Qtrly''s-Cntsht Book'!T26 -> 1121 | M25: ='Qtrly''s-Cntsht Book'!U26 -> 1121 | N25: =SUM(B25:M25)/12 -> 1109.8333 | O25: =N25*366 -> 406199
A26: Colorado | B26: ='Qtrly''s-Cntsht Book'!D27 -> N/A | C26: ='Qtrly''s-Cntsht Book'!E27 -> N/A | D26: ='Qtrly''s-Cntsht Book'!F27 -> N/A | E26: ='Qtrly''s-Cntsht Book'!I27 -> N/A | F26: ='Qtrly''s-Cntsht Book'!J27 -> N/A | G26: ='Qtrly''s-Cntsht Book'!K27 -> N/A | H26: ='Qtrly''s-Cntsht Book'!N27 -> N/A | I26: ='Qtrly''s-Cntsht Book'!O27 -> N/A | J26: ='Qtrly''s-Cntsht Book'!P27 -> N/A | K26: ='Qtrly''s-Cntsht Book'!S27 -> N/A | L26: ='Qtrly''s-Cntsht Book'!T27 -> N/A | M26: ='Qtrly''s-Cntsht Book'!U27 -> N/A | N26: =SUM(B26:M26)/12 -> 0 | O26: =N26*366 -> 0
A27: Other Out Of State | B27: ='Qtrly''s-Cntsht Book'!D28 -> 12 | C27: ='Qtrly''s-Cntsht Book'!E28 -> 12 | D27: ='Qtrly''s-Cntsht Book'!F28 -> 11 | E27: ='Qtrly''s-Cntsht Book'!I28 -> 12 | F27: ='Qtrly''s-Cntsht Book'!J28 -> 12 | G27: ='Qtrly''s-Cntsht Book'!K28 -> 12 | H27: ='Qtrly''s-Cntsht Book'!N28 -> 11 | I27: ='Qtrly''s-Cntsht Book'!O28 -> 11 | J27: ='Qtrly''s-Cntsht Book'!P28 -> 11 | K27: ='Qtrly''s-Cntsht Book'!S28 -> 11 | L27: ='Qtrly''s-Cntsht Book'!T28 -> 11 | M27: ='Qtrly''s-Cntsht Book'!U28 -> 11 | N27: =SUM(B27:M27)/12 -> 11.416667 | O27: =N27*366 -> 4178.5
A28: TOTAL OTHER | B28: =SUM(B20:B27) -> 1467.65 | C28: =SUM(C20:C27) -> 1467.64 | D28: =SUM(D20:D27) -> 1533.04 | E28: =SUM(E20:E27) -> 1518.19 | F28: =SUM(F20:F27) -> 1483.86 | G28: =SUM(G20:G27) -> 1483.86 | H28: =SUM(H20:H27) -> 1528.1 | I28: =SUM(I20:I27) -> 1563.73 | ... O28: =SUM(O20:O27) -> 559888.8
A29: GRAND TOTAL | B29: =B18+B28 -> 5942.95 | C29: =C18+C28 -> 6020.74 | D29: =D18+D28 -> 6196.9 | E29: =E18+E28 -> 6206.89 | F29: =F18+F28 -> 6171.56 | G29: =G18+G28 -> 6191.86 | H29: =H18+H28 -> 6238.4 | I29: =I18+I28 -> 6288.23 | ... M29: =M18+M28 -> 5788.27 | N29: =SUM(B29:M29)/12 -> 6076.5892 | O29: =O18+O28 -> 2224031.6
A35: Updated: 09/25/20 lj

Sheet Avg Daily Community Jails
A1: JULY 2019 TO JUNE 2020-NUMBER OF PERSONS
A3: BEDS | B3: 4 | C3: 6 | D3: 7 | E3: 8 | F3: 6 | G3: 7 | H3: 22 | I3: 12 | J3: 9 | K3: 12 | L3: 14 | M3: 15 | N3: 10 | O3: 13 | P3: 12 | Q3: =SUM(B3:P3) -> 157
B4: Bristol Bay | C4: Cordova | D4: Craig | E4: Dillingham | F4: Haines | G4: Homer | H4: Kodiak | I4: Kotzebue | J4: NSB | K4: Petersburg | L4: Seward | M4: Sitka | N4: Unalaska | O4: Valdez | P4: Wrangell
A5: July | B5: 29 | C5: 10 | D5: 29 | E5: 81 | F5: 8 | G5: 52 | H5: 38 | I5: 68 | J5: 44 | K5: 10 | L5: 15 | M5: 47 | N5: 6 | O5: 18 | P5: 8
A6: August | B6: 10 | C6: 7 | D6: 37 | E6: 78 | F6: 3 | G6: 42 | H6: 71 | I6: 63 | J6: 51 | K6: 8 | L6: 15 | M6: 36 | N6: 12 | O6: 20 | P6: 9
A7: September | B7: 14 | C7: 3 | D7: 30 | E7: 51 | F7: 5 | G7: 31 | H7: 65 | I7: 59 | J7: 30 | K7: 7 | L7: 14 | M7: 49 | N7: 24 | O7: 9 | P7: 10
A8: October | B8: 11 | C8: 2 | D8: 34 | E8: 62 | F8: 3 | G8: 57 | H8: 64 | I8: 54 | J8: 32 | K8: 8 | L8: 11 | M8: 28 | N8: 18 | O8: 24 | P8: 9
A9: November | B9: 6 | C9: 2 | D9: 32 | E9: 61 | F9: 2 | G9: 56 | H9: 49 | I9: 56 | J9: 46 | K9: 9 | L9: 18 | M9: 33 | N9: 18 | O9: 10 | P9: 6
A10: December | B10: 6 | C10: 1 | D10: 29 | E10: 53 | F10: 1 | G10: 48 | H10: 45 | I10: 50 | J10: 65 | K10: 12 | L10: 14 | M10: 27 | N10: 9 | O10: 15 | P10: 7
A11: January | B11: 7 | C11: 1 | D11: 28 | E11: 44 | F11: 2 | G11: 36 | H11: 41 | I11: 45 | J11: 43 | K11: 8 | L11: 9 | M11: 29 | N11: 6 | O11: 17 | P11: 6
A12: February | B12: 8 | C12: 2 | D12: 36 | E12: 40 | F12: 1 | G12: 23 | H12: 53 | I12: 24 | J12: 30 | K12: 11 | L12: 15 | M12: 39 | N12: 13 | O12: 18 | P12: 8
A13: March | B13: 5 | C13: 2 | D13: 26 | E13: 48 | F13: 1 | G13: 28 | H13: 53 | I13: 26 | J13: 21 | K13: 9 | L13: 13 | M13: 28 | N13: 10 | O13: 13 | P13: 7
A14: April | B14: 4 | C14: 0 | D14: 19 | E14: 48 | F14: 1 | G14: 24 | H14: 26 | I14: 6 | J14: 31 | K14: 5 | L14: 7 | M14: 14 | N14: 2 | O14: 7 | P14: 2
A15: May | B15: 13 | C15: 4 | D15: 29 | E15: 24 | F15: 1 | G15: 30.5 | H15: 48 | I15: 26 | J15: 35 | K15: 10 | L15: 22 | M15: 31 | N15: 5 | O15: 8 | P15: 3
A16: June | B16: 17 | C16: 4 | D16: 25 | E16: 30 | F16: 0 | G16: 27 | H16: 42 | I16: 12 | J16: 44 | K16: 9 | L16: 29 | M16: 23 | N16: 6 | O16: 8 | P16: 11 | Q16: Total
A17: Total | B17: =SUM(B5:B16) -> 130 | C17: =SUM(C5:C16) -> 38 | D17: =SUM(D5:D16) -> 354 | E17: =SUM(E5:E16) -> 620 | F17: =SUM(F5:F16) -> 28 | G17: =SUM(G5:G16) -> 454.5 | H17: =SUM(H5:H16) -> 595 | I17: =SUM(I5:I16) -> 489 | ... P17: =SUM(P5:P16) -> 86 | Q17: Persons
A18: Average | B18: =AVERAGE(B5:B16) -> 10.833333 | C18: =AVERAGE(C5:C16) -> 3.1666667 | D18: =AVERAGE(D5:D16) -> 29.5 | E18: =AVERAGE(E5:E16) -> 51.666667 | F18: =AVERAGE(F5:F16) -> 2.3333333 | G18: =AVERAGE(G5:G16) -> 37.875 | H18: =AVERAGE(H5:H16) -> 49.583333 | I18: =AVERAGE(I5:I16) -> 40.75 | ... P18: =AVERAGE(P5:P16) -> 7.1666667 | Q18: =SUM(B17:P17) -> 4234.5
A20: JULY 2019 TO JUNE 2020--NUMBER OF MAN-DAYS
A22: CAP DAYS | B22: 15 | C22: 7 | D22: 15 | E22: 20 | F22: 14 | G22: 10 | H22: 30 | I22: 30 | J22: 30 | K22: 15 | L22: 30 | M22: 10 | N22: 30 | O22: 10 | P22: 30 | Q22: =SUM(B22:O22) -> 266
B23: Bristol Bay | C23: Cordova | D23: Craig | E23: Dillingham | F23: Haines | G23: Homer | H23: Kodiak | I23: Kotzebue | J23: NSB | K23: Petersburg | L23: Seward | M23: Sitka | N23: Unalaska | O23: Valdez | P23: Wrangell
A24: July | B24: 39 | C24: 10.5 | D24: 97.5 | E24: 127.5 | F24: 5.5 | G24: 45 | H24: 792 | I24: 277.5 | J24: 267.5 | K24: 58 | L24: 42 | M24: 171.5 | N24: 9.5 | O24: 73.5 | P24: 22
A25: August | B25: 16 | C25: 13.5 | D25: 201 | E25: 186 | F25: 1 | G25: 50.5 | H25: 585 | I25: 224.5 | J25: 274.5 | K25: 49 | L25: 27 | M25: 106 | N25: 42.5 | O25: 69.5 | P25: 43
A26: September | B26: 29.5 | C26: 4 | D26: 171 | E26: 162 | F26: 9 | G26: 61.5 | H26: 636 | I26: 201 | J26: 221.5 | K26: 28 | L26: 25.5 | M26: 217.5 | N26: 31.5 | O26: 14.5 | P26: 112
A27: October | B27: 26.5 | C27: 25.5 | D27: 171.5 | E27: 155.5 | F27: 5 | G27: 85.5 | H27: 453 | I27: 193 | J27: 259.5 | K27: 34 | L27: 53.5 | M27: 89.5 | N27: 69.5 | O27: 72.5 | P27: 69
A28: November | B28: 9 | C28: 6 | D28: 162 | E28: 105.5 | F28: 2 | G28: 81 | H28: 242 | I28: 181.5 | J28: 345 | K28: 53 | L28: 76 | M28: 173 | N28: 48 | O28: 51 | P28: 93
A29: December | B29: 9 | C29: 1 | D29: 233 | E29: 202 | F29: 0.5 | G29: 65 | H29: 246 | I29: 187.5 | J29: 341 | K29: 55 | L29: 21 | M29: 130 | N29: 18 | O29: 31.5 | P29: 48
A30: January | B30: 33 | C30: 0.5 | D30: 222 | E30: 174 | F30: 2 | G30: 59 | H30: 263 | I30: 163 | J30: 316 | K30: 56 | L30: 19 | M30: 138 | N30: 11 | O30: 118.5 | P30: 42
A31: February | B31: 14 | C31: 2 | D31: 229 | E31: 135 | F31: 7 | G31: 57.5 | H31: 269 | I31: 60 | J31: 277 | K31: 35 | L31: 33.5 | M31: 123.5 | N31: 40.5 | O31: 95.5 | P31: 146
A32: March | B32: 12 | C32: 6 | D32: 159.5 | E32: 127 | F32: 7 | G32: 58.5 | H32: 210 | I32: 40 | J32: 169.5 | K32: 48 | L32: 40.5 | M32: 90 | N32: 31.5 | O32: 40.5 | P32: 47
A33: April | B33: 13 | C33: 0 | D33: 62 | E33: 53 | F33: 4 | G33: 29 | H33: 73 | I33: 10.5 | J33: 153.5 | K33: 14 | L33: 11.5 | M33: 27 | N33: 9 | O33: 39 | P33: 31
A34: May | B34: 23 | C34: 10 | D34: 110 | E34: 91 | F34: 1 | G34: 30 | H34: 142 | I34: 43.5 | J34: 140 | K34: 35 | L34: 68.5 | M34: 63 | N34: 43 | O34: 46 | P34: 47
A35: June | B35: 24.5 | C35: 3 | D35: 125 | E35: 107 | F35: 0 | G35: 30.5 | H35: 209 | I35: 19.5 | J35: 196 | K35: 38 | L35: 87.5 | M35: 61.5 | N35: 13.5 | O35: 13.5 | P35: 84 | Q35: Total
A36: Total | B36: =SUM(B24:B35) -> 248.5 | C36: =SUM(C24:C35) -> 82 | D36: =SUM(D24:D35) -> 1943.5 | E36: =SUM(E24:E35) -> 1625.5 | F36: =SUM(F24:F35) -> 44 | G36: =SUM(G24:G35) -> 653 | H36: =SUM(H24:H35) -> 4120 | I36: =SUM(I24:I35) -> 1601.5 | ... P36: =SUM(P24:P35) -> 784 | Q36: Man-days
A37: Average | B37: =AVERAGE(B24:B35) -> 20.708333 | C37: =AVERAGE(C24:C35) -> 6.8333333 | D37: =AVERAGE(D24:D35) -> 161.95833 | E37: =AVERAGE(E24:E35) -> 135.45833 | F37: =AVERAGE(F24:F35) -> 3.6666667 | G37: =AVERAGE(G24:G35) -> 54.416667 | H37: =AVERAGE(H24:H35) -> 343.33333 | I37: =AVERAGE(I24:I35) -> 133.45833 | ... P37: =AVERAGE(P24:P35) -> 65.333333 | Q37: =SUM(B36:P36) -> 17495
A40: COC 2021 | B40: =Q37/366 -> 47.800546
A41: Average Daily Community Jail Population for Fiscal Year 2019 | H41: =B40 -> 47.800546
A43: * 2020 Leap Year

Sheet IADP-By Gender
A1: DAILY AVERAGE BY INSTITUTION BY SEX BY CRIME DEGREE: FY2020
A3: LOCATION | B3: Misd Male Sent | C3: Misd Male Unsent | D3: Misd Female Sent | E3: Misd Female Unsent | F3: Felony Female Sent | G3: Felony Female Unsent | H3: Grand Total
A4: ANCHORAGE CC EAST | B4: 1.4649 | C4: 91.377 | D4: 0.0186 | E4: 6.191 | F4: 0.0089 | G4: 6.127 | H4: =SUM(B4:G4) -> 105.1874
A5: ANCHORAGE CC WEST | B5: 0.4468 | C5: 39.536 | D5: 0 | E5: 0 | F5: 0 | G5: 0 | H5: =SUM(B5:G5) -> 39.9828
A6: ANVIL MTN CC | B6: 1.2885 | C6: 6.208 | D6: 0.1025 | E6: 1.201 | F6: 0.0174 | G6: 6.572 | H6: =SUM(B6:G6) -> 15.3894
A7: FAIRBANKS CC | B7: 0.9894 | C7: 53.217 | D7: 0.1896 | E7: 15.197 | F7: 0.0464 | G7: 24.991 | H7: =SUM(B7:G7) -> 94.6304
A8: GOOSE CREEK CC | B8: 14.1352 | C8: 108.134 | D8: 0 | E8: 0 | F8: 0 | G8: 0 | H8: =SUM(B8:G8) -> 122.2692
A9: HILAND MTN CC | B9: 0 | C9: 0.029 | D9: 1.0516 | E9: 48.043 | F9: 62.0107 | G9: 192.689 | H9: =SUM(B9:G9) -> 303.8233
A10: KETCHIKAN CC | B10: 0.6017 | C10: 2.229 | D10: 0.2915 | E10: 0.742 | F10: 0.1222 | G10: 7.985 | H10: =SUM(B10:G10) -> 11.9714
A11: LEMON CREEK CC | B11: 2.9411 | C11: 21.715 | D11: 0.2351 | E11: 5.291 | F11: 2.2582 | G11: 16.702 | H11: =SUM(B11:G11) -> 49.1424
A12: MATSU PRETRIAL | B12: 0.0774 | C12: 17.458 | D12: 0.0033 | E12: 3.345 | F12: 0.0504 | G12: 3.857 | H12: =SUM(B12:G12) -> 24.7911
A13: PT. MACKENZIE CF | B13: 1.8732 | C13: 0 | D13: 0 | E13: 0 | F13: 0 | G13: 0 | H13: =SUM(B13:G13) -> 1.8732
A14: SPRING CREEK CC | B14: 7.0774 | C14: 1.506 | D14: 0 | E14: 0 | F14: 0 | G14: 0 | H14: =SUM(B14:G14) -> 8.5834 | J14: AVG Daily
A15: WILDWOOD CC | B15: 2.8848 | C15: 5.622 | D15: 0 | E15: 0 | F15: 0 | G15: 0 | H15: =SUM(B15:G15) -> 8.5068 | J15: Female
A16: WILDWOOD PRETRIAL | B16: 0.0228 | C16: 11.221 | D16: 0.0553 | E16: 6.076 | F16: 0.7528 | G16: 19.885 | H16: =SUM(B16:G16) -> 38.0129 | J16: Population
A17: WILDWOOD TRAN | B17: 0.2489 | C17: 0.859 | D17: 0 | E17: 0 | F17: 0 | G17: 0 | H17: =SUM(B17:G17) -> 1.1079 | J17: (Sched-A)
A18: YUKON-KUSKOKWIM CC | B18: 0.9318 | C18: 21.624 | D18: 0.0857 | E18: 3.456 | F18: 0.012 | G18: 3.526 | H18: =SUM(B18:G18) -> 29.6355
A19: INSTITUTION TOTAL | B19: =SUM(B4:B18) -> 34.9839 | C19: =SUM(C4:C18) -> 380.735 | D19: =SUM(D4:D18) -> 2.0332 | E19: =SUM(E4:E18) -> 89.542 | F19: =SUM(F4:F18) -> 65.279 | G19: =SUM(G4:G18) -> 282.334 | H19: =SUM(B19:G19) -> 854.9071 | J19: =SUM(D19:G19) -> 439.1882
A20: AKEELA HOUSE | B20: 0 | C20: 0 | D20: 0 | E20: 0 | F20: 0 | G20: 0 | H20: =SUM(B20:G20) -> 0
A21: CORDOVA CTR | B21: 25.3927 | C21: 30.062 | D21: 0.2747 | E21: 0.302 | F21: 0 | G21: 0.027 | H21: =SUM(B21:G21) -> 56.0584
A22: GLACIER MANOR | B22: 0.1797 | C22: 0 | D22: 1.8306 | E22: 0 | F22: 4.0092 | G22: 0 | H22: =SUM(B22:G22) -> 6.0195
A23: MIDTOWN CTR - ANCH | B23: 0 | C23: 0 | D23: 0.7529 | E23: 3.97 | F23: 10.9239 | G23: 0.041 | H23: =SUM(B23:G23) -> 15.6878
A24: NORTH STAR CTR | B24: 0.8555 | C24: 16.771 | D24: 0.0618 | E24: 4.453 | F24: 3.5665 | G24: 0.278 | H24: =SUM(B24:G24) -> 25.9858
A25: PARKVIEW | B25: 0 | C25: 0 | D25: 0 | E25: 0 | F25: 0 | G25: 0 | H25: =SUM(B25:G25) -> 0
A26: SEASIDE CRC-NOME | B26: 1.3494 | C26: 8.554 | D26: 0.1216 | E26: 1.361 | F26: 0 | G26: 2.508 | H26: =SUM(B26:G26) -> 13.894
A27: TUNDRA CTR | B27: 3.0312 | C27: 14.929 | D27: 0.1797 | E27: 3.93 | F27: 0 | G27: 1.827 | H27: =SUM(B27:G27) -> 23.8969
A28: CRC TOTAL | B28: =SUM(B20:B27) -> 30.8085 | C28: =SUM(C20:C27) -> 70.316 | D28: =SUM(D20:D27) -> 3.2213 | E28: =SUM(E20:E27) -> 14.016 | F28: =SUM(F20:F27) -> 18.4996 | G28: =SUM(G20:G27) -> 4.681 | H28: =SUM(B28:G28) -> 141.5424
A29: ANCHORAGE EM | B29: 14.8815 | C29: 0 | D29: 5.7698 | E29: 0 | F29: 7.3916 | G29: 0 | H29: =SUM(B29:G29) -> 28.0429
A30: CORDOVA EM | B30: 0 | C30: 0 | D30: 0 | E30: 0 | F30: 0 | G30: 0 | H30: =SUM(B30:G30) -> 0
A31: EM CORDOVA CTR | B31: 0 | C31: 0 | D31: 0 | E31: 0 | F31: 0 | G31: 0 | H31: =SUM(B31:G31) -> 0
A32: EM MIDTOWN CTR ANCH | B32: 0 | C32: 0 | D32: 0 | E32: 0 | F32: 0 | G32: 0 | H32: =SUM(B32:G32) -> 0
A33: EM NORTHSTAR CTR | B33: 0 | C33: 0 | D33: 0 | E33: 0 | F33: 0 | G33: 0 | H33: =SUM(B33:G33) -> 0
A34: FAIRBANKS EM | B34: 3.6812 | C34: 0.73 | D34: 1.8549 | E34: 0.048 | F34: 3.6192 | G34: 0.105 | H34: =SUM(B34:G34) -> 10.0383
A35: JUNEAU EM | B35: 3.1265 | C35: 0 | D35: 0.1572 | E35: 0 | F35: 1.2713 | G35: 0 | H35: =SUM(B35:G35) -> 4.555
A36: KENAI EM | B36: 0.9533 | C36: 0 | D36: 0.3554 | E36: 0 | F36: 0.3178 | G36: 0 | H36: =SUM(B36:G36) -> 1.6265
A37: KENAI TWO | B37: 0 | C37: 0 | D37: 0 | E37: 0 | F37: 0 | G37: 0 | H37: =SUM(B37:G37) -> 0
A38: KETCHIKAN EM | B38: 0.821 | C38: 0 | D38: 0.4283 | E38: 0 | F38: 0 | G38: 0 | H38: =SUM(B38:G38) -> 1.2493
A39: KODIAK EM | B39: 0.0341 | C39: 0 | D39: 0.1195 | E39: 0 | F39: 0 | G39: 0 | H39: =SUM(B39:G39) -> 0.1536
A40: PALMER EM | B40: 2.6342 | C40: 0 | D40: 2.3432 | E40: 0 | F40: 5.0476 | G40: 0 | H40: =SUM(B40:G40) -> 10.025
A41: EM TOTAL | B41: =SUM(B29:B40) -> 26.1318 | C41: =SUM(C29:C40) -> 0.73 | D41: =SUM(D29:D40) -> 11.0283 | E41: =SUM(E29:E40) -> 0.048 | F41: =SUM(F29:F40) -> 17.6475 | G41: =SUM(G29:G40) -> 0.105 | H41: =SUM(B41:G41) -> 55.6906
A42: CALIFORNIA | B42: 0 | C42: 0 | D42: 0 | E42: 0 | F42: 0 | G42: 0 | H42: =SUM(B42:G42) -> 0
A43: COLORADO STATE PRISON | B43: 0 | C43: 0 | D43: 0 | E43: 0 | F43: 1.0027 | G43: 0 | H43: =SUM(B43:G43) -> 1.0027
A44: FEDERAL BUREAU PRISONS | B44: 0 | C44: 0 | D44: 0 | E44: 0 | F44: 0 | G44: 0 | H44: =SUM(B44:G44) -> 0
A45: INDIANA STATE PRISON | B45: 0 | C45: 0 | D45: 0 | E45: 0 | F45: 0 | G45: 0 | H45: =SUM(B45:G45) -> 0
A46: WASHINGTON STATE | B46: 0 | C46: 0 | D46: 0 | E46: 0 | F46: 0 | G46: 0 | H46: =SUM(B46:G46) -> 0
A47: OOS TOTAL | B47: =SUM(B42:B46) -> 0 | C47: =SUM(C42:C46) -> 0 | D47: =SUM(D42:D46) -> 0 | E47: =SUM(E42:E46) -> 0 | F47: =SUM(F42:F46) -> 1.0027 | G47: =SUM(G42:G46) -> 0 | H47: 20.63

Sheet Monthly PO Workload Stats
A2: Anchorage Probation Office | B2: Year | C2: Jul | D2: Aug | E2: Sep | F2: Oct | G2: Nov | H2: Dec | I2: Jan | J2: Feb | K2: Mar | L2: Apr | M2: May | N2: June | O2: Average Caseload | P2: Average Caseload Difference | Q2: Percent Caseload Difference
B3: FY00 | C3: 1998 | D3: 2016 | E3: 1984 | F3: 2010 | G3: 2067 | H3: 2078 | I3: 2078 | J3: 2085 | K3: 2134 | L3: 2136 | M3: 2135 | N3: 2143 | O3: =SUM(C3:N3)/12 -> 2072
B4: FY01 | C4: 2155 | D4: 2157 | E4: 2172 | F4: 2180 | G4: 2183 | H4: 2205 | I4: 2192 | J4: 2191 | K4: 2183 | L4: 2183 | M4: 2191 | N4: 2189 | O4: =SUM(C4:N4)/12 -> 2181.75 | P4: =SUM(O4-O3) -> 109.75 | Q4: =SUM(P4/O3) -> 0.052968147
B5: FY02 | C5: 2201 | D5: 2233 | E5: 2235 | F5: 2252 | G5: 2259 | H5: 2271 | I5: 2271 | J5: 2307 | K5: 2319 | L5: 2331 | M5: 2343 | N5: 2355 | O5: =SUM(C5:N5)/12 -> 2281.4167 | P5: =SUM(O5-O4) -> 99.666667 | Q5: =SUM(P5/O4) -> 0.045681983
B6: FY03 | C6: 2324 | D6: 2433 | E6: 2266 | F6: 2266 | G6: 2306 | H6: 2306 | I6: 2306 | J6: 2334 | K6: 2230 | L6: 2230 | M6: 2230 | N6: 2230 | O6: =SUM(C6:N6)/12 -> 2288.4167 | P6: =SUM(O6-O5) -> 7 | Q6: =SUM(P6/O5) -> 0.003068269
B7: FY04 | C7: 2408 | D7: 2335 | E7: 2353 | F7: 2353 | G7: 2311 | H7: 2367 | I7: 2367 | J7: 2352 | K7: 2336 | L7: 2336 | M7: 2292 | N7: 2318 | O7: =SUM(C7:N7)/12 -> 2344 | P7: =SUM(O7-O6) -> 55.583333 | Q7: =SUM(P7/O6) -> 0.024288992
B8: FY05 | C8: 2312 | D8: 2305 | E8: 2318 | F8: 2318 | G8: 2350 | H8: 2314 | I8: 2314 | J8: 2426 | K8: 2400 | L8: 2454 | M8: 2536 | N8: 2334 | O8: =SUM(C8:N8)/12 -> 2365.0833 | P8: =SUM(O8-O7) -> 21.083333 | Q8: =SUM(P8/O7) -> 0.0089945961
B9: FY06 | C9: 2357 | D9: 2384 | E9: 2387 | F9: 2410 | G9: 2414 | H9: 2444 | I9: 2444 | J9: 2433 | K9: 2417 | L9: 2424 | M9: 2443 | N9: 2445 | O9: =SUM(C9:N9)/12 -> 2416.8333 | P9: =SUM(O9-O8) -> 51.75 | Q9: =SUM(P9/O8) -> 0.021880836
B10: FY07 | C10: 2453 | D10: 2437 | E10: 2420 | F10: 2487 | G10: 2437 | H10: 2479 | I10: 2466 | J10: 2488 | K10: 2477 | L10: 2562 | M10: 2557 | N10: 2455 | O10: =SUM(C10:N10)/12 -> 2476.5 | P10: =SUM(O10-O9) -> 59.666667 | Q10: =SUM(P10/O9) -> 0.024687953
B11: FY08 | C11: 2495 | D11: 2542 | E11: 2644 | F11: 2580 | G11: 2273 | H11: 2302 | I11: 2395 | J11: 2404 | K11: 2394 | L11: 2426 | M11: 2689 | N11: 2739 | O11: =SUM(C11:N11)/12 -> 2490.25 | P11: =SUM(O11-O10) -> 13.75 | Q11: =SUM(P11/O10) -> 0.0055521906
B12: FY09 | C12: 2704 | D12: 2698 | E12: 2694 | F12: 2677 | G12: 2732 | H12: 2755 | I12: 2778 | J12: 2778 | K12: 2775 | L12: 2782 | M12: 2819 | N12: 2864 | O12: =SUM(C12:N12)/12 -> 2754.6667 | P12: =SUM(O12-O11) -> 264.41667 | Q12: =SUM(P12/O11) -> 0.10618077
B13: FY10 | C13: 2871 | D13: 2904 | E13: 2884 | F13: 2895 | G13: 2826 | H13: 2865 | I13: 2853 | J13: 2903 | K13: 2885 | L13: 2910 | M13: 2930 | N13: 2884 | O13: =SUM(C13:N13)/12 -> 2884.1667 | P13: =SUM(O13-O12) -> 129.5 | Q13: =SUM(P13/O12) -> 0.047011133
B14: FY11 | C14: 2896 | D14: 2980 | E14: 2969 | F14: 2961 | G14: 3022 | H14: 3037 | I14: 3049 | J14: 3076 | K14: 3088 | L14: 3074 | M14: 3058 | N14: 2954 | O14: =SUM(C14:N14)/12 -> 3013.6667 | P14: =SUM(O14-O13) -> 129.5 | Q14: =SUM(P14/O13) -> 0.044900318
B15: FY12 | C15: 3027 | D15: 3039 | E15: 3034 | F15: 3040 | G15: 3022 | H15: 3057 | I15: 3074 | J15: 3088 | K15: 3056 | L15: 3094 | M15: 3138 | N15: 3130 | O15: =SUM(C15:N15)/12 -> 3066.5833 | P15: =SUM(O15-O14) -> 52.916667 | Q15: =SUM(P15/O14) -> 0.017558898
... B23: FY20 | C23: 1643 | D23: 1635 | E23: 1633 | F23: 1662 | G23: 1658 | H23: 1677 | I23: 1673 | J23: 1679 | K23: 1673 | L23: 1666 | M23: 1695 | N23: 1701 | O23: =SUM(C23:N23)/12 -> 1666.25 | P23: =SUM(O23-O22) -> -44.416667 | Q23: =SUM(P23/O22) -> -0.025964536
B24: FY21 | C24: 1690
A25: Barrow Probation Office | B25: Year | C25: Jul | D25: Aug | E25: Sep | F25: Oct | G25: Nov | H25: Dec | I25: Jan | J25: Feb | K25: Mar | L25: Apr | M25: May | N25: June
B26: FY00 | C26: 83 | D26: 80 | E26: 74 | F26: 78 | G26: 79 | H26: 81 | I26: 82 | J26: 83 | K26: 82 | L26: 83 | M26: 85 | N26: 87 | O26: =SUM(C26:N26)/12 -> 81.416667
B27: FY01 | C27: 92 | D27: 93 | E27: 94 | F27: 97 | G27: 98 | H27: 95 | I27: 89 | J27: 93 | K27: 90 | L27: 97 | M27: 99 | N27: 92 | O27: =SUM(C27:N27)/12 -> 94.083333 | P27: =SUM(O27-O26) -> 12.666667 | Q27: =SUM(P27/O26) -> 0.1555783
B28: FY02 | C28: 90 | D28: 91 | E28: 92 | F28: 100 | G28: 99 | H28: 111 | I28: 102 | J28: 94 | K28: 96 | L28: 98 | M28: 93 | N28: 89 | O28: =SUM(C28:N28)/12 -> 96.25 | P28: =SUM(O28-O27) -> 2.1666667 | Q28: =SUM(P28/O27) -> 0.023029229
B29: FY03 | C29: 72 | D29: 74 | E29: 73 | F29: 73 | G29: 73 | H29: 73 | I29: 73 | J29: 65 | K29: 65 | L29: 65 | M29: 65 | N29: 60 | O29: =SUM(C29:N29)/12 -> 69.25 | P29: =SUM(O29-O28) -> -27 | Q29: =SUM(P29/O28) -> -0.28051948
B30: FY04 | C30: 59 | D30: 58 | E30: 59 | F30: 60 | G30: 56 | H30: 54 | I30: 54 | J30: 51 | K30: 53 | L30: 59 | M30: 64 | N30: 62 | O30: =SUM(C30:N30)/12 -> 57.416667 | P30: =SUM(O30-O29) -> -11.833333 | Q30: =SUM(P30/O29) -> -0.17087846
B31: FY05 | C31: 66 | D31: 68 | E31: 66 | F31: 65 | G31: 63 | H31: 68 | I31: 63 | J31: 57 | K31: 45 | L31: 45 | M31: 47 | N31: 49 | O31: =SUM(C31:N31)/12 -> 58.5 | P31: =SUM(O31-O30) -> 1.0833333 | Q31: =SUM(P31/O30) -> 0.018867925
B32: FY06 | C32: 47 | D32: 45 | E32: 45 | F32: 47 | G32: 47 | H32: 42 | I32: 40 | J32: 42 | K32: 47 | L32: 46 | M32: 41 | N32: 39 | O32: =SUM(C32:N32)/12 -> 44 | P32: =SUM(O32-O31) -> -14.5 | Q32: =SUM(P32/O31) -> -0.24786325
B33: FY07 | C33: 40 | D33: 40 | E33: 40 | F33: 43 | G33: 37 | H33: 38 | I33: 37 | J33: 39 | K33: 41 | L33: 51 | M33: 50 | N33: 37 | O33: =SUM(C33:N33)/12 -> 41.083333 | P33: =SUM(O33-O32) -> -2.9166667 | Q33: =SUM(P33/O32) -> -0.066287879
B34: FY08 | C34: 39 | D34: 39 | E34: 44 | F34: 39 | G34: 42 | H34: 41 | I34: 40 | J34: 37 | K34: 36 | L34: 36 | M34: 40 | N34: 41 | O34: =SUM(C34:N34)/12 -> 39.5 | P34: =SUM(O34-O33) -> -1.5833333 | Q34: =SUM(P34/O33) -> -0.038539554
B35: FY09 | C35: 32 | D35: 34 | E35: 31 | F35: 32 | G35: 33 | H35: 31 | I35: 31 | J35: 31 | K35: 34 | L35: 36 | M35: 40 | N35: 39 | O35: =SUM(C35:N35)/12 -> 33.666667 | P35: =SUM(O35-O34) -> -5.8333333 | Q35: =SUM(P35/O34) -> -0.14767932
B36: FY10 | C36: 43 | D36: 43 | E36: 41 | F36: 0 | G36: 0 | H36: 0 | I36: 35 | J36: 35 | K36: 38 | L36: 36 | M36: 35 | N36: 32 | O36: =SUM(C36:N36)/9 -> 37.555556 | P36: =SUM(O36-O35) -> 3.8888889 | Q36: =SUM(P36/O35) -> 0.11551155
B37: FY11 | C37: 32 | D37: 33 | E37: 46 | F37: 60 | G37: 63 | H37: 62 | I37: 63 | J37: 64 | K37: 61 | L37: 60 | M37: 67 | N37: 70 | O37: =SUM(C37:N37)/12 -> 56.75 | P37: =SUM(O37-O36) -> 19.194444 | Q37: =SUM(P37/O36) -> 0.51109467
B38: FY12 | C38: 68 | D38: 65 | E38: 62 | F38: 61 | G38: 65 | H38: 66 | I38: 68 | J38: 66 | K38: 70 | L38: 68 | M38: 65 | N38: 68 | O38: =SUM(C38:N38)/12 -> 66 | P38: =SUM(O38-O37) -> 9.25 | Q38: =SUM(P38/O37) -> 0.16299559
B39: FY13 | C39: 70 | D39: 71 | E39: 74 | F39: 74 | G39: 74 | H39: 79 | I39: 77 | J39: 80 | K39: 70 | L39: 66 | M39: 65 | N39: 57 | O39: =SUM(C39:N39)/12 -> 71.416667 | P39: =SUM(O39-O38) -> 5.4166667 | Q39: =SUM(P39/O38) -> 0.082070707
B40: FY14 | C40: 55 | D40: 70 | E40: 75 | F40: 77 | G40: 78 | H40: 51 | I40: 46 | J40: 50 | K40: 52 | L40: 52 | M40: 53 | N40: 59 | O40: =SUM(C40:N40)/12 -> 59.833333 | P40: =SUM(O40-O39) -> -11.583333 | Q40: =SUM(P40/O39) -> -0.1621937
B41: FY15 | C41: 56 | D41: 56 | E41: 56 | F41: 60 | G41: 51 | H41: 50 | I41: 54 | J41: 54 | K41: 7 | L41: 7 | M41: 8 | N41: 8 | O41: =SUM(C41:N41)/12 -> 38.916667 | P41: =SUM(O41-O40) -> -20.916667 | Q41: =SUM(P41/O40) -> -0.34958217
B42: FY16 | C42: 8 | D42: 7 | E42: 7 | F42: 6 | G42: 4 | H42: 4 | I42: 5 | J42: 5 | K42: 5 | L42: 5 | M42: 32 | N42: 29 | O42: =SUM(C42:N42)/12 -> 9.75 | P42: =SUM(O42-O41) -> -29.166667 | Q42: =SUM(P42/O41) -> -0.74946467
B43: FY17 | C43: 30 | D43: 32 | E43: 34 | F43: 35 | G43: 33 | H43: 31 | I43: 31 | J43: 29 | K43: 29 | L43: 27 | M43: 26 | N43: 24 | O43: =SUM(C43:N43)/12 -> 30.083333 | P43: =SUM(O43-O42) -> 20.333333 | Q43: =SUM(P43/O42) -> 2.0854701
B44: FY18 | C44: 47 | D44: 45 | E44: 42 | F44: 41 | G44: 38 | H44: 37 | I44: 41 | J44: 39 | K44: 38 | L44: 35 | M44: 37 | N44: 39 | O44: =SUM(C44:N44)/12 -> 39.916667 | P44: =SUM(O44-O43) -> 9.8333333 | Q44: =SUM(P44/O43) -> 0.32686981 | R44: Increase in July due to Bethel vacant cases being assigned to Barrow for coverage
B45: FY19 | C45: 37 | D45: 34 | E45: 32 | F45: 32 | G45: 36 | H45: 38 | I45: 37 | J45: 37 | K45: 33 | L45: 36 | M45: 36 | N45: 32 | O45: =SUM(C45:N45)/12 -> 35 | P45: =SUM(O45-O44) -> -4.9166667 | Q45: =SUM(P45/O44) -> -0.12317328
B46: FY20 | C46: 29 | D46: 29 | E46: 30 | F46: 31 | G46: 30 | H46: 31 | I46: 32 | J46: 33 | K46: 39 | L46: 37 | M46: 40 | N46: 40 | O46: =SUM(C46:N46)/12 -> 33.416667 | P46: =SUM(O46-O45) -> -1.5833333 | Q46: =SUM(P46/O45) -> -0.045238095
B47: FY21 | C47: 39
A49: Bethel Probation Office | B49: Year | C49: Jul | D49: Aug | E49: Sep | F49: Oct | G49: Nov | H49: Dec | I49: Jan | J49: Feb | K49: Mar | L49: Apr | M49: May | N49: June
B50: FY00 | C50: 305 | D50: 299 | E50: 289 | F50: 276 | G50: 277 | H50: 295 | I50: 283 | J50: 273 | K50: 259 | L50: 249 | M50: 241 | N50: 237 | O50: =SUM(C50:N50)/12 -> 273.58333
B51: FY01 | C51: 237 | D51: 230 | E51: 230 | F51: 230 | G51: 231 | H51: 215 | I51: 218 | J51: 212 | K51: 214 | L51: 217 | M51: 220 | N51: 218 | O51: =SUM(C51:N51)/12 -> 222.66667 | P51: =SUM(O51-O50) -> -50.916667 | Q51: =SUM(P51/O50) -> -0.18611027
B52: FY02 | C52: 231 | D52: 230 | E52: 234 | F52: 229 | G52: 230 | H52: 240 | I52: 245 | J52: 250 | K52: 255 | L52: 260 | M52: 265 | N52: 270 | O52: =SUM(C52:N52)/12 -> 244.91667 | P52: =SUM(O52-O51) -> 22.25 | Q52: =SUM(P52/O51) -> 0.09992515
B53: FY03 | C53: 280 | D53: 237 | E53: 253 | F53: 253 | G53: 253 | H53: 253 | I53: 253 | J53: 253 | K53: 253 | L53: 260 | M53: 265 | N53: 270 | O53: =SUM(C53:N53)/12 -> 256.91667 | P53: =SUM(O53-O52) -> 12 | Q53: =SUM(P53/O52) -> 0.048996257
B54: FY04 | C54: 288 | D54: 261 | E54: 258 | F54: 267 | G54: 259 | H54: 267 | I54: 272 | J54: 273 | K54: 300 | L54: 296 | M54: 319 | N54: 317 | O54: =SUM(C54:N54)/12 -> 281.41667 | P54: =SUM(O54-O53) -> 24.5 | Q54: =SUM(P54/O53) -> 0.095361661
B55: FY05 | C55: 297 | D55: 306 | E55: 312 | F55: 311 | G55: 312 | H55: 252 | I55: 312 | J55: 314 | K55: 316 | L55: 235 | M55: 248 | N55: 323 | O55: =SUM(C55:N55)/12 -> 294.83333 | P55: =SUM(O55-O54) -> 13.416667 | Q55: =SUM(P55/O54) -> 0.047675452
B56: FY06 | C56: 322 | D56: 318 | E56: 302 | F56: 299 | G56: 301 | H56: 296 | I56: 286 | J56: 290 | K56: 283 | L56: 284 | M56: 289 | N56: 279 | O56: =SUM(C56:N56)/12 -> 295.75 | P56: =SUM(O56-O55) -> 0.91666667 | Q56: =SUM(P56/O55) -> 0.0031091012
B57: FY07 | C57: 278 | D57: 270 | E57: 262 | F57: 253 | G57: 261 | H57: 259 | I57: 254 | J57: 255 | K57: 249 | L57: 267 | M57: 263 | N57: 250 | O57: =SUM(C57:N57)/12 -> 260.08333 | P57: =SUM(O57-O56) -> -35.666667 | Q57: =SUM(P57/O56) -> -0.12059735
B58: FY08 | C58: 247 | D58: 250 | E58: 240 | F58: 238 | G58: 230 | H58: 228 | I58: 230 | J58: 228 | K58: 226 | L58: 224 | M58: 228 | N58: 233 | O58: =SUM(C58:N58)/12 -> 233.5 | P58: =SUM(O58-O57) -> -26.583333 | Q58: =SUM(P58/O57) -> -0.10221083
B59: FY09 | C59: 212 | D59: 216 | E59: 221 | F59: 228 | G59: 226 | H59: 230 | I59: 222 | J59: 225 | K59: 236 | L59: 242 | M59: 246 | N59: 252 | O59: =SUM(C59:N59)/12 -> 229.66667 | P59: =SUM(O59-O58) -> -3.8333333 | Q59: =SUM(P59/O58) -> -0.016416845
B60: FY10 | C60: 247 | D60: 248 | E60: 247 | F60: 247 | G60: 254 | H60: 258 | I60: 257 | J60: 255 | K60: 252 | L60: 251 | M60: 249 | N60: 259 | O60: =SUM(C60:N60)/12 -> 252 | P60: =SUM(O60-O59) -> 22.333333 | Q60: =SUM(P60/O59) -> 0.09724238
B61: FY11 | C61: 264 | D61: 260 | E61: 262 | F61: 259 | G61: 247 | H61: 238 | I61: 224 | J61: 232 | K61: 239 | L61: 243 | M61: 246 | N61: 247 | O61: =SUM(C61:N61)/12 -> 246.75 | P61: =SUM(O61-O60) -> -5.25 | Q61: =SUM(P61/O60) -> -0.020833333 | R61: 15 SO cases shifted to Kenai
B62: FY12 | C62: 257 | D62: 248 | E62: 250 | F62: 264 | G62: 265 | H62: 270 | I62: 279 | J62: 279 | K62: 266 | L62: 260 | M62: 260 | N62: 272 | O62: =SUM(C62:N62)/12 -> 264.16667 | P62: =SUM(O62-O61) -> 17.416667 | Q62: =SUM(P62/O61) -> 0.070584262
B63: FY13 | C63: 276 | D63: 277 | E63: 283 | F63: 298 | G63: 294 | H63: 295 | I63: 289 | J63: 284 | K63: 288 | L63: 290 | M63: 303 | N63: 300 | O63: =SUM(C63:N63)/12 -> 289.75 | P63: =SUM(O63-O62) -> 25.583333 | Q63: =SUM(P63/O62) -> 0.096845426
B64: FY14 | C64: 305 | D64: 296 | E64: 293 | F64: 294 | G64: 286 | H64: 283 | I64: 274 | J64: 260 | K64: 259 | L64: 266 | M64: 259 | N64: 266 | O64: =SUM(C64:N64)/12 -> 278.41667 | P64: =SUM(O64-O63) -> -11.333333 | Q64: =SUM(P64/O63) -> -0.039114179
B65: FY15 | C65: 256 | D65: 252 | E65: 248 | F65: 249 | G65: 253 | H65: 244 | I65: 234 | J65: 221 | K65: 233 | L65: 230 | M65: 238 | N65: 251 | O65: =SUM(C65:N65)/12 -> 242.41667 | P65: =SUM(O65-O64) -> -36 | Q65: =SUM(P65/O64) -> -0.1293026
B66: FY16 | C66: 254 | D66: 242 | E66: 239 | F66: 236 | G66: 231 | H66: 238 | I66: 229 | J66: 248 | K66: 244 | L66: 254 | M66: 257 | N66: 258 | O66: =SUM(C66:N66)/12 -> 244.16667 | P66: =SUM(O66-O65) -> 1.75 | Q66: =SUM(P66/O65) -> 0.0072189756
B67: FY17 | C67: 255 | D67: 254 | E67: 247 | F67: 241 | G67: 243 | H67: 231 | I67: 230 | J67: 227 | K67: 234 | L67: 233 | M67: 238 | N67: 233 | O67: =SUM(C67:N67)/12 -> 238.83333 | P67: =SUM(O67-O66) -> -5.3333333 | Q67: =SUM(P67/O66) -> -0.021843003
B68: FY18 | C68: 209 | D68: 206 | E68: 206 | F68: 201 | G68: 197 | H68: 190 | I68: 185 | J68: 183 | K68: 148 | L68: 143 | M68: 166 | N68: 170 | O68: =SUM(C68:N68)/12 -> 183.66667 | P68: =SUM(O68-O67) -> -55.166667 | Q68: =SUM(P68/O67) -> -0.23098395 | R68: 26 cases shifted to Kenai
B69: FY19 | C69: 173 | D69: 173 | E69: 171 | F69: 174 | G69: 174 | H69: 175 | I69: 183 | J69: 189 | K69: 198 | L69: 225 | M69: 235 | N69: 254 | O69: =SUM(C69:N69)/12 -> 193.66667 | P69: =SUM(O69-O68) -> 10 | Q69: =SUM(P69/O68) -> 0.054446461
B70: FY20 | C70: 268 | D70: 175 | E70: 179 | F70: 183 | G70: 196 | H70: 202 | I70: 211 | J70: 212 | K70: 210 | L70: 215 | M70: 223 | N70: 223 | O70: =SUM(C70:N70)/12 -> 208.08333 | P70: =SUM(O70-O69) -> 14.416667 | Q70: =SUM(P70/O69) -> 0.07444062
B71: FY21 | C71: 225
A72: Dillingham Probation Office | B72: Year | C72: Jul | D72: Aug | E72: Sep | F72: Oct | G72: Nov | H72: Dec | I72: Jan | J72: Feb | K72: Mar | L72: Apr | M72: May | N72: June
B73: FY00 | C73: 65 | D73: 62 | E73: 57 | F73: 56 | G73: 52 | H73: 51 | I73: 49 | J73: 55 | K73: 59 | L73: 55 | M73: 54 | N73: 66 | O73: =SUM(C73:N73)/12 -> 56.75
B74: FY01 | C74: 67 | D74: 72 | E74: 72 | F74: 73 | G74: 71 | H74: 74 | I74: 74 | J74: 74 | K74: 70 | L74: 66 | M74: 62 | N74: 63 | O74: =SUM(C74:N74)/12 -> 69.833333 | P74: =SUM(O74-O73) -> 13.083333 | Q74: =SUM(P74/O73) -> 0.23054332
B75: FY02 | C75: 68 | D75: 75 | E75: 74 | F75: 79 | G75: 75 | H75: 74 | I75: 64 | J75: 75 | K75: 76 | L75: 78 | M75: 79 | N75: 81 | O75: =SUM(C75:N75)/12 -> 74.833333 | P75: =SUM(O75-O74) -> 5 | Q75: =SUM(P75/O74) -> 0.071599045
B76: FY03 | C76: 76 | D76: 79 | E76: 76 | F76: 74 | G76: 72 | H76: 70 | I76: 68 | J76: 59 | K76: 67 | L76: 66 | M76: 67 | N76: 64 | O76: =SUM(C76:N76)/12 -> 69.833333 | P76: =SUM(O76-O75) -> -5 | Q76: =SUM(P76/O75) -> -0.066815145
B77: FY04 | C77: 67 | D77: 57 | E77: 57 | F77: 58 | G77: 57 | H77: 60 | I77: 55 | J77: 55 | K77: 64 | L77: 61 | M77: 68 | N77: 67 | O77: =SUM(C77:N77)/12 -> 60.5 | P77: =SUM(O77-O76) -> -9.3333333 | Q77: =SUM(P77/O76) -> -0.13365155
B78: FY05 | C78: 71 | D78: 62 | E78: 61 | F78: 59 | G78: 54 | H78: 56 | I78: 56 | J78: 58 | K78: 60 | L78: 65 | M78: 72 | N78: 75 | O78: =SUM(C78:N78)/12 -> 62.416667 | P78: =SUM(O78-O77) -> 1.9166667 | Q78: =SUM(P78/O77) -> 0.031680441
B79: FY06 | C79: 76 | D79: 73 | E79: 67 | F79: 66 | G79: 66 | H79: 68 | I79: 69 | J79: 72 | K79: 69 | L79: 75 | M79: 73 | N79: 74 | O79: =SUM(C79:N79)/12 -> 70.666667 | P79: =SUM(O79-O78) -> 8.25 | Q79: =SUM(P79/O78) -> 0.13217623
B80: FY07 | C80: 72 | D80: 72 | E80: 71 | F80: 73 | G80: 77 | H80: 76 | I80: 76 | J80: 78 | K80: 74 | L80: 88 | M80: 92 | N80: 76 | O80: =SUM(C80:N80)/12 -> 77.083333 | P80: =SUM(O80-O79) -> 6.4166667 | Q80: =SUM(P80/O79) -> 0.090801887
B81: FY08 | C81: 76 | D81: 79 | E81: 94 | F81: 75 | G81: 79 | H81: 77 | I81: 83 | J81: 83 | K81: 86 | L81: 85 | M81: 82 | N81: 89 | O81: =SUM(C81:N81)/12 -> 82.333333 | P81: =SUM(O81-O80) -> 5.25 | Q81: =SUM(P81/O80) -> 0.068108108
B82: FY09 | C82: 92 | D82: 91 | E82: 95 | F82: 93 | G82: 96 | H82: 94 | I82: 91 | J82: 90 | K82: 91 | L82: 95 | M82: 96 | N82: 73 | O82: =SUM(C82:N82)/12 -> 91.416667 | P82: =SUM(O82-O81) -> 9.0833333 | Q82: =SUM(P82/O81) -> 0.11032389
B83: FY10 | C83: 72 | D83: 72 | E83: 65 | F83: 62 | G83: 61 | H83: 65 | I83: 68 | J83: 70 | K83: 68 | L83: 70 | M83: 71 | N83: 73 | O83: =SUM(C83:N83)/12 -> 68.083333 | P83: =SUM(O83-O82) -> -23.333333 | Q83: =SUM(P83/O82) -> -0.25524157
B84: FY11 | C84: 72 | D84: 70 | E84: 73 | F84: 77 | G84: 74 | H84: 74 | I84: 76 | J84: 75 | K84: 77 | L84: 82 | M84: 85 | N84: 88 | O84: =SUM(C84:N84)/12 -> 76.916667 | P84: =SUM(O84-O83) -> 8.8333333 | Q84: =SUM(P84/O83) -> 0.12974296
B85: FY12 | C85: 88 | D85: 84 | E85: 81 | F85: 81 | G85: 79 | H85: 79 | I85: 77 | J85: 82 | K85: 80 | L85: 73 | M85: 76 | N85: 76 | O85: =SUM(C85:N85)/12 -> 79.666667 | P85: =SUM(O85-O84) -> 2.75 | Q85: =SUM(P85/O84) -> 0.035752979
... B90: FY17 | C90: 52 | D90: 53 | E90: 56 | F90: 51 | G90: 48 | H90: 50 | I90: 51 | J90: 48 | K90: 50 | L90: 52 | M90: 53 | N90: 53 | O90: =SUM(C90:N90)/12 -> 51.416667 | P90: =SUM(O90-O89) -> -10.5 | Q90: =SUM(P90/O89) -> -0.16958277
B91: FY18 | C91: 47 | D91: 47 | E91: 47 | F91: 49 | G91: 46 | H91: 47 | I91: 49 | J91: 47 | K91: 43 | L91: 40 | M91: 3 | N91: 2 | O91: =SUM(C91:N91)/12 -> 38.916667 | P91: =SUM(O91-O90) -> -12.5 | Q91: =SUM(P91/O90) -> -0.24311183 | R91: Cases shifted to Kodiak following PO III retirement
B92: FY19 | C92: 2 | D92: 2 | E92: 2 | F92: 2 | G92: 2 | H92: 2 | I92: 2 | J92: 34 | K92: 2 | L92: 2 | M92: 2 | N92: 1 | O92: =SUM(C92:N92)/12 -> 4.5833333 | P92: =SUM(O92-O91) -> -34.333333 | Q92: =SUM(P92/O91) -> -0.88222698
B93: FY20 | C93: 0 | D93: 0 | E93: 0 | F93: 0 | G93: 0 | H93: 0 | I93: 0 | J93: 0 | K93: 0 | L93: 0 | M93: 0 | N93: 0 | O93: =SUM(C93:N93)/12 -> 0 | P93: =SUM(O93-O92) -> -4.5833333 | Q93: =SUM(P93/O92) -> -1
B94: FY21 | C94: 44
A96: Fairbanks Probation Office | B96: Year | C96: Jul | D96: Aug | E96: Sep | F96: Oct | G96: Nov | H96: Dec | I96: Jan | J96: Feb | K96: Mar | L96: Apr | M96: May | N96: June
B97: FY00 | C97: 683 | D97: 675 | E97: 696 | F97: 659 | G97: 661 | H97: 650 | I97: 666 | J97: 688 | K97: 667 | L97: 670 | M97: 639 | N97: 653 | O97: =SUM(C97:N97)/12 -> 667.25
B98: FY01 | C98: 624 | D98: 643 | E98: 636 | F98: 670 | G98: 642 | H98: 655 | I98: 650 | J98: 660 | K98: 644 | L98: 672 | M98: 658 | N98: 659 | O98: =SUM(C98:N98)/12 -> 651.08333 | P98: =SUM(O98-O97) -> -16.166667 | Q98: =SUM(P98/O97) -> -0.0242288
B99: FY02 | C99: 661 | D99: 673 | E99: 672 | F99: 632 | G99: 611 | H99: 620 | I99: 633 | J99: 653 | K99: 659 | L99: 665 | M99: 671 | N99: 677 | O99: =SUM(C99:N99)/12 -> 652.25 | P99: =SUM(O99-O98) -> 1.1666667 | Q99: =SUM(P99/O98) -> 0.0017918853
B100: FY03 | C100: 561 | D100: 574 | E100: 593 | F100: 589 | G100: 589 | H100: 589 | I100: 589 | J100: 589 | K100: 589 | L100: 589 | M100: 589 | N100: 623 | O100: =SUM(C100:N100)/12 -> 588.58333 | P100: =SUM(O100-O99) -> -63.666667 | Q100: =SUM(P100/O99) -> -0.097610834
B101: FY04 | C101: 585 | D101: 542 | E101: 535 | F101: 545 | G101: 547 | H101: 584 | I101: 608 | J101: 604 | K101: 592 | L101: 599 | M101: 628 | N101: 595 | O101: =SUM(C101:N101)/12 -> 580.33333 | P101: =SUM(O101-O100) -> -8.25 | Q101: =SUM(P101/O100) -> -0.014016707
B102: FY05 | C102: 601 | D102: 626 | E102: 662 | F102: 646 | G102: 635 | H102: 634 | I102: 628 | J102: 656 | K102: 666 | L102: 657 | M102: 576 | N102: 650 | O102: =SUM(C102:N102)/12 -> 636.41667 | P102: =SUM(O102-O101) -> 56.083333 | Q102: =SUM(P102/O101) -> 0.096639862
B103: FY06 | C103: 648 | D103: 660 | E103: 652 | F103: 651 | G103: 646 | H103: 659 | I103: 646 | J103: 702 | K103: 699 | L103: 703 | M103: 711 | N103: 718 | O103: =SUM(C103:N103)/12 -> 674.58333 | P103: =SUM(O103-O102) -> 38.166667 | Q103: =SUM(P103/O102) -> 0.059971193
B104: FY07 | C104: 731 | D104: 726 | E104: 720 | F104: 696 | G104: 731 | H104: 721 | I104: 713 | J104: 701 | K104: 691 | L104: 789 | M104: 764 | N104: 691 | O104: =SUM(C104:N104)/12 -> 722.83333 | P104: =SUM(O104-O103) -> 48.25 | Q104: =SUM(P104/O103) -> 0.071525633
B105: FY08 | C105: 684 | D105: 691 | E105: 716 | F105: 676 | G105: 671 | H105: 676 | I105: 674 | J105: 667 | K105: 669 | L105: 676 | M105: 714 | N105: 718 | O105: =SUM(C105:N105)/12 -> 686 | P105: =SUM(O105-O104) -> -36.833333 | Q105: =SUM(P105/O104) -> -0.050956883
B106: FY09 | C106: 681 | D106: 689 | E106: 680 | F106: 661 | G106: 661 | H106: 678 | I106: 672 | J106: 687 | K106: 677 | L106: 674 | M106: 674 | N106: 691 | O106: =SUM(C106:N106)/12 -> 677.08333 | P106: =SUM(O106-O105) -> -8.9166667 | Q106: =SUM(P106/O105) -> -0.012998056
B107: FY10 | C107: 685 | D107: 703 | E107: 697 | F107: 714 | G107: 713 | H107: 746 | I107: 722 | J107: 724 | K107: 728 | L107: 696 | M107: 695 | N107: 676 | O107: =SUM(C107:N107)/12 -> 708.25 | P107: =SUM(O107-O106) -> 31.166667 | Q107: =SUM(P107/O106) -> 0.046030769
B108: FY11 | C108: 691 | D108: 666 | E108: 624 | F108: 670 | G108: 672 | H108: 675 | I108: 651 | J108: 642 | K108: 588 | L108: 663 | M108: 660 | N108: 646 | O108: =SUM(C108:N108)/12 -> 654 | P108: =SUM(O108-O107) -> -54.25 | Q108: =SUM(P108/O107) -> -0.076597247
B109: FY12 | C109: 652 | D109: 655 | E109: 667 | F109: 658 | G109: 671 | H109: 681 | I109: 677 | J109: 673 | K109: 663 | L109: 656 | M109: 662 | N109: 679 | O109: =SUM(C109:N109)/12 -> 666.16667 | P109: =SUM(O109-O108) -> 12.166667 | Q109: =SUM(P109/O108) -> 0.018603466
... B117: FY20 | C117: 446 | D117: 446 | E117: 455 | F117: 438 | G117: 434 | H117: 439 | I117: 453 | J117: 443 | K117: 431 | L117: 431 | M117: 450 | N117: 452 | O117: =SUM(C117:N117)/12 -> 443.16667 | P117: =SUM(O117-O116) -> -13 | Q117: =SUM(P117/O116) -> -0.028498356
B118: FY21 | C118: 457
A119: Juneau Probation Office | B119: Year | C119: Jul | D119: Aug | E119: Sep | F119: Oct | G119: Nov | H119: Dec | I119: Jan | J119: Feb | K119: Mar | L119: Apr | M119: May | N119: June
B120: FY00 | C120: 227 | D120: 238 | E120: 241 | F120: 237 | G120: 237 | H120: 245 | I120: 239 | J120: 232 | K120: 228 | L120: 226 | M120: 226 | N120: 238 | O120: =SUM(C120:N120)/12 -> 234.5
B121: FY01 | C121: 227 | D121: 234 | E121: 235 | F121: 220 | G121: 231 | H121: 222 | I121: 209 | J121: 216 | K121: 219 | L121: 212 | M121: 211 | N121: 211 | O121: =SUM(C121:N121)/12 -> 220.58333 | P121: =SUM(O121-O120) -> -13.916667 | Q121: =SUM(P121/O120) -> -0.059346127
...

Sheet Qtrly's-Cntsht Book
A1: ANNUAL TOTAL MANDAYS
A2: FY2020 | B2: AVERAGE DAILY INMATE POPULATION
B3: Max | C3: Gen Capacity | G3: AVERAGE QTRLY | H3: Total Quarterly Mandays | L3: AVERAGE QTRLY | M3: Total Quarterly Mandays | Q3: AVERAGE QTRLY | R3: Total Quarterly Mandays | V3: AVERAGE QTRLY | W3: Total Quarterly Mandays | X3: ANNUAL AVERAGE DAILY | Y3: ANNUAL TOTAL MANDAYS
A4: Institutions | B4: Capactiy | D4: 43647 | E4: 43678 | F4: 43709 | I4: 43739 | J4: 43770 | K4: 43800 | N4: 43831 | O4: 43862 | P4: 43891 | S4: 43922 | T4: 43952 | U4: 43983
A5: Anchorage Complex | B5: 863 | C5: 829 | D5: 843 | E5: 863.3 | F5: 898.8 | G5: =SUM(D5:F5)/3 -> 868.36667 | H5: =G5*92 -> 79889.733 | I5: 907.5 | J5: 921.6 | K5: 878.2 | L5: =SUM(I5:K5)/3 -> 902.43333 | M5: =L5*92 -> 83023.867 | N5: 873.7 | O5: 891 | P5: 879.8 | Q5: =SUM(N5:P5)/3 -> 881.5 | R5: =Q5*91 -> 80216.5 | S5: 815 | T5: 842.3 | U5: 908.4 | V5: =SUM(S5:U5)/3 -> 855.23333 | W5: =V5*91 -> 77826.233 | X5: =SUM(D5+E5+F5+I5+J5+K5+N5+O5+P5+S5+T5+U5)/12 -> 876.88333 | Y5: =X5*366 -> 320939.3
A6: Anvil Mountain CC | B6: 128 | C6: 126 | D6: 132.2 | E6: 135.1 | F6: 136.7 | G6: =SUM(D6:F6)/3 -> 134.66667 | H6: =G6*92 -> 12389.333 | I6: 124.3 | J6: 120.6 | K6: 128.4 | L6: =SUM(I6:K6)/3 -> 124.43333 | M6: =L6*92 -> 11447.867 | N6: 120 | O6: 114.2 | P6: 113.5 | Q6: =SUM(N6:P6)/3 -> 115.9 | R6: =Q6*91 -> 10546.9 | S6: 108.4 | T6: 120.3 | U6: 130.2 | V6: =SUM(S6:U6)/3 -> 119.63333 | W6: =V6*91 -> 10886.633 | X6: =SUM(D6+E6+F6+I6+J6+K6+N6+O6+P6+S6+T6+U6)/12 -> 123.65833 | Y6: =X6*366 -> 45258.95
A7: Fairbanks CC | B7: 259 | C7: 248 | D7: 279.5 | E7: 286.3 | F7: 292.1 | G7: =SUM(D7:F7)/3 -> 285.96667 | H7: =G7*92 -> 26308.933 | I7: 269.9 | J7: 259.8 | K7: 263.3 | L7: =SUM(I7:K7)/3 -> 264.33333 | M7: =L7*92 -> 24318.667 | N7: 279.3 | O7: 288.3 | P7: 281.4 | Q7: =SUM(N7:P7)/3 -> 283 | R7: =Q7*91 -> 25753 | S7: 244.6 | T7: 267.5 | U7: 278.6 | V7: =SUM(S7:U7)/3 -> 263.56667 | W7: =V7*91 -> 23984.567 | X7: =SUM(D7+E7+F7+I7+J7+K7+N7+O7+P7+S7+T7+U7)/12 -> 274.21667 | Y7: =X7*366 -> 100363.3
A8: Goose Creek CC | B8: 1472 | C8: 1408 | D8: 1339.2 | E8: 1341.6 | F8: 1366.96 | G8: =SUM(D8:F8)/3 -> 1349.2533 | H8: =G8*92 -> 124131.31 | I8: 1414.5 | J8: 1423.5 | K8: 1450.9 | L8: =SUM(I8:K8)/3 -> 1429.6333 | M8: =L8*92 -> 131526.27 | N8: 1442.9 | O8: 1433.1 | P8: 1427 | Q8: =SUM(N8:P8)/3 -> 1434.3333 | R8: =Q8*91 -> 130524.33 | S8: 1293.7 | T8: 1155.9 | U8: 1099.4 | V8: =SUM(S8:U8)/3 -> 1183 | W8: =V8*91 -> 107653 | X8: =SUM(D8+E8+F8+I8+J8+K8+N8+O8+P8+S8+T8+U8)/12 -> 1349.055 | Y8: =X8*366 -> 493754.13
A9: Combined Hiland Mtn CC | B9: 404 | C9: 395 | D9: 292.6 | E9: 298.9 | F9: 325.3 | G9: =SUM(D9:F9)/3 -> 305.6 | H9: =G9*92 -> 28115.2 | I9: 337.5 | J9: 331 | K9: 315.4 | L9: =SUM(I9:K9)/3 -> 327.96667 | M9: =L9*92 -> 30172.933 | N9: 310.6 | O9: 295.7 | P9: 322.2 | Q9: =SUM(N9:P9)/3 -> 309.5 | R9: =Q9*91 -> 28164.5 | S9: 272.6 | T9: 244.3 | U9: 257.9 | V9: =SUM(S9:U9)/3 -> 258.26667 | W9: =V9*91 -> 23502.267 | X9: =SUM(D9+E9+F9+I9+J9+K9+N9+O9+P9+S9+T9+U9)/12 -> 300.33333 | Y9: =X9*366 -> 109922
A10: Ketchikan CC | B10: 58 | C10: 52 | D10: 55.3 | E10: 61.6 | F10: 56 | G10: =SUM(D10:F10)/3 -> 57.633333 | H10: =G10*92 -> 5302.2667 | I10: 61 | J10: 56.8 | K10: 59.9 | L10: =SUM(I10:K10)/3 -> 59.233333 | M10: =L10*92 -> 5449.4667 | N10: 68.4 | O10: 68.4 | P10: 64.5 | Q10: =SUM(N10:P10)/3 -> 67.1 | R10: =Q10*91 -> 6106.1 | S10: 47.2 | T10: 46.7 | U10: 53.4 | V10: =SUM(S10:U10)/3 -> 49.1 | W10: =V10*91 -> 4468.1 | X10: =SUM(D10+E10+F10+I10+J10+K10+N10+O10+P10+S10+T10+U10)/12 -> 58.266667 | Y10: =X10*366 -> 21325.6
A11: Lemon Creek CC | B11: 232 | C11: 226 | D11: 242.6 | E11: 256.8 | F11: 254.1 | G11: =SUM(D11:F11)/3 -> 251.16667 | H11: =G11*92 -> 23107.333 | I11: 226.7 | J11: 223.8 | K11: 230.9 | L11: =SUM(I11:K11)/3 -> 227.13333 | M11: =L11*92 -> 20896.267 | N11: 224.7 | O11: 250.3 | P11: 245.9 | Q11: =SUM(N11:P11)/3 -> 240.3 | R11: =Q11*91 -> 21867.3 | S11: 217 | T11: 214.2 | U11: 212.8 | V11: =SUM(S11:U11)/3 -> 214.66667 | W11: =V11*91 -> 19534.667 | X11: =SUM(D11+E11+F11+I11+J11+K11+N11+O11+P11+S11+T11+U11)/12 -> 233.31667 | Y11: =X11*366 -> 85393.9
A12: Mat-Su CC | B12: 102 | C12: 98 | D12: 89.7 | E12: 84.6 | F12: 87.2 | G12: =SUM(D12:F12)/3 -> 87.166667 | H12: =G12*92 -> 8019.3333 | I12: 88.7 | J12: 93.4 | K12: 93.2 | L12: =SUM(I12:K12)/3 -> 91.766667 | M12: =L12*92 -> 8442.5333 | N12: 91.4 | O12: 100.8 | P12: 94.1 | Q12: =SUM(N12:P12)/3 -> 95.433333 | R12: =Q12*91 -> 8684.4333 | S12: 79.6 | T12: 89 | U12: 93.4 | V12: =SUM(S12:U12)/3 -> 87.333333 | W12: =V12*91 -> 7947.3333 | X12: =SUM(D12+E12+F12+I12+J12+K12+N12+O12+P12+S12+T12+U12)/12 -> 90.425 | Y12: =X12*366 -> 33095.55
A13: Combined Palmer CC | B13: =338+176 -> 514 | C13: =327+176 -> 503 | D13: 0 | E13: 0 | F13: 0 | G13: =SUM(D13:F13)/3 -> 0 | H13: =G13*92 -> 0 | I13: 0 | J13: 0 | K13: 0 | L13: =SUM(I13:K13)/3 -> 0 | M13: =L13*92 -> 0 | N13: 0 | O13: 0 | P13: 0 | Q13: =SUM(N13:P13)/3 -> 0 | R13: =Q13*91 -> 0 | S13: 0 | T13: 0 | U13: 0 | V13: =SUM(S13:U13)/3 -> 0 | W13: =V13*91 -> 0 | X13: =SUM(D13+E13+F13+I13+J13+K13+N13+O13+P13+S13+T13+U13)/12 -> 0 | Y13: =X13*366 -> 0
A14: Pt. MacKenzie | B14: 128 | C14: 128 | D14: 100 | E14: 98.9 | F14: 89.8 | G14: =SUM(D14:F14)/3 -> 96.233333 | H14: =G14*92 -> 8853.4667 | I14: 87.5 | J14: 80.4 | K14: 73.5 | L14: =SUM(I14:K14)/3 -> 80.466667 | M14: =L14*92 -> 7402.9333 | N14: 74.9 | O14: 68.1 | P14: 75.8 | Q14: =SUM(N14:P14)/3 -> 72.933333 | R14: =Q14*91 -> 6636.9333 | S14: 76.1 | T14: 64.9 | U14: 62.9 | V14: =SUM(S14:U14)/3 -> 67.966667 | W14: =V14*91 -> 6184.9667 | X14: =SUM(D14+E14+F14+I14+J14+K14+N14+O14+P14+S14+T14+U14)/12 -> 79.4 | Y14: =X14*366 -> 29060.4
A15: Spring Creek CC | B15: 551 | C15: 535 | D15: 475.2 | E15: 488.9 | F15: 492.6 | G15: =SUM(D15:F15)/3 -> 485.56667 | H15: =G15*92 -> 44672.133 | I15: 502.4 | J15: 512.9 | K15: 535.9 | L15: =SUM(I15:K15)/3 -> 517.06667 | M15: =L15*92 -> 47570.133 | N15: 533.1 | O15: 533.4 | P15: 543.1 | Q15: =SUM(N15:P15)/3 -> 536.53333 | R15: =Q15*91 -> 48824.533 | S15: 529.5 | T15: 515.7 | U15: 514.8 | V15: =SUM(S15:U15)/3 -> 520 | W15: =V15*91 -> 47320 | X15: =SUM(D15+E15+F15+I15+J15+K15+N15+O15+P15+S15+T15+U15)/12 -> 514.79167 | Y15: =X15*366 -> 188413.75
A16: Combined Wildwood CC* | B16: =360+116 -> 476 | C16: =354+111 -> 465 | D16: =315.2+108.3 -> 423.5 | E16: =331.5+108.6 -> 440.1 | F16: =335.8+123.9 -> 459.7 | G16: =SUM(D16:F16)/3 -> 441.1 | H16: =G16*92 -> 40581.2 | I16: =334.4+110.4 -> 444.8 | J16: =338.1+111.2 -> 449.3 | K16: =354.9+108 -> 462.9 | L16: =SUM(I16:K16)/3 -> 452.33333 | M16: =L16*92 -> 41614.667 | N16: =360.9+106.5 -> 467.4 | O16: =361.9+105.7 -> 467.6 | P16: =356.1+104.1 -> 460.2 | Q16: =SUM(N16:P16)/3 -> 465.06667 | R16: =Q16*91 -> 42321.067 | S16: =327+90.2 -> 417.2 | T16: =312.8+99.4 -> 412.2 | U16: =314+94.7 -> 408.7 | V16: =SUM(S16:U16)/3 -> 412.7 | W16: =V16*91 -> 37555.7 | X16: =SUM(D16+E16+F16+I16+J16+K16+N16+O16+P16+S16+T16+U16)/12 -> 442.8 | Y16: =X16*366 -> 162064.8
A17: Yukon-Kuskokwim CC | B17: 200 | C17: 189 | D17: 202.5 | E17: 197 | F17: 204.6 | G17: =SUM(D17:F17)/3 -> 201.36667 | H17: =G17*92 -> 18525.733 | I17: 223.9 | J17: 214.6 | K17: 215.5 | L17: =SUM(I17:K17)/3 -> 218 | M17: =L17*92 -> 20056 | N17: 223.9 | O17: 213.6 | P17: 208.9 | Q17: =SUM(N17:P17)/3 -> 215.46667 | R17: =Q17*91 -> 19607.467 | S17: 175.6 | T17: 176.4 | U17: 187.8 | V17: =SUM(S17:U17)/3 -> 179.93333 | W17: =V17*91 -> 16373.933 | X17: =SUM(D17+E17+F17+I17+J17+K17+N17+O17+P17+S17+T17+U17)/12 -> 203.69167 | Y17: =X17*366 -> 74551.15
A18: Tents | D18: 0 | E18: 0 | F18: 0 | G18: =SUM(D18:F18)/3 -> 0 | H18: =G18*92 -> 0 | I18: 0 | J18: 0 | K18: 0 | L18: =SUM(I18:K18)/3 -> 0 | M18: =L18*92 -> 0 | N18: 0 | O18: 0 | P18: 0 | Q18: =SUM(N18:P18)/3 -> 0 | R18: =Q18*91 -> 0 | S18: - | T18: - | U18: - | V18: =SUM(S18:U18)/3 -> 0 | W18: =V18*91 -> 0 | X18: 0 | Y18: =X18*366 -> 0
A19: TOTAL INSTITUTIONS | D19: =SUM(D5:D18) -> 4475.3 | E19: =SUM(E5:E18) -> 4553.1 | F19: =SUM(F5:F18) -> 4663.86 | G19: =SUM(D19:F19)/3 -> 4564.0867 | H19: =G19*92 -> 419895.97 | I19: =SUM(I5:I18) -> 4688.7 | J19: =SUM(J5:J18) -> 4687.7 | K19: =SUM(K5:K18) -> 4708 | L19: =SUM(I19:K19)/3 -> 4694.8 | M19: =L19*92 -> 431921.6 | N19: =SUM(N5:N18) -> 4710.3 | O19: =SUM(O5:O18) -> 4724.5 | P19: =SUM(P5:P18) -> 4716.4 | Q19: =SUM(N19:P19)/3 -> 4717.0667 | R19: =Q19*91 -> 429253.07 | S19: =SUM(S5:S18) -> 4276.5 | T19: =SUM(T5:T17) -> 4149.4 | U19: =SUM(U5:U18) -> 4208.3 | V19: =SUM(S19:U19)/3 -> 4211.4 | W19: =V19*91 -> 383237.4 | X19: =SUM(D19+E19+F19+I19+J19+K19+N19+O19+P19+S19+T19+U19)/12 -> 4546.8383 | Y19: =X19*366 -> 1664142.8
A20: Other | R20: =Q20*91 -> 0 | Y20: =X20*366 -> 0
A21: CRC's | B21: =463+56 -> 519 | C21: - | D21: =196.55+43.23 -> 239.78 | E21: 239.77 | F21: 240.8 | G21: =SUM(D21:F21)/3 -> 240.11667 | H21: =G21*92 -> 22090.733 | I21: 239.29 | J21: 201.73 | K21: 201.73 | L21: =SUM(I21:K21)/3 -> 214.25 | M21: =L21*92 -> 19711 | N21: 248.16 | O21: 270.9 | P21: 259.71 | Q21: =SUM(N21:P21)/3 -> 259.59 | R21: =Q21*91 -> 23622.69 | S21: 267.9 | T21: =231.26+37.61 -> 268.87 | U21: 275.37 | V21: =SUM(S21:U21)/3 -> 270.71333 | W21: =V21*91 -> 24634.913 | X21: =SUM(D21+E21+F21+I21+J21+K21+N21+O21+P21+S21+T21+U21)/12 -> 246.1675 | Y21: =X21*366 -> 90097.305
A22: CRC Offender Supervision | B22: - | C22: - | D22: 0 | E22: 0 | F22: 0 | G22: =SUM(D22:F22)/3 -> 0 | H22: =G22*92 -> 0 | I22: 0 | J22: 0 | K22: 0 | L22: =SUM(I22:K22)/3 -> 0 | M22: =L22*92 -> 0 | N22: 0 | O22: 0 | P22: 0 | Q22: =SUM(N22:P22)/3 -> 0 | R22: =Q22*91 -> 0 | S22: 0 | T22: 0 | U22: 0 | V22: =SUM(S22:U22)/3 -> 0 | W22: =V22*91 -> 0 | X22: =SUM(D22+E22+F22+I22+J22+K22+N22+O22+P22+S22+T22+U22)/12 -> 0 | Y22: =X22*366 -> 0
A23: Treatment Beds | B23: 19 | C23: - | D23: 11.87 | E23: 11.87 | F23: 9.24 | G23: =SUM(D23:F23)/3 -> 10.993333 | H23: =G23*92 -> 1011.3867 | I23: 8.9 | J23: 9.13 | K23: 9.13 | L23: =SUM(I23:K23)/3 -> 9.0533333 | M23: =L23*92 -> 832.90667 | N23: 6.94 | O23: 7.83 | P23: 8.61 | Q23: =SUM(N23:P23)/3 -> 7.7933333 | R23: =Q23*91 -> 709.19333 | S23: 11.27 | T23: =13.61+0 -> 13.61 | U23: 11.6 | V23: =SUM(S23:U23)/3 -> 12.16 | W23: =V23*91 -> 1106.56 | X23: =SUM(D23+E23+F23+I23+J23+K23+N23+O23+P23+S23+T23+U23)/12 -> 10 | Y23: =X23*366 -> 3660
A24: Electronic Monitoring | B24: n/a | C24: - | D24: 153 | E24: 153 | F24: 150 | G24: =SUM(D24:F24)/3 -> 152 | H24: =G24*92 -> 13984 | I24: 137 | J24: 140 | K24: 140 | L24: =SUM(I24:K24)/3 -> 139 | M24: =L24*92 -> 12788 | N24: 141 | O24: 153 | P24: 169 | Q24: =SUM(N24:P24)/3 -> 154.33333 | R24: =Q24*91 -> 14044.333 | S24: 168 | T24: 156 | U24: 161 | V24: =SUM(S24:U24)/3 -> 161.66667 | W24: =V24*91 -> 14711.667 | X24: =SUM(D24+E24+F24+I24+J24+K24+N24+O24+P24+S24+T24+U24)/12 -> 151.75 | Y24: =X24*366 -> 55540.5
A25: TWO (New) | B25: n/a | C25: - | D25: 3 | E25: 3 | F25: 1 | G25: =SUM(D25:F25)/3 -> 2.3333333 | H25: =G25*92 -> 214.66667 | I25: 0 | J25: 0 | K25: 0 | L25: =SUM(I25:K25)/3 -> 0 | M25: =L25*92 -> 0 | N25: 0 | O25: 0 | P25: 0 | Q25: =SUM(N25:P25)/3 -> 0 | R25: =Q25*91 -> 0 | S25: 0 | T25: 0 | U25: 0 | V25: =SUM(S25:U25)/3 -> 0 | W25: =V25*91 -> 0 | X25: =SUM(D25+E25+F25+I25+J25+K25+N25+O25+P25+S25+T25+U25)/12 -> 0.58333333 | Y25: =X25*366 -> 213.5
A26: Pretrial EM (New) | B26: n/a | C26: - | D26: 1048 | E26: 1048 | F26: 1121 | G26: =SUM(D26:F26)/3 -> 1072.3333 | H26: =G26*92 -> 98654.667 | I26: 1121 | J26: 1121 | K26: 1121 | L26: =SUM(I26:K26)/3 -> 1121 | M26: =L26*92 -> 103132 | N26: 1121 | O26: 1121 | P26: 1121 | Q26: =SUM(N26:P26)/3 -> 1121 | R26: =Q26*91 -> 102011 | S26: 1133 | T26: 1121 | U26: 1121 | V26: =SUM(S26:U26)/3 -> 1125 | W26: =V26*91 -> 102375 | X26: =SUM(D26+E26+F26+I26+J26+K26+N26+O26+P26+S26+T26+U26)/12 -> 1109.8333 | Y26: =X26*366 -> 406199
A27: Colorado | B27: n/a | C27: - | D27: N/A | E27: N/A | F27: N/A | G27: =SUM(D27:F27)/3 -> 0 | H27: =G27*92 -> 0 | I27: N/A | J27: N/A | K27: N/A | L27: =SUM(I27:K27)/3 -> 0 | M27: =L27*92 -> 0 | N27: N/A | O27: N/A | P27: N/A | Q27: =SUM(N27:P27)/3 -> 0 | R27: =Q27*91 -> 0 | S27: N/A | T27: N/A | U27: N/A | V27: =SUM(S27:U27)/3 -> 0 | W27: =V27*91 -> 0 | X27: 0 | Y27: =X27*366 -> 0
A28: Other Out Of State | B28: n/a | C28: - | D28: 12 | E28: 12 | F28: 11 | G28: =SUM(D28:F28)/3 -> 11.666667 | H28: =G28*92 -> 1073.3333 | I28: 12 | J28: 12 | K28: 12 | L28: =SUM(I28:K28)/3 -> 12 | M28: =L28*92 -> 1104 | N28: 11 | O28: 11 | P28: 11 | Q28: =SUM(N28:P28)/3 -> 11 | R28: =Q28*91 -> 1001 | S28: 11 | T28: 11 | U28: 11 | V28: =SUM(S28:U28)/3 -> 11 | W28: =V28*91 -> 1001 | X28: =SUM(D28+E28+F28+I28+J28+K28+N28+O28+P28+S28+T28+U28)/12 -> 11.416667 | Y28: =X28*366 -> 4178.5
A29: TOTAL OTHER | D29: =SUM(D21:D28) -> 1467.65 | E29: =SUM(E21:E28) -> 1467.64 | F29: =SUM(F21:F28) -> 1533.04 | G29: =SUM(D29:F29)/3 -> 1489.4433 | H29: =G29*92 -> 137028.79 | I29: =SUM(I21:I28) -> 1518.19 | J29: =SUM(J21:J28) -> 1483.86 | K29: =SUM(K21:K28) -> 1483.86 | L29: =SUM(I29:K29)/3 -> 1495.3033 | M29: =L29*92 -> 137567.91 | N29: =SUM(N21:N28) -> 1528.1 | O29: =SUM(O21:O28) -> 1563.73 | P29: =SUM(P21:P28) -> 1569.32 | Q29: =SUM(N29:P29)/3 -> 1553.7167 | R29: =Q29*91 -> 141388.22 | S29: =SUM(S21:S28) -> 1591.17 | T29: =SUM(T21:T28) -> 1570.48 | U29: =SUM(U21:U28) -> 1579.97 | V29: =SUM(S29:U29)/3 -> 1580.54 | W29: =V29*91 -> 143829.14 | X29: =SUM(X21:X28) -> 1529.7508 | Y29: =X29*366 -> 559888.8
A30: GRAND TOTAL | D30: =D19+D29 -> 5942.95 | E30: =E19+E29 -> 6020.74 | F30: =F19+F29+1 -> 6197.9 | G30: =G19+G29 -> 6053.53 | H30: =SUM(H19+H29) -> 556924.76 | I30: =I19+I29 -> 6206.89 | J30: =J19+J29 -> 6171.56 | K30: =K19+K29 -> 6191.86 | L30: =SUM(I30:K30)/3 -> 6190.1033 | M30: =SUM(M19+M29) -> 569489.51 | N30: =N19+N29 -> 6238.4 | O30: =O19+O29 -> 6288.23 | P30: =P19+P29 -> 6285.72 | Q30: =SUM(N30:P30)/3 -> 6270.7833 | R30: =Q30*91 -> 570641.28 | S30: =S19+S29 -> 5867.67 | T30: =T19+T29 -> 5719.88 | U30: =U19+U29 -> 5788.27 | V30: =SUM(S30:U30)/3 -> 5791.94 | W30: =SUM(W19+W29) -> 527066.54 | X30: =X19+X29 -> 6076.5892 | Y30: =X30*366 -> 2224031.6
A31: 2020 Leap Year
A33: ANNUAL TOTAL MANDAYS
A34: FY2019 | B34: AVERAGE DAILY INMATE POPULATION
B35: Max | C35: Gen Capacity | G35: AVERAGE QTRLY | H35: Total Quarterly Mandays | L35: AVERAGE QTRLY | M35: Total Quarterly Mandays | Q35: AVERAGE QTRLY | R35: Total Quarterly Mandays | V35: AVERAGE QTRLY | W35: Total Quarterly Mandays | X35: ANNUAL AVERAGE DAILY POPULATION | Y35: ANNUAL TOTAL MANDAYS
A36: Institutions | B36: Capactiy | D36: 43282 | E36: 43313 | F36: 43344 | I36: 43374 | J36: 43405 | K36: 43435 | N36: 43466 | O36: 43497 | P36: 43525 | S36: 43556 | T36: 43586 | U36: 43617
A37: Anchorage Complex | B37: 863 | C37: 829 | D37: 879.6 | E37: 848.6 | F37: 851.9 | G37: =SUM(D37:F37)/3 -> 860.03333 | H37: =G37*92 -> 79123.067 | I37: 860.3 | J37: 840.1 | K37: 836.1 | L37: =SUM(I37:K37)/3 -> 845.5 | M37: =L37*92 -> 77786 | N37: 853.6 | O37: 850.01 | P37: 842.7 | Q37: =SUM(N37:P37)/3 -> 848.77 | R37: =Q37*90 -> 76389.3 | S37: 833.6 | T37: 861.4 | U37: 823.4 | V37: =SUM(S37:U37)/3 -> 839.46667 | W37: =V37*91 -> 76391.467 | X37: =SUM(D37+E37+F37+I37+J37+K37+N37+O37+P37+S37+T37+U37)/12 -> 848.4425 | Y37: =X37*365 -> 309681.51
A38: Anvil Mountain CC | B38: 128 | C38: 126 | D38: 127.8 | E38: 132.3 | F38: 135.9 | G38: =SUM(D38:F38)/3 -> 132 | H38: =G38*92 -> 12144 | I38: 136 | J38: 138.4 | K38: 130.2 | L38: =SUM(I38:K38)/3 -> 134.86667 | M38: =L38*92 -> 12407.733 | N38: 135.8 | O38: 135 | P38: 131.8 | Q38: =SUM(N38:P38)/3 -> 134.2 | R38: =Q38*90 -> 12078 | S38: 122.5 | T38: 123.4 | U38: 128.5 | V38: =SUM(S38:U38)/3 -> 124.8 | W38: =V38*91 -> 11356.8 | X38: =SUM(D38+E38+F38+I38+J38+K38+N38+O38+P38+S38+T38+U38)/12 -> 131.46667 | Y38: =X38*365 -> 47985.333
A39: Fairbanks CC | B39: 259 | C39: 248 | D39: 256.4 | E39: 269.6 | F39: 260.3 | G39: =SUM(D39:F39)/3 -> 262.1 | H39: =G39*92 -> 24113.2 | I39: 240.7 | J39: 243.1 | K39: 244.6 | L39: =SUM(I39:K39)/3 -> 242.8 | M39: =L39*92 -> 22337.6 | N39: 262.4 | O39: 265.9 | P39: 275.4 | Q39: =SUM(N39:P39)/3 -> 267.9 | R39: =Q39*90 -> 24111 | S39: 274.6 | T39: 267.2 | U39: 271.9 | V39: =SUM(S39:U39)/3 -> 271.23333 | W39: =V39*91 -> 24682.233 | X39: =SUM(D39+E39+F39+I39+J39+K39+N39+O39+P39+S39+T39+U39)/12 -> 261.00833 | Y39: =X39*365 -> 95268.042
A40: Goose Creek CC | B40: 1472 | C40: 1408 | D40: 1262.9 | E40: 1291.9 | F40: 1284.9 | G40: =SUM(D40:F40)/3 -> 1279.9 | H40: =G40*92 -> 117750.8 | I40: 1273.9 | J40: 1309.7 | K40: 1358.1 | L40: =SUM(I40:K40)/3 -> 1313.9 | M40: =L40*92 -> 120878.8 | N40: 1357.4 | O40: 1362.9 | P40: 1336.1 | Q40: =SUM(N40:P40)/3 -> 1352.1333 | R40: =Q40*90 -> 121692 | S40: 1335.4 | T40: 1311.4 | U40: 1342.4 | V40: =SUM(S40:U40)/3 -> 1329.7333 | W40: =V40*91 -> 121005.73 | X40: =SUM(D40+E40+F40+I40+J40+K40+N40+O40+P40+S40+T40+U40)/12 -> 1318.9167 | Y40: =X40*365 -> 481404.58
A41: Combined Hiland Mtn CC | B41: 404 | C41: 395 | D41: 325 | E41: 342.3 | F41: 354.8 | G41: =SUM(D41:F41)/3 -> 340.7 | H41: =G41*92 -> 31344.4 | I41: 340.9 | J41: 336.2 | K41: 340.8 | L41: =SUM(I41:K41)/3 -> 339.3 | M41: =L41*92 -> 31215.6 | N41: 321.2 | O41: 303.7 | P41: 297.5 | Q41: =SUM(N41:P41)/3 -> 307.46667 | R41: =Q41*90 -> 27672 | S41: 269.6 | T41: 268.6 | U41: 282.8 | V41: =SUM(S41:U41)/3 -> 273.66667 | W41: =V41*91 -> 24903.667 | X41: =SUM(D41+E41+F41+I41+J41+K41+N41+O41+P41+S41+T41+U41)/12 -> 315.28333 | Y41: =X41*365 -> 115078.42
A42: Ketchikan CC | B42: 58 | C42: 52 | D42: 51.6 | E42: 57 | F42: 50.7 | G42: =SUM(D42:F42)/3 -> 53.1 | H42: =G42*92 -> 4885.2 | I42: 50.4 | J42: 45.9 | K42: 52.5 | L42: =SUM(I42:K42)/3 -> 49.6 | M42: =L42*92 -> 4563.2 | N42: 60.1 | O42: 56.2 | P42: 56.8 | Q42: =SUM(N42:P42)/3 -> 57.7 | R42: =Q42*90 -> 5193 | S42: 54.9 | T42: 55.1 | U42: 55.4 | V42: =SUM(S42:U42)/3 -> 55.133333 | W42: =V42*91 -> 5017.1333 | X42: =SUM(D42+E42+F42+I42+J42+K42+N42+O42+P42+S42+T42+U42)/12 -> 53.883333 | Y42: =X42*365 -> 19667.417
A43: Lemon Creek CC | B43: 232 | C43: 226 | D43: 218.8 | E43: 226 | F43: 216.5 | G43: =SUM(D43:F43)/3 -> 220.43333 | H43: =G43*92 -> 20279.867 | I43: 218.3 | J43: 215 | K43: 222.7 | L43: =SUM(I43:K43)/3 -> 218.66667 | M43: =L43*92 -> 20117.333 | N43: 227.8 | O43: 219.4 | P43: 219.4 | Q43: =SUM(N43:P43)/3 -> 222.2 | R43: =Q43*90 -> 19998 | S43: 224.8 | T43: 227.6 | U43: 232.4 | V43: =SUM(S43:U43)/3 -> 228.26667 | W43: =V43*91 -> 20772.267 | X43: =SUM(D43+E43+F43+I43+J43+K43+N43+O43+P43+S43+T43+U43)/12 -> 222.39167 | Y43: =X43*365 -> 81172.958
A44: Mat-Su CC | B44: 102 | C44: 98 | D44: 81.5 | E44: 79.3 | F44: 80.5 | G44: =SUM(D44:F44)/3 -> 80.433333 | H44: =G44*92 -> 7399.8667 | I44: 77.3 | J44: 87.5 | K44: 85.6 | L44: =SUM(I44:K44)/3 -> 83.466667 | M44: =L44*92 -> 7678.9333 | N44: 86.9 | O44: 84.8 | P44: 86.3 | Q44: =SUM(N44:P44)/3 -> 86 | R44: =Q44*90 -> 7740 | S44: 72.3 | T44: 77.4 | U44: 81.6 | V44: =SUM(S44:U44)/3 -> 77.1 | W44: =V44*91 -> 7016.1 | X44: =SUM(D44+E44+F44+I44+J44+K44+N44+O44+P44+S44+T44+U44)/12 -> 81.75 | Y44: =X44*365 -> 29838.75
A45: Combined Palmer CC | B45: =338+176 -> 514 | C45: =327+176 -> 503 | D45: 0 | E45: 0 | F45: 0 | G45: =SUM(D45:F45)/3 -> 0 | H45: =G45*92 -> 0 | I45: 0 | J45: 0 | K45: 0 | L45: =SUM(I45:K45)/3 -> 0 | M45: =L45*92 -> 0 | N45: 0 | O45: 0 | P45: 0 | Q45: =SUM(N45:P45)/3 -> 0 | R45: =Q45*90 -> 0 | S45: 0 | T45: 0 | U45: 0 | V45: =SUM(S45:U45)/3 -> 0 | W45: =V45*91 -> 0 | X45: =SUM(D45+E45+F45+I45+J45+K45+N45+O45+P45+S45+T45+U45)/12 -> 0 | Y45: =X45*365 -> 0
A46: Pt. MacKenzie | B46: 128 | C46: 128 | D46: 100.6 | E46: 96.2 | F46: 98 | G46: =SUM(D46:F46)/3 -> 98.266667 | H46: =G46*92 -> 9040.5333 | I46: 104.6 | J46: 101.8 | K46: 95.9 | L46: =SUM(I46:K46)/3 -> 100.76667 | M46: =L46*92 -> 9270.5333 | N46: 99.5 | O46: 101.2 | P46: 110 | Q46: =SUM(N46:P46)/3 -> 103.56667 | R46: =Q46*90 -> 9321 | S46: 110 | T46: 106.5 | U46: 102.2 | V46: =SUM(S46:U46)/3 -> 106.23333 | W46: =V46*91 -> 9667.2333 | X46: =SUM(D46+E46+F46+I46+J46+K46+N46+O46+P46+S46+T46+U46)/12 -> 102.20833 | Y46: =X46*365 -> 37306.042
A47: Spring Creek CC | B47: 551 | C47: 535 | D47: 419.9 | E47: 427.2 | F47: 430.4 | G47: =SUM(D47:F47)/3 -> 425.83333 | H47: =G47*92 -> 39176.667 | I47: 432.8 | J47: 434.9 | K47: 437.1 | L47: =SUM(I47:K47)/3 -> 434.93333 | M47: =L47*92 -> 40013.867 | N47: 447.4 | O47: 486.6 | P47: 492.5 | Q47: =SUM(N47:P47)/3 -> 475.5 | R47: =Q47*90 -> 42795 | S47: 501.4 | T47: 477.7 | U47: 471.4 | V47: =SUM(S47:U47)/3 -> 483.5 | W47: =V47*91 -> 43998.5 | X47: =SUM(D47+E47+F47+I47+J47+K47+N47+O47+P47+S47+T47+U47)/12 -> 454.94167 | Y47: =X47*365 -> 166053.71
A48: Combined Wildwood CC* | B48: =326+115 -> 441 | C48: =320+110 -> 430 | D48: =320.6+85.7 -> 406.3 | E48: =330.7+85.5 -> 416.2 | F48: =333.9+86.3 -> 420.2 | G48: =SUM(D48:F48)/3 -> 414.23333 | H48: =G48*92 -> 38109.467 | I48: =332.2+92.2 -> 424.4 | J48: =335.6+89.6 -> 425.2 | K48: =333.7+100 -> 433.7 | L48: =SUM(I48:K48)/3 -> 427.76667 | M48: =L48*92 -> 39354.533 | N48: =336.7+100.2 -> 436.9 | O48: =327.4+102.1 -> 429.5 | P48: =320.9+100.4 -> 421.3 | Q48: =SUM(N48:P48)/3 -> 429.23333 | R48: =Q48*90 -> 38631 | S48: =314.4+95.3 -> 409.7 | T48: =309.6+99.3 -> 408.9 | U48: =312.3+107.1 -> 419.4 | V48: =SUM(S48:U48)/3 -> 412.66667 | W48: =V48*91 -> 37552.667 | X48: =SUM(D48+E48+F48+I48+J48+K48+N48+O48+P48+S48+T48+U48)/12 -> 420.975 | Y48: =X48*365 -> 153655.87
A49: Yukon-Kuskokwim CC | B49: 200 | C49: 189 | D49: 168.5 | E49: 179.2 | F49: 181.6 | G49: =SUM(D49:F49)/3 -> 176.43333 | H49: =G49*92 -> 16231.867 | I49: 187.2 | J49: 184.6 | K49: 183.6 | L49: =SUM(I49:K49)/3 -> 185.13333 | M49: =L49*92 -> 17032.267 | N49: 197.2 | O49: 203.6 | P49: 199.5 | Q49: =SUM(N49:P49)/3 -> 200.1 | R49: =Q49*90 -> 18009 | S49: 196.5 | T49: 197.4 | U49: 196.4 | V49: =SUM(S49:U49)/3 -> 196.76667 | W49: =V49*91 -> 17905.767 | X49: =SUM(D49+E49+F49+I49+J49+K49+N49+O49+P49+S49+T49+U49)/12 -> 189.60833 | Y49: =X49*365 -> 69207.042
A50: Tents | D50: 0 | E50: . | F50: 0 | G50: =SUM(D50:F50)/3 -> 0 | H50: =G50*92 -> 0 | I50: 0 | J50: 0 | K50: 0 | L50: =SUM(I50:K50)/3 -> 0 | M50: =L50*92 -> 0 | N50: 0 | O50: 0 | P50: 0 | Q50: =SUM(N50:P50)/3 -> 0 | R50: =Q50*90 -> 0 | S50: - | T50: - | U50: - | V50: =SUM(S50:U50)/3 -> 0 | W50: =V50*91 -> 0 | X50: 0 | Y50: =X50*365 -> 0
A51: TOTAL INSTITUTIONS | D51: =SUM(D37:D50) -> 4298.9 | E51: =SUM(E37:E50) -> 4365.8 | F51: =SUM(F37:F50) -> 4365.7 | G51: =SUM(D51:F51)/3 -> 4343.4667 | H51: =G51*92 -> 399598.93 | I51: =SUM(I37:I50) -> 4346.8 | J51: =SUM(J37:J50) -> 4362.4 | K51: =SUM(K37:K50) -> 4420.9 | L51: =SUM(I51:K51)/3 -> 4376.7 | M51: =L51*92 -> 402656.4 | N51: =SUM(N37:N50) -> 4486.2 | O51: =SUM(O37:O50) -> 4498.81 | P51: =SUM(P37:P50) -> 4469.3 | Q51: =SUM(N51:P51)/3 -> 4484.77 | R51: =Q51*90 -> 403629.3 | S51: =SUM(S37:S50) -> 4405.3 | T51: =SUM(T37:T49) -> 4382.6 | U51: =SUM(U37:U50) -> 4407.8 | V51: =SUM(S51:U51)/3 -> 4398.5667 | W51: =V51*91 -> 400269.57 | X51: =SUM(D51+E51+F51+I51+J51+K51+N51+O51+P51+S51+T51+U51)/12 -> 4400.8758 | Y51: =SUM(Y37:Y50) -> 1606319.7
A52: Other
A53: CRC's | B53: 534 | C53: - | D53: =261.06+37.23 -> 298.29 | E53: =259.94+40.71 -> 300.65 | F53: 294.33 | G53: =SUM(D53:F53)/3 -> 297.75667 | H53: =G53*92 -> 27393.613 | I53: =240.06+35.87 -> 275.93 | J53: 275.94 | K53: 246.87 | L53: =SUM(I53:K53)/3 -> 266.24667 | M53: =L53*92 -> 24494.693 | N53: 221.19 | O53: 236.5 | P53: 252 | Q53: =SUM(N53:P53)/3 -> 236.56333 | R53: =Q53*90 -> 21290.7 | S53: 236.93 | T53: 240.61 | U53: 249.83 | V53: =SUM(S53:U53)/3 -> 242.45667 | W53: =V53*91 -> 22063.557 | X53: =SUM(D53+E53+F53+I53+J53+K53+N53+O53+P53+S53+T53+U53)/12 -> 260.75583 | Y53: =X53*365 -> 95175.879
A54: CRC Offender Supervision | B54: - | C54: - | D54: 0 | E54: 0 | F54: 0 | G54: =SUM(D54:F54)/3 -> 0 | H54: =G54*92 -> 0 | I54: 0 | J54: 0 | K54: 0 | L54: =SUM(I54:K54)/3 -> 0 | M54: =L54*92 -> 0 | N54: 0 | O54: 0 | P54: 0 | Q54: =SUM(N54:P54)/3 -> 0 | R54: =Q54*90 -> 0 | S54: 0 | T54: 0 | U54: 0 | V54: =SUM(S54:U54)/3 -> 0 | W54: =V54*91 -> 0 | X54: =SUM(D54+E54+F54+I54+J54+K54+N54+O54+P54+S54+T54+U54)/12 -> 0 | Y54: =X54*365 -> 0
A55: Treatment Beds | B55: 19 | C55: - | D55: =8.57+8.73 -> 17.3 | E55: =16.9+8 -> 24.9 | F55: 21.97 | G55: =SUM(D55:F55)/3 -> 21.39 | H55: =G55*92 -> 1967.88 | I55: =11.68+7.97 -> 19.65 | J55: 19.65 | K55: 19.39 | L55: =SUM(I55:K55)/3 -> 19.563333 | M55: =L55*92 -> 1799.8267 | N55: 11.97 | O55: 13 | P55: 12.23 | Q55: =SUM(N55:P55)/3 -> 12.4 | R55: =Q55*90 -> 1116 | S55: 8.87 | T55: 9.28 | U55: 8.2 | V55: =SUM(S55:U55)/3 -> 8.7833333 | W55: =V55*91 -> 799.28333 | X55: =SUM(D55+E55+F55+I55+J55+K55+N55+O55+P55+S55+T55+U55)/12 -> 15.534167 | Y55: =X55*365 -> 5669.9708
A56: Electronic Monitoring | B56: n/a | C56: - | D56: 222 | E56: 219 | F56: 200 | G56: =SUM(D56:F56)/3 -> 213.66667 | H56: =G56*92 -> 19657.333 | I56: 192 | J56: 192 | K56: 167 | L56: =SUM(I56:K56)/3 -> 183.66667 | M56: =L56*92 -> 16897.333 | N56: 187 | O56: 166 | P56: 158 | Q56: =SUM(N56:P56)/3 -> 170.33333 | R56: =Q56*90 -> 15330 | S56: 164 | T56: 171 | U56: 166 | V56: =SUM(S56:U56)/3 -> 167 | W56: =V56*91 -> 15197 | X56: =SUM(D56+E56+F56+I56+J56+K56+N56+O56+P56+S56+T56+U56)/12 -> 183.66667 | Y56: =X56*365 -> 67038.333
A57: TWO (New) | B57: n/a | C57: - | D57: 20 | E57: 19 | F57: 3 | G57: =SUM(D57:F57)/3 -> 14 | H57: =G57*92 -> 1288 | I57: 0 | J57: 0 | K57: 0 | L57: =SUM(I57:K57)/3 -> 0 | M57: =L57*92 -> 0 | N57: 3 | O57: 3 | P57: 2 | Q57: =SUM(N57:P57)/3 -> 2.6666667 | R57: =Q57*90 -> 240 | S57: 2 | T57: 1 | U57: 2 | V57: =SUM(S57:U57)/3 -> 1.6666667 | W57: =V57*91 -> 151.66667 | X57: =SUM(D57+E57+F57+I57+J57+K57+N57+O57+P57+S57+T57+U57)/12 -> 4.5833333 | Y57: =X57*365 -> 1672.9167
A58: Pretrial EM (New) | B58: n/a | C58: - | D58: 602 | E58: 602 | F58: 717 | G58: =SUM(D58:F58)/3 -> 640.33333 | H58: =G58*92 -> 58910.667 | I58: 782 | J58: 782 | K58: 782 | L58: =SUM(I58:K58)/3 -> 782 | M58: =L58*92 -> 71944 | N58: 993 | O58: 993 | P58: 1032 | Q58: =SUM(N58:P58)/3 -> 1006 | R58: =Q58*90 -> 90540 | S58: 1067 | T58: 992 | U58: 992 | V58: =SUM(S58:U58)/3 -> 1017 | W58: =V58*91 -> 92547 | X58: =SUM(D58+E58+F58+I58+J58+K58+N58+O58+P58+S58+T58+U58)/12 -> 861.33333 | Y58: =X58*365 -> 314386.67
A59: Colorado | B59: n/a | C59: - | D59: N/A | E59: N/A | F59: N/A | G59: =SUM(D59:F59)/3 -> 0 | H59: =G59*92 -> 0 | I59: N/A | J59: N/A | K59: N/A | L59: =SUM(I59:K59)/3 -> 0 | M59: =L59*92 -> 0 | N59: N/A | O59: N/A | P59: N/A | Q59: =SUM(N59:P59)/3 -> 0 | R59: =Q59*90 -> 0 | S59: N/A | T59: N/A | U59: N/A | V59: =SUM(S59:U59)/3 -> 0 | W59: =V59*91 -> 0 | X59: 0 | Y59: =X59*365 -> 0
A60: Other Out Of State | B60: n/a | C60: - | D60: 12 | E60: 12 | F60: 11 | G60: =SUM(D60:F60)/3 -> 11.666667 | H60: =G60*92 -> 1073.3333 | I60: 11 | J60: 11 | K60: 11 | L60: =SUM(I60:K60)/3 -> 11 | M60: =L60*92 -> 1012 | N60: 11 | O60: 11 | P60: 11 | Q60: =SUM(N60:P60)/3 -> 11 | R60: =Q60*90 -> 990 | S60: 11 | T60: 12 | U60: 12 | V60: =SUM(S60:U60)/3 -> 11.666667 | W60: =V60*91 -> 1061.6667 | X60: =SUM(D60+E60+F60+I60+J60+K60+N60+O60+P60+S60+T60+U60)/12 -> 11.333333 | Y60: =X60*365 -> 4136.6667
A61: TOTAL OTHER | D61: =SUM(D53:D60) -> 1171.59 | E61: =SUM(E53:E60) -> 1177.55 | F61: =SUM(F53:F60) -> 1247.3 | G61: =SUM(D61:F61)/3 -> 1198.8133 | H61: =G61*92 -> 110290.83 | I61: =SUM(I53:I60) -> 1280.58 | J61: =SUM(J53:J60) -> 1280.59 | K61: =SUM(K53:K60) -> 1226.26 | L61: =SUM(I61:K61)/3 -> 1262.4767 | M61: =L61*92 -> 116147.85 | N61: =SUM(N53:N60) -> 1427.16 | O61: =SUM(O53:O60) -> 1422.5 | P61: =SUM(P53:P60) -> 1467.23 | Q61: =SUM(N61:P61)/3 -> 1438.9633 | R61: =Q61*90 -> 129506.7 | S61: =SUM(S53:S60) -> 1489.8 | T61: =SUM(T53:T60) -> 1425.89 | U61: =SUM(U53:U60) -> 1430.03 | V61: =SUM(S61:U61)/3 -> 1448.5733 | W61: =V61*91 -> 131820.17 | X61: =SUM(X53:X60) -> 1337.2067 | Y61: =SUM(Y53:Y60) -> 488080.43
A62: GRAND TOTAL | D62: =D51+D61 -> 5470.49 | E62: =E51+E61 -> 5543.35 | F62: =F51+F61+1 -> 5614 | G62: =G51+G61 -> 5542.28 | H62: =SUM(H51+H61) -> 509889.76 | I62: =I51+I61 -> 5627.38 | J62: =J51+J61 -> 5642.99 | K62: =K51+K61 -> 5647.16 | L62: =SUM(I62:K62)/3 -> 5639.1767 | M62: =SUM(M51+M61) -> 518804.25 | N62: =N51+N61 -> 5913.36 | O62: =O51+O61 -> 5921.31 | P62: =P51+P61 -> 5936.53 | Q62: =SUM(N62:P62)/3 -> 5923.7333 | R62: =SUM(R51+R61) -> 533136 | S62: =S51+S61 -> 5895.1 | T62: =T51+T61 -> 5808.49 | U62: =U51+U61 -> 5837.83 | V62: =SUM(S62:U62)/3 -> 5847.14 | W62: =SUM(W51+W61) -> 532089.74 | X62: =X51+X61 -> 5738.0825 | Y62: =Y51+Y61 -> 2094400.1
A64: ANNUAL TOTAL MANDAYS
A65: FY2018 | B65: AVERAGE DAILY INMATE POPULATION
B66: Max | C66: Gen Capacity | G66: AVERAGE QTRLY | H66: Total Quarterly Mandays | L66: AVERAGE QTRLY | M66: Total Quarterly Mandays | Q66: AVERAGE QTRLY | R66: Total Quarterly Mandays | V66: AVERAGE QTRLY | W66: Total Quarterly Mandays | X66: ANNUAL AVERAGE DAILY POPULATION | Y66: ANNUAL TOTAL MANDAYS
A67: Institutions | B67: Capactiy | D67: 42917 | E67: 42948 | F67: 42979 | I67: 43009 | J67: 43040 | K67: 43070 | N67: 43101 | O67: 43132 | P67: 43160 | S67: 43191 | T67: 43221 | U67: 43252
A68: Anchorage Complex | B68: 863 | C68: 829 | D68: 846.2 | E68: 842 | F68: 871.8 | G68: =SUM(D68:F68)/3 -> 853.33333 | H68: =G68*92 -> 78506.667 | I68: 842.8 | J68: 846.5 | K68: 831.2 | L68: =SUM(I68:K68)/3 -> 840.16667 | M68: =L68*92 -> 77295.333 | N68: 847.8 | O68: 862.6 | P68: 854.7 | Q68: =SUM(N68:P68)/3 -> 855.03333 | R68: =Q68*90 -> 76953 | S68: 850.7 | T68: 834.8 | U68: 869.5 | V68: =SUM(S68:U68)/3 -> 851.66667 | W68: =V68*91 -> 77501.667 | X68: =SUM(D68+E68+F68+I68+J68+K68+N68+O68+P68+S68+T68+U68)/12 -> 850.05 | Y68: =X68*365 -> 310268.25
A69: Anvil Mountain CC | B69: 128 | C69: 126 | D69: 120.1 | E69: 123.7 | F69: 121.5 | G69: =SUM(D69:F69)/3 -> 121.76667 | H69: =G69*92 -> 11202.533 | I69: 125.1 | J69: 116.2 | K69: 125.3 | L69: =SUM(I69:K69)/3 -> 122.2 | M69: =L69*92 -> 11242.4 | N69: 120.4 | O69: 130.9 | P69: 121.8 | Q69: =SUM(N69:P69)/3 -> 124.36667 | R69: =Q69*90 -> 11193 | S69: 122.2 | T69: 128.8 | U69: 136.6 | V69: =SUM(S69:U69)/3 -> 129.2 | W69: =V69*91 -> 11757.2 | X69: =SUM(D69+E69+F69+I69+J69+K69+N69+O69+P69+S69+T69+U69)/12 -> 124.38333 | Y69: =X69*365 -> 45399.917
A70: Fairbanks CC | B70: 259 | C70: 248 | D70: 300 | E70: 305.8 | F70: 291.1 | G70: =SUM(D70:F70)/3 -> 298.96667 | H70: =G70*92 -> 27504.933 | I70: 271.1 | J70: 256.7 | K70: 261 | L70: =SUM(I70:K70)/3 -> 262.93333 | M70: =L70*92 -> 24189.867 | N70: 252.7 | O70: 271.1 | P70: 262.6 | Q70: =SUM(N70:P70)/3 -> 262.13333 | R70: =Q70*90 -> 23592 | S70: 258.6 | T70: 252.5 | U70: 251.4 | V70: =SUM(S70:U70)/3 -> 254.16667 | W70: =V70*91 -> 23129.167 | X70: =SUM(D70+E70+F70+I70+J70+K70+N70+O70+P70+S70+T70+U70)/12 -> 269.55 | Y70: =X70*365 -> 98385.75
A71: Goose Creek CC | B71: 1472 | C71: 1408 | D71: 1305.6 | E71: 1303.5 | F71: 1336.9 | G71: =SUM(D71:F71)/3 -> 1315.3333 | H71: =G71*92 -> 121010.67 | I71: 1419 | J71: 1378.4 | K71: 1382.7 | L71: =SUM(I71:K71)/3 -> 1393.3667 | M71: =L71*92 -> 128189.73 | N71: 1377.7 | O71: 1347.6 | P71: 1320.5 | Q71: =SUM(N71:P71)/3 -> 1348.6 | R71: =Q71*90 -> 121374 | S71: 1297.8 | T71: 1276.7 | U71: 1259.2 | V71: =SUM(S71:U71)/3 -> 1277.9 | W71: =V71*91 -> 116288.9 | X71: =SUM(D71+E71+F71+I71+J71+K71+N71+O71+P71+S71+T71+U71)/12 -> 1333.8 | Y71: =X71*365 -> 486837
A72: Combined Hiland Mtn CC | B72: 404 | C72: 395 | D72: 301.8 | E72: 299.9 | F72: 306.2 | G72: =SUM(D72:F72)/3 -> 302.63333 | H72: =G72*92 -> 27842.267 | I72: 312.9 | J72: 320.8 | K72: 308.1 | L72: =SUM(I72:K72)/3 -> 313.93333 | M72: =L72*92 -> 28881.867 | N72: 311.8 | O72: 316.3 | P72: 307.7 | Q72: =SUM(N72:P72)/3 -> 311.93333 | R72: =Q72*90 -> 28074 | S72: 317.8 | T72: 309.1 | U72: 308 | V72: =SUM(S72:U72)/3 -> 311.63333 | W72: =V72*91 -> 28358.633 | X72: =SUM(D72+E72+F72+I72+J72+K72+N72+O72+P72+S72+T72+U72)/12 -> 310.03333 | Y72: =X72*365 -> 113162.17
A73: Ketchikan CC | B73: 58 | C73: 52 | D73: 46.5 | E73: 39 | F73: 45.6 | G73: =SUM(D73:F73)/3 -> 43.7 | H73: =G73*92 -> 4020.4 | I73: 49.6 | J73: 47.8 | K73: 58.2 | L73: =SUM(I73:K73)/3 -> 51.866667 | M73: =L73*92 -> 4771.7333 | N73: 55.3 | O73: 57.2 | P73: 57.8 | Q73: =SUM(N73:P73)/3 -> 56.766667 | R73: =Q73*90 -> 5109 | S73: 57.2 | T73: 58.2 | U73: 49.7 | V73: =SUM(S73:U73)/3 -> 55.033333 | W73: =V73*91 -> 5008.0333 | X73: =SUM(D73+E73+F73+I73+J73+K73+N73+O73+P73+S73+T73+U73)/12 -> 51.841667 | Y73: =X73*365 -> 18922.208
A74: Lemon Creek CC | B74: 232 | C74: 226 | D74: 200.5 | E74: 217.5 | F74: 204.1 | G74: =SUM(D74:F74)/3 -> 207.36667 | H74: =G74*92 -> 19077.733 | I74: 212.4 | J74: 217 | K74: 206.3 | L74: =SUM(I74:K74)/3 -> 211.9 | M74: =L74*92 -> 19494.8 | N74: 197.5 | O74: 196.4 | P74: 202.8 | Q74: =SUM(N74:P74)/3 -> 198.9 | R74: =Q74*90 -> 17901 | S74: 209.8 | T74: 223.9 | U74: 213.2 | V74: =SUM(S74:U74)/3 -> 215.63333 | W74: =V74*91 -> 19622.633 | X74: =SUM(D74+E74+F74+I74+J74+K74+N74+O74+P74+S74+T74+U74)/12 -> 208.45 | Y74: =X74*365 -> 76084.25
A75: Mat-Su CC | B75: 102 | C75: 98 | D75: 86.7 | E75: 86.4 | F75: 85.4 | G75: =SUM(D75:F75)/3 -> 86.166667 | H75: =G75*92 -> 7927.3333 | I75: 87.3 | J75: 91.6 | K75: 85.1 | L75: =SUM(I75:K75)/3 -> 88 | M75: =L75*92 -> 8096 | N75: 83.4 | O75: 84.3 | P75: 90.5 | Q75: =SUM(N75:P75)/3 -> 86.066667 | R75: =Q75*90 -> 7746 | S75: 92.8 | T75: 84.5 | U75: 88.7 | V75: =SUM(S75:U75)/3 -> 88.666667 | W75: =V75*91 -> 8068.6667 | X75: =SUM(D75+E75+F75+I75+J75+K75+N75+O75+P75+S75+T75+U75)/12 -> 87.225 | Y75: =X75*365 -> 31837.125
A76: Combined Palmer CC | B76: =338+176 -> 514 | C76: =327+176 -> 503 | D76: 0 | E76: 0 | F76: 0 | G76: =SUM(D76:F76)/3 -> 0 | H76: =G76*92 -> 0 | I76: 0 | J76: 0 | K76: 0 | L76: =SUM(I76:K76)/3 -> 0 | M76: =L76*92 -> 0 | N76: 0 | O76: 0 | P76: 0 | Q76: =SUM(N76:P76)/3 -> 0 | R76: =Q76*90 -> 0 | S76: 0 | T76: 0 | U76: 0 | V76: =SUM(S76:U76)/3 -> 0 | W76: =V76*91 -> 0 | X76: =SUM(D76+E76+F76+I76+J76+K76+N76+O76+P76+S76+T76+U76)/12 -> 0 | Y76: =X76*365 -> 0
A77: Pt. MacKenzie | B77: 128 | C77: 128 | D77: 81.6 | E77: 91.6 | F77: 86.3 | G77: =SUM(D77:F77)/3 -> 86.5 | H77: =G77*92 -> 7958 | I77: 81.7 | J77: 87.9 | K77: 84.4 | L77: =SUM(I77:K77)/3 -> 84.666667 | M77: =L77*92 -> 7789.3333 | N77: 79 | O77: 77.4 | P77: 90.8 | Q77: =SUM(N77:P77)/3 -> 82.4 | R77: =Q77*90 -> 7416 | S77: 97.5 | T77: 94.7 | U77: 93.4 | V77: =SUM(S77:U77)/3 -> 95.2 | W77: =V77*91 -> 8663.2 | X77: =SUM(D77+E77+F77+I77+J77+K77+N77+O77+P77+S77+T77+U77)/12 -> 87.191667 | Y77: =X77*365 -> 31824.958
A78: Spring Creek CC | B78: 551 | C78: 535 | D78: 395.9 | E78: 397.8 | F78: 395.5 | G78: =SUM(D78:F78)/3 -> 396.4 | H78: =G78*92 -> 36468.8 | I78: 390.9 | J78: 396.5 | K78: 393 | L78: =SUM(I78:K78)/3 -> 393.46667 | M78: =L78*92 -> 36198.933 | N78: 392.2 | O78: 373.7 | P78: 387.5 | Q78: =SUM(N78:P78)/3 -> 384.46667 | R78: =Q78*90 -> 34602 | S78: 389.5 | T78: 393.3 | U78: 406.5 | V78: =SUM(S78:U78)/3 -> 396.43333 | W78: =V78*91 -> 36075.433 | X78: =SUM(D78+E78+F78+I78+J78+K78+N78+O78+P78+S78+T78+U78)/12 -> 392.69167 | Y78: =X78*365 -> 143332.46
A79: Combined Wildwood CC* | B79: =326+115 -> 441 | C79: =320+110 -> 430 | D79: =322.7+100 -> 422.7 | E79: =326.5+91.6 -> 418.1 | F79: =312.5+95.4 -> 407.9 | G79: =SUM(D79:F79)/3 -> 416.23333 | H79: =G79*92 -> 38293.467 | I79: =307.7+100 -> 407.7 | J79: =313.6+100.6 -> 414.2 | K79: =316.6+93.2 -> 409.8 | L79: =SUM(I79:K79)/3 -> 410.56667 | M79: =L79*92 -> 37772.133 | N79: =324.1+84 -> 408.1 | O79: =322.3+85.3 -> 407.6 | P79: =315+74.2 -> 389.2 | Q79: =SUM(N79:P79)/3 -> 401.63333 | R79: =Q79*90 -> 36147 | S79: =318.3+79.8 -> 398.1 | T79: =326.5+79.7 -> 406.2 | U79: =325.2+77.1 -> 402.3 | V79: =SUM(S79:U79)/3 -> 402.2 | W79: =V79*91 -> 36600.2 | X79: =SUM(D79+E79+F79+I79+J79+K79+N79+O79+P79+S79+T79+U79)/12 -> 407.65833 | Y79: =X79*365 -> 148795.29
A80: Yukon-Kuskokwim CC | B80: 200 | C80: 189 | D80: 150.4 | E80: 157.8 | F80: 156.2 | G80: =SUM(D80:F80)/3 -> 154.8 | H80: =G80*92 -> 14241.6 | I80: 163.8 | J80: 158.9 | K80: 165.8 | L80: =SUM(I80:K80)/3 -> 162.83333 | M80: =L80*92 -> 14980.667 | N80: 182 | O80: 177.8 | P80: 170.1 | Q80: =SUM(N80:P80)/3 -> 176.63333 | R80: =Q80*90 -> 15897 | S80: 169.6 | T80: 167.4 | U80: 170 | V80: =SUM(S80:U80)/3 -> 169 | W80: =V80*91 -> 15379 | X80: =SUM(D80+E80+F80+I80+J80+K80+N80+O80+P80+S80+T80+U80)/12 -> 165.81667 | Y80: =X80*365 -> 60523.083
A81: Tents | D81: 0 | E81: 0 | F81: 0 | G81: =SUM(D81:F81)/3 -> 0 | H81: =G81*92 -> 0 | I81: 0 | J81: 0 | K81: 0 | L81: =SUM(I81:K81)/3 -> 0 | M81: =L81*92 -> 0 | N81: 0 | O81: 0 | P81: 0 | Q81: =SUM(N81:P81)/3 -> 0 | R81: =Q81*90 -> 0 | S81: 0 | T81: 0 | U81: 0 | V81: =SUM(S81:U81)/3 -> 0 | W81: =V81*91 -> 0 | X81: 0 | Y81: =X81*365 -> 0
A82: TOTAL INSTITUTIONS | D82: =SUM(D68:D81) -> 4258 | E82: =SUM(E68:E81) -> 4283.1 | F82: =SUM(F68:F81) -> 4308.5 | G82: =SUM(D82:F82)/3 -> 4283.2 | H82: =G82*92 -> 394054.4 | I82: =SUM(I68:I81) -> 4364.3 | J82: =SUM(J68:J81) -> 4332.5 | K82: =SUM(K68:K81) -> 4310.9 | L82: =SUM(I82:K82)/3 -> 4335.9 | M82: =L82*92 -> 398902.8 | N82: =SUM(N68:N81) -> 4307.9 | O82: =SUM(O68:O81) -> 4302.9 | P82: =SUM(P68:P81) -> 4256 | Q82: =SUM(N82:P82)/3 -> 4288.9333 | R82: =Q82*90 -> 386004 | S82: =SUM(S68:S81) -> 4261.6 | T82: =SUM(T68:T80) -> 4230.1 | U82: =SUM(U68:U81)-1 -> 4247.5 | V82: =SUM(S82:U82)/3 -> 4246.4 | W82: =V82*91 -> 386422.4 | X82: =SUM(D82+E82+F82+I82+J82+K82+N82+O82+P82+S82+T82+U82)/12 -> 4288.6083 | Y82: =SUM(Y68:Y81) -> 1565372.5
A83: Other
A84: CRC's | B84: 544 | C84: - | D84: 369.55 | E84: 363.84 | F84: =330.37+30.3 -> 360.67 | G84: =SUM(D84:F84)/3 -> 364.68667 | H84: =G84*92 -> 33551.173 | I84: 343.19 | J84: 316.9 | K84: 295.35 | L84: =SUM(I84:K84)/3 -> 318.48 | M84: =L84*92 -> 29300.16 | N84: 265.35 | O84: =276.61+41 -> 317.61 | P84: =271.13+51.39 -> 322.52 | Q84: =SUM(N84:P84)/3 -> 301.82667 | R84: =Q84*90 -> 27164.4 | S84: 304.6 | T84: 286.19 | U84: 286.19 | V84: =SUM(S84:U84)/3 -> 292.32667 | W84: =V84*91 -> 26601.727 | X84: =SUM(D84+E84+F84+I84+J84+K84+N84+O84+P84+S84+T84+U84)/12 -> 319.33 | Y84: =X84*365 -> 116555.45
A85: CRC Offender Supervision | B85: - | C85: - | D85: =8+3.87 -> 11.87 | E85: =7.06+4 -> 11.06 | F85: =4.17+4 -> 8.17 | G85: =SUM(D85:F85)/3 -> 10.366667 | H85: =G85*92 -> 953.73333 | I85: =3+4 -> 7 | J85: =1.63+4 -> 5.63 | K85: 4 | L85: =SUM(I85:K85)/3 -> 5.5433333 | M85: =L85*92 -> 509.98667 | N85: 4 | O85: 4 | P85: 4 | Q85: =SUM(N85:P85)/3 -> 4 | R85: =Q85*90 -> 360 | S85: 2.13 | T85: 0 | U85: 0 | V85: =SUM(S85:U85)/3 -> 0.71 | W85: =V85*91 -> 64.61 | X85: =SUM(D85+E85+F85+I85+J85+K85+N85+O85+P85+S85+T85+U85)/12 -> 5.155 | Y85: =X85*365 -> 1881.575
A86: Treatment Beds | B86: 25 | C86: - | D86: 18.16 | E86: 21.29 | F86: 23.03 | G86: =SUM(D86:F86)/3 -> 20.826667 | H86: =G86*92 -> 1916.0533 | I86: 25.32 | J86: 21.13 | K86: 18 | L86: =SUM(I86:K86)/3 -> 21.483333 | M86: =L86*92 -> 1976.4667 | N86: 20.35 | O86: 25.43 | P86: =12.9+9.19 -> 22.09 | Q86: =SUM(N86:P86)/3 -> 22.623333 | R86: =Q86*90 -> 2036.1 | S86: 19.3 | T86: 18 | U86: 18.03 | V86: =SUM(S86:U86)/3 -> 18.443333 | W86: =V86*91 -> 1678.3433 | X86: =SUM(D86+E86+F86+I86+J86+K86+N86+O86+P86+S86+T86+U86)/12 -> 20.844167 | Y86: =X86*365 -> 7608.1208
A87: Electronic Monitoring | B87: n/a | C87: - | D87: 258 | E87: 236 | F87: 229 | G87: =SUM(D87:F87)/3 -> 241 | H87: =G87*92 -> 22172 | I87: 226 | J87: 222 | K87: 212 | L87: =SUM(I87:K87)/3 -> 220 | M87: =L87*92 -> 20240 | N87: 204 | O87: 196 | P87: 199 | Q87: =SUM(N87:P87)/3 -> 199.66667 | R87: =Q87*90 -> 17970 | S87: 203 | T87: 212 | U87: 212 | V87: =SUM(S87:U87)/3 -> 209 | W87: =V87*91 -> 19019 | X87: =SUM(D87+E87+F87+I87+J87+K87+N87+O87+P87+S87+T87+U87)/12 -> 217.41667 | Y87: =X87*365 -> 79357.083
A88: Colorado | B88: n/a | C88: - | D88: N/A | E88: N/A | F88: N/A | G88: =SUM(D88:F88)/3 -> 0 | H88: =G88*92 -> 0 | I88: N/A | J88: N/A | K88: N/A | L88: =SUM(I88:K88)/3 -> 0 | M88: =L88*92 -> 0 | N88: N/A | O88: N/A | P88: N/A | Q88: =SUM(N88:P88)/3 -> 0 | R88: =Q88*90 -> 0 | S88: N/A | T88: N/A | U88: N/A | V88: =SUM(S88:U88)/3 -> 0 | W88: =V88*91 -> 0 | X88: 0 | Y88: =X88*365 -> 0
A89: Other Out Of State | B89: n/a | C89: - | D89: 9 | E89: 10 | F89: 11 | G89: =SUM(D89:F89)/3 -> 10 | H89: =G89*92 -> 920 | I89: 11 | J89: 11 | K89: 11 | L89: =SUM(I89:K89)/3 -> 11 | M89: =L89*92 -> 1012 | N89: 11 | O89: 11 | P89: 11 | Q89: =SUM(N89:P89)/3 -> 11 | R89: =Q89*90 -> 990 | S89: 11 | T89: 11 | U89: 11 | V89: =SUM(S89:U89)/3 -> 11 | W89: =V89*91 -> 1001 | X89: =SUM(D89+E89+F89+I89+J89+K89+N89+O89+P89+S89+T89+U89)/12 -> 10.75 | Y89: =X89*365 -> 3923.75
A90: TOTAL OTHER | D90: =SUM(D84:D89) -> 666.58 | E90: =SUM(E84:E89) -> 642.19 | F90: =SUM(F84:F89) -> 631.87 | G90: =SUM(D90:F90)/3 -> 646.88 | H90: =G90*92 -> 59512.96 | I90: =SUM(I84:I89) -> 612.51 | J90: =SUM(J84:J89) -> 576.66 | K90: =SUM(K84:K89) -> 540.35 | L90: =SUM(I90:K90)/3 -> 576.50667 | M90: =L90*92 -> 53038.613 | N90: =SUM(N84:N89) -> 504.7 | O90: =SUM(O84:O89) -> 554.04 | P90: =SUM(P84:P89) -> 558.61 | Q90: =SUM(N90:P90)/3 -> 539.11667 | R90: =Q90*90 -> 48520.5 | S90: =SUM(S84:S89) -> 540.03 | T90: =SUM(T84:T89) -> 527.19 | U90: =SUM(U84:U89) -> 527.22 | V90: =SUM(S90:U90)/3 -> 531.48 | W90: =V90*91 -> 48364.68 | X90: =SUM(X84:X89) -> 573.49583 | Y90: =SUM(Y84:Y89) -> 209325.98
A91: GRAND TOTAL | D91: =D82+D90 -> 4924.58 | E91: =E82+E90 -> 4925.29 | F91: =F82+F90+1 -> 4941.37 | G91: =G82+G90 -> 4930.08 | H91: =SUM(H82+H90) -> 453567.36 | I91: =I82+I90+1 -> 4977.81 | J91: =J82+J90+1 -> 4910.16 | K91: =K82+K90 -> 4851.25 | L91: =SUM(I91:K91)/3 -> 4913.0733 | M91: =SUM(M82+M90) -> 451941.41 | N91: =N82+N90 -> 4812.6 | O91: =O82+O90 -> 4856.94 | P91: =P82+P90 -> 4814.61 | Q91: =SUM(N91:P91)/3 -> 4828.05 | R91: =SUM(R82+R90) -> 434524.5 | S91: =S82+S90 -> 4801.63 | T91: =T82+T90 -> 4757.29 | U91: =U82+U90 -> 4774.72 | V91: =SUM(S91:U91)/3 -> 4777.88 | W91: =SUM(W82+W90) -> 434787.08 | X91: =X82+X90 -> 4862.1042 | Y91: =Y82+Y90 -> 1774698.4

Sheet CRC Avg Info by FY
A1: COMMUNITY RESIDENTIAL CENTERS | B1: FY2020 AVERAGE YEAR TO DATE INMATE POPULATION | N1: ANNUAL AVERAGE POPULATION | O1: FY2004 ANNUAL TOTAL MANDAYS
B2: 43655 | C2: 43686 | D2: 43717 | E2: 43747 | F2: 43778 | G2: 43808 | H2: 43839 | I2: 43870 | J2: 43899 | K2: 43930 | L2: 43960 | M2: 43991
A3: Community Residential Centers | B3: ='Qtrly''s-Cntsht Book'!D21 -> 239.78 | C3: ='Qtrly''s-Cntsht Book'!E21 -> 239.77 | D3: ='Qtrly''s-Cntsht Book'!F21 -> 240.8 | E3: ='Qtrly''s-Cntsht Book'!I21 -> 239.29 | F3: ='Qtrly''s-Cntsht Book'!J21 -> 201.73 | G3: ='Qtrly''s-Cntsht Book'!K21 -> 201.73 | H3: ='Qtrly''s-Cntsht Book'!N21 -> 248.16 | I3: ='Qtrly''s-Cntsht Book'!O21 -> 270.9 | J3: ='Qtrly''s-Cntsht Book'!P21 -> 259.71 | K3: ='Qtrly''s-Cntsht Book'!S21 -> 267.9 | L3: ='Qtrly''s-Cntsht Book'!T21 -> 268.87 | M3: ='Qtrly''s-Cntsht Book'!U21 -> 275.37 | N3: =SUM(B3:M3)/12 -> 246.1675 | O3: ='Qtrly''s-Cntsht Book'!Y21 -> 90097.305
A6: COMMUNITY RESIDENTIAL CENTERS | B6: FY2019 AVERAGE YEAR TO DATE INMATE POPULATION | N6: ANNUAL AVERAGE POPULATION | O6: FY2004 ANNUAL TOTAL MANDAYS
B7: 43290 | C7: 43321 | D7: 43352 | E7: 43382 | F7: 43413 | G7: 43443 | H7: 43474 | I7: 43505 | J7: 43533 | K7: 43564 | L7: 43594 | M7: 43625
A8: Community Residential Centers | B8: ='Qtrly''s-Cntsht Book'!D53 -> 298.29 | C8: ='Qtrly''s-Cntsht Book'!E53 -> 300.65 | D8: ='Qtrly''s-Cntsht Book'!F53 -> 294.33 | E8: ='Qtrly''s-Cntsht Book'!I53 -> 275.93 | F8: ='Qtrly''s-Cntsht Book'!J53 -> 275.94 | G8: ='Qtrly''s-Cntsht Book'!K53 -> 246.87 | H8: ='Qtrly''s-Cntsht Book'!N53 -> 221.19 | I8: ='Qtrly''s-Cntsht Book'!O53 -> 236.5 | J8: ='Qtrly''s-Cntsht Book'!P53 -> 252 | K8: ='Qtrly''s-Cntsht Book'!S53 -> 236.93 | L8: ='Qtrly''s-Cntsht Book'!T53 -> 240.61 | M8: ='Qtrly''s-Cntsht Book'!U53 -> 249.83 | N8: =SUM(B8:M8)/12 -> 260.75583 | O8: ='Qtrly''s-Cntsht Book'!Y53 -> 95175.879
A11: COMMUNITY RESIDENTIAL CENTERS | B11: FY2018 AVERAGE YEAR TO DATE INMATE POPULATION | N11: ANNUAL AVERAGE POPULATION | O11: FY2004 ANNUAL TOTAL MANDAYS
B12: 42925 | C12: 42956 | D12: 42987 | E12: 43017 | F12: 43048 | G12: 43078 | H12: 43109 | I12: 43140 | J12: 43168 | K12: 43199 | L12: 43229 | M12: 43260
A13: Community Residential Centers | B13: ='Qtrly''s-Cntsht Book'!D84 -> 369.55 | C13: ='Qtrly''s-Cntsht Book'!E84 -> 363.84 | D13: ='Qtrly''s-Cntsht Book'!F84 -> 360.67 | E13: ='Qtrly''s-Cntsht Book'!I84 -> 343.19 | F13: ='Qtrly''s-Cntsht Book'!J84 -> 316.9 | G13: ='Qtrly''s-Cntsht Book'!K84 -> 295.35 | H13: ='Qtrly''s-Cntsht Book'!N84 -> 265.35 | I13: ='Qtrly''s-Cntsht Book'!O84 -> 317.61 | J13: ='Qtrly''s-Cntsht Book'!P84 -> 322.52 | K13: ='Qtrly''s-Cntsht Book'!S84 -> 304.6 | L13: ='Qtrly''s-Cntsht Book'!T84 -> 286.19 | M13: ='Qtrly''s-Cntsht Book'!U84 -> 286.19 | N13: =SUM(B13:M13)/12 -> 319.33 | O13: ='Qtrly''s-Cntsht Book'!Y84 -> 116555.45

Sheet COC 2018-2021 COMPARISON
A1: Institutions | B1: 2002 COC | C1: Mandays | D1: Total | F1: 2003 COC | G1: Mandays | H1: Total | I1: 2004 COC | J1: Mandays | K1: Total | L1: 2005 COC | M1: Mandays | N1: Total | O1: 2006 COC | P1: Mandays | Q1: Total | R1: 2007 COC | S1: Mandays | T1: Total | U1: 2008 COC | V1: Mandays | W1: Total | X1: 2009 COC | Y1: Mandays | Z1: Total | AA1: 2010 COC | AB1: Mandays | AC1: Total | AD1: 2011 COC | AE1: Mandays | AF1: Total | AG1: 2012 COC | AH1: Mandays | AI1: Total | AJ1: 2013 COC | AK1: Mandays | AL1: Total | AM1: 2015 COC | AN1: Mandays | AO1: Total | AP1: 2017COC | AQ1: Mandays | AR1: Total | AS1: 2018 COC | AT1: Mandays | AU1: Total | AV1: 2019 COC | AW1: Mandays | AX1: Total | AY1: 2020 COC | AZ1: Mandays | BA1: Total | BB1: 2021 COC | BC1: Mandays | BD1: Total
A2: Anchorage Complex | B2: 4207448.5 | C2: 26754.5 | D2: 193.5088 | F2: 10007491 | G2: 144625.56 | H2: 106.85322 | I2: 10007491 | J2: 144540 | K2: 105.90032 | L2: 19164084 | M2: 297558 | N2: 99.915962 | O2: 19934909 | P2: 305007.38 | Q2: 95.644882 | R2: 22246649 | S2: 318750.85 | T2: 111.08691 | U2: 24224260 | V2: 353157 | W2: 109.64 | X2: 24473571 | Y2: 356416 | Z2: 109.02 | AA2: 24826079 | AB2: 311948 | AC2: 79.584031 | AD2: 25829995 | AE2: ='Qtrly''s-Cntsht Book'!#REF!+'Qtrly''s-Cntsht Book'!#REF! -> #REF! | AF2: =AD2/AE2 -> #REF! | AG2: 26198323 | AH2: ='Qtrly''s-Cntsht Book'!#REF!+'Qtrly''s-Cntsht Book'!#REF! -> #REF! | AI2: =AG2/AH2 -> #REF! | AJ2: 28150656 | AK2: ='Qtrly''s-Cntsht Book'!#REF!+'Qtrly''s-Cntsht Book'!#REF! -> #REF! | AL2: =AJ2/AK2 -> #REF! | AM2: 29509517 | AN2: 322976.94 | AO2: =AM2/AN2 -> 91.367256 | AP2: 30526128 | AQ2: 301420.04 | AR2: =AP2/AQ2 -> 101.27438 | AS2: 31581254 | AT2: 313486 | AU2: =AS2/AT2 -> 100.74215 | AV2: 32570126 | AW2: 310268 | AX2: =AV2/AW2 -> 104.97417 | AY2: 33571016 | AZ2: 309681.51 | BA2: 108.40497 | BB2: ='BILLING RATE CALC'!C26 -> 38871082 | BC2: ='BILLING RATE CALC'!D26 -> 320939.3 | BD2: =BB2/BC2 -> 121.11662
A3: Anvil Mtn.CC | B3: 3827124.9 | C3: 36429.525 | D3: 141.30305 | F3: 3827124.9 | G3: 38165.586 | H3: 137.93421 | I3: 4077113.6 | J3: 38325 | K3: 143.0461 | L3: 4022696.3 | M3: 39162 | N3: 138.23081 | O3: 4453361.8 | P3: 40348.317 | Q3: 140.65903 | R3: 4921141.9 | S3: 42362.63 | T3: 157.46074 | U3: 5054874.1 | V3: 38831 | W3: 171.22 | X3: 5023661 | Y3: 42158 | Z3: 159.51 | AA3: 5044648.8 | AB3: 49993 | AC3: 100.9071 | AD3: 5649294.1 | AE3: ='Qtrly''s-Cntsht Book'!#REF! -> #REF! | AF3: =AD3/AE3 -> #REF! | AG3: 5244350.9 | AH3: ='Qtrly''s-Cntsht Book'!#REF! -> #REF! | AI3: =AG3/AH3 -> #REF! | AJ3: 6006266.8 | AK3: ='Qtrly''s-Cntsht Book'!#REF! -> #REF! | AL3: =AJ3/AK3 -> #REF! | AM3: 6689614.8 | AN3: 44782.458 | AO3: =AM3/AN3 -> 149.38025 | AP3: 6451551 | AQ3: 40615.375 | AR3: =AP3/AQ3 -> 158.84504 | AS3: 6266794.3 | AT3: 37881 | AU3: =AS3/AT3 -> 165.43371 | AV3: 6919676.4 | AW3: 45400 | AX3: =AV3/AW3 -> 152.41578 | AY3: 7043154 | AZ3: 47985.333 | BA3: 146.77722 | BB3: ='BILLING RATE CALC'!C27 -> 7218523.9 | BC3: ='BILLING RATE CALC'!D27 -> 45258.95 | BD3: =BB3/BC3 -> 159.49384
A4: Fairbanks CC | B4: 6843374.9 | C4: 76108.583 | D4: 126.1634 | F4: 7166991.1 | G4: 76595.645 | H4: 131.22653 | I4: 7295965.3 | J4: 78110 | K4: 130.06943 | L4: 7181711 | M4: 77958 | N4: 127.63425 | O4: 8221892.4 | P4: 81829.35 | Q4: 130.76219 | R4: 8758697.8 | S4: 103600.08 | T4: 125.83703 | U4: 10231801 | V4: 101283 | W4: 142.06 | X4: 10195356 | Y4: 109736 | Z4: 133.26 | AA4: 9743301 | AB4: 94790 | AC4: 102.78828 | AD4: 10284011 | AE4: ='Qtrly''s-Cntsht Book'!#REF! -> #REF! | AF4: =AD4/AE4 -> #REF! | AG4: 10008008 | AH4: ='Qtrly''s-Cntsht Book'!#REF! -> #REF! | AI4: =AG4/AH4 -> #REF! | AJ4: 11263994 | AK4: ='Qtrly''s-Cntsht Book'!#REF! -> #REF! | AL4: =AJ4/AK4 -> #REF! | AM4: 11577122 | AN4: 100018.52 | AO4: =AM4/AN4 -> 115.74978 | AP4: 11556642 | AQ4: 98918.042 | AR4: =AP4/AQ4 -> 116.83048 | AS4: 12114213 | AT4: 98109 | AU4: =AS4/AT4 -> 123.47708 | AV4: 12690108 | AW4: 98386 | AX4: =AV4/AW4 -> 128.98286 | AY4: 12994397 | AZ4: 95268.042 | BA4: 136.39828 | BB4: ='BILLING RATE CALC'!C28 -> 14468136 | BC4: ='BILLING RATE CALC'!D28 -> 100363.3 | BD4: =BB4/BC4 -> 144.15764
A5: Goose Creek CC | U5: * * * * * * * * * * * * * * * * * * * * * * * * * * * * * * * * * * * * * * * * * * * * * * * * * * * * * * * * * * * * * * * * * * * * * * * * * * * * * * * * * * * * * * * * * * * * * * * * * * * * * * * * * * * * * * * * * * * * * * * * * * * * | X5: * * * * * * * * * * * * | Y5: * * * * * * * * * * * * | Z5: * * * * * * * * * * * * | AA5: * * * * * * * * * * * * | AB5: * * * * * * * * * * * * | AC5: * * * * * * * * * * * * | AD5: * * * * * * * * * * * * | AE5: * * * * * * * * * * * * | AF5: * * * * * * * * * * * * | AG5: * * * * * * * * * * * * | AH5: * * * * * * * * * * * * * * | AJ5: 0 | AK5: 0 | AL5: 0 | AM5: 46469735 | AN5: 453733.33 | AO5: =AM5/AN5 -> 102.4164 | AP5: 44848434 | AQ5: 459224.75 | AR5: =AP5/AQ5 -> 97.661186 | AS5: 41672576 | AT5: 461765 | AU5: =AS5/AT5 -> 90.246286 | AV5: 40528060 | AW5: 486837 | AX5: =AV5/AW5 -> 83.247698 | AY5: 40797542 | AZ5: 481404.58 | BA5: 84.746892 | BB5: ='BILLING RATE CALC'!C29 -> 44271288 | BC5: ='BILLING RATE CALC'!D29 -> 493754.13 | BD5: =BB5/BC5 -> 89.662618
A6: Hiland Mtn.CC | B6: 7142287.1 | C6: 105991.13 | D6: 103.63317 | F6: 7299380 | G6: 103376.09 | H6: 108.2673 | I6: 7299380 | J6: 103295 | K6: 107.32851 | L6: 7398555.7 | M6: 107970 | N6: 104.03561 | O6: 7697246.9 | P6: 113687.98 | Q6: 97.991127 | R6: 8564813.8 | S6: 122196.68 | T6: 111.38408 | U6: 9796565.5 | V6: 121011 | W6: 122 | X6: 9668374.5 | Y6: 140284 | Z6: 109.27 | AA6: 9905372.2 | AB6: 129251 | AC6: 76.636716 | AD6: 10581089 | AE6: ='Qtrly''s-Cntsht Book'!#REF! -> #REF! | AF6: =AD6/AE6 -> #REF! | AG6: 10367304 | AH6: ='Qtrly''s-Cntsht Book'!#REF! -> #REF! | AI6: =AG6/AH6 -> #REF! | AJ6: 11545267 | AK6: ='Qtrly''s-Cntsht Book'!#REF! -> #REF! | AL6: =AJ6/AK6 -> #REF! | AM6: 12740802 | AN6: 153873.96 | AO6: =AM6/AN6 -> 82.800245 | AP6: 12729366 | AQ6: 135904.71 | AR6: =AP6/AQ6 -> 93.663904 | AS6: 13725391 | AT6: 110653 | AU6: =AS6/AT6 -> 124.03993 | AV6: 14155037 | AW6: 113162 | AX6: =AV6/AW6 -> 125.08649 | AY6: 14859856 | AZ6: 115078.42 | BA6: 129.12809 | BB6: ='BILLING RATE CALC'!C30 -> 15148564 | BC6: ='BILLING RATE CALC'!D30 -> 109922 | BD6: =BB6/BC6 -> 137.81194
A7: Ketchikan CC | B7: 2759922.4 | C7: 20514.825 | D7: 170.78053 | F7: 2953749.7 | G7: 20327.367 | H7: 182.96637 | I7: 2953749.7 | J7: 20440 | K7: 181.17144 | L7: 2733184.2 | M7: 21594 | N7: 162.08289 | O7: 2914942.7 | P7: 23087.071 | Q7: 156.54477 | R7: 3148961.3 | S7: 23551.899 | T7: 174.99676 | U7: 3501265.6 | V7: 21658 | W7: 202.7 | X7: 3732359.2 | Y7: 21250 | Z7: 215.99 | AA7: 3618116.9 | AB7: 17189 | AC7: 210.49025 | AD7: 3935511.3 | AE7: ='Qtrly''s-Cntsht Book'!#REF! -> #REF! | AF7: =AD7/AE7 -> #REF! | AG7: 4110405.2 | AH7: ='Qtrly''s-Cntsht Book'!#REF! -> #REF! | AI7: =AG7/AH7 -> #REF! | AJ7: 4466229.4 | AK7: ='Qtrly''s-Cntsht Book'!#REF! -> #REF! | AL7: =AJ7/AK7 -> #REF! | AM7: 4477204.5 | AN7: 24480.246 | AO7: =AM7/AN7 -> 182.8905 | AP7: 4646328.2 | AQ7: 19545.75 | AR7: =AP7/AQ7 -> 237.71552 | AS7: 4544196.3 | AT7: 18813 | AU7: =AS7/AT7 -> 241.54554 | AV7: 4602921.4 | AW7: 18922 | AX7: =AV7/AW7 -> 243.25766 | AY7: 4705407.7 | AZ7: 19667.417 | BA7: 239.2489 | BB7: ='BILLING RATE CALC'!C31 -> 4955083.7 | BC7: ='BILLING RATE CALC'!D31 -> 21325.6 | BD7: =BB7/BC7 -> 232.35377
A8: Lemon Creek CC | B8: 5827761.4 | C8: 61079.708 | D8: 131.65986 | F8: 6041167.7 | G8: 60596.175 | H8: 137.35289 | I8: 6041167.7 | J8: 60590 | K8: 136.36883 | L8: 5955706.8 | M8: 61854 | N8: 131.79796 | O8: 6103915.2 | P8: 65060.946 | Q8: 124.10453 | R8: 6622278 | S8: 72068.946 | T8: 133.18178 | U8: 7491800.2 | V8: 70195 | W8: 147.77 | X8: 7881180.7 | Y8: 75821 | Z8: 144.29 | AA8: 7690593.2 | AB8: 73065 | AC8: 105.25687 | AD8: 8262094.6 | AE8: ='Qtrly''s-Cntsht Book'!#REF! -> #REF! | AF8: =AD8/AE8 -> #REF! | AG8: 8336468.5 | AH8: ='Qtrly''s-Cntsht Book'!#REF! -> #REF! | AI8: =AG8/AH8 -> #REF! | AJ8: 9182902.7 | AK8: ='Qtrly''s-Cntsht Book'!#REF! -> #REF! | AL8: =AJ8/AK8 -> #REF! | AM8: 10195510 | AN8: 87468.904 | AO8: =AM8/AN8 -> 116.56154 | AP8: 9970901.7 | AQ8: 81647.458 | AR8: =AP8/AQ8 -> 122.1214 | AS8: 10135735 | AT8: 77267 | AU8: =AS8/AT8 -> 131.17806 | AV8: 10625942 | AW8: 76084 | AX8: =AV8/AW8 -> 139.66066 | AY8: 10760822 | AZ8: 81172.958 | BA8: 132.56659 | BB8: ='BILLING RATE CALC'!C32 -> 11077541 | BC8: ='BILLING RATE CALC'!D32 -> 85393.9 | BD8: =BB8/BC8 -> 129.72286
A9: Mat-Su Pre-Trial | B9: 2699075.6 | C9: 30399.329 | D9: 125.03481 | F9: 2708207.8 | G9: 29603.234 | H9: 129.14087 | I9: 2708207.8 | J9: 29565 | K9: 128.26495 | L9: 2764083.2 | M9: 31842 | N9: 122.31763 | O9: 3048248.6 | P9: 34806.461 | Q9: 117.8632 | R9: 3317571.4 | S9: 36446.102 | T9: 132.32047 | U9: 3707178.2 | V9: 38410 | W9: 137.56 | X9: 3925122.1 | Y9: 41410 | Z9: 135.14 | AA9: 4091395.2 | AB9: 37712 | AC9: 108.49054 | AD9: 4241143.1 | AE9: ='Qtrly''s-Cntsht Book'!#REF! -> #REF! | AF9: =AD9/AE9 -> #REF! | AG9: 4240361.4 | AH9: ='Qtrly''s-Cntsht Book'!#REF! -> #REF! | AI9: =AG9/AH9 -> #REF! | AJ9: 4486136.9 | AK9: ='Qtrly''s-Cntsht Book'!#REF! -> #REF! | AL9: =AJ9/AK9 -> #REF! | AM9: 4846980.1 | AN9: 38009.275 | AO9: =AM9/AN9 -> 127.52098 | AP9: 5095669.4 | AQ9: 36630.792 | AR9: =AP9/AQ9 -> 139.10891 | AS9: 6136341.5 | AT9: 34812 | AU9: =AS9/AT9 -> 176.27087 | AV9: 6495487.2 | AW9: 31837 | AX9: =AV9/AW9 -> 204.02322 | AY9: 6541858 | AZ9: 29838.75 | BA9: 219.24035 | BB9: ='BILLING RATE CALC'!C33 -> 6632456.6 | BC9: ='BILLING RATE CALC'!D33 -> 33095.55 | BD9: =BB9/BC9 -> 200.40327
A10: Palmer CC | B10: 8207261.6 | C10: 143569.71 | D10: 93.413154 | F10: 8311351.2 | G10: 140173.08 | H10: 96.950848 | I10: 8311351.2 | J10: 140160 | K10: 95.96216 | L10: 8446993.7 | M10: 140544 | N10: 95.613558 | O10: 8922253.4 | P10: 143667.65 | Q10: 92.389534 | R10: 9956649.9 | S10: 148299.5 | T10: 108.43248 | U10: 10900064 | V10: 143253 | W10: 117.13 | X10: 11838881 | Y10: 152147 | Z10: 118.16 | AA10: 12051610 | AB10: 161728 | AC10: 74.517768 | AD10: 12507800 | AE10: ='Qtrly''s-Cntsht Book'!#REF! -> #REF! | AF10: =AD10/AE10 -> #REF! | AG10: 12108369 | AH10: ='Qtrly''s-Cntsht Book'!#REF! -> #REF! | AI10: =AG10/AH10 -> #REF! | AJ10: 13367393 | AK10: ='Qtrly''s-Cntsht Book'!#REF! -> #REF! | AL10: =AJ10/AK10 -> #REF! | AM10: 13418699 | AN10: 183310.91 | AO10: =AM10/AN10 -> 73.201859 | AP10: 13075635 | AQ10: 180115.33 | AR10: =AP10/AQ10 -> 72.595901 | AS10: 7478497.1 | AT10: 37629 | AU10: =AS10/AT10 -> 198.74291 | AV10: 94820.73 | AW10: 0 | AX10: 0 | AY10: 0 | AZ10: 0 | BA10: 0 | BB10: ='BILLING RATE CALC'!C34 -> 1216570.7 | BC10: ='BILLING RATE CALC'!D34 -> 0 | BD10: 0
A11: Pt MacKenzie Farm | I11: 2330932.1 | J11: 34310 | K11: 104.60053 | L11: 2389598.3 | M11: 35136 | N11: 103.5214 | O11: 2644884.7 | P11: 35896.99 | Q11: 103.96595 | R11: 3089261.7 | S11: 35735.507 | T11: 127.74164 | U11: 3626206.7 | V11: 39250 | W11: 133.43 | X11: 3797182.2 | Y11: 44263 | Z11: 126.14 | AA11: 3906004.5 | AB11: 42940 | AC11: 90.964241 | AD11: 3769359.7 | AE11: ='Qtrly''s-Cntsht Book'!#REF! -> #REF! | AF11: =AD11/AE11 -> #REF! | AG11: 3584193.9 | AH11: ='Qtrly''s-Cntsht Book'!#REF! -> #REF! | AI11: =AG11/AH11 -> #REF! | AJ11: 3810247 | AK11: ='Qtrly''s-Cntsht Book'!#REF! -> #REF! | AL11: =AJ11/AK11 -> #REF! | AM11: 3051517 | AN11: 32252.008 | AO11: =AM11/AN11 -> 94.61479 | AP11: 206733.59 | AQ11: 1460 | AR11: 0 | AS11: 284563.77 | AT11: 35223 | AU11: 0 | AV11: 4294759 | AW11: 31825 | AX11: 0 | AY11: 4773916.4 | AZ11: 37306.042 | BA11: 127.96631 | BB11: ='BILLING RATE CALC'!C35 -> 4614006.4 | BC11: ='BILLING RATE CALC'!D35 -> 29060.4 | BD11: =BB11/BC11 -> 158.77298
A12: Spring Creek CC | B12: 13586190 | C12: 188029.75 | D12: 108.50299 | F12: 13814499 | G12: 174111.45 | H12: 117.00021 | I12: 13814499 | J12: 174105 | K12: 116.00893 | L12: 14201185 | M12: 177144 | N12: 115.67889 | O12: 15053553 | P12: 173736.05 | Q12: 116.93222 | R12: 16269860 | S12: 177677.44 | T12: 132.86333 | U12: 18421022 | V12: 172897 | W12: 147.59 | X12: 19526928 | Y12: 196419 | Z12: 139.76 | AA12: 19044803 | AB12: 195304 | AC12: 97.513637 | AD12: 20860193 | AE12: ='Qtrly''s-Cntsht Book'!#REF! -> #REF! | AF12: =AD12/AE12 -> #REF! | AG12: 21259253 | AH12: ='Qtrly''s-Cntsht Book'!#REF! -> #REF! | AI12: =AG12/AH12 -> #REF! | AJ12: 23701558 | AK12: ='Qtrly''s-Cntsht Book'!#REF! -> #REF! | AL12: =AJ12/AK12 -> #REF! | AM12: 23895860 | AN12: 168351.08 | AO12: =AM12/AN12 -> 141.94064 | AP12: 22390189 | AQ12: 187704.29 | AR12: =AP12/AQ12 -> 119.28437 | AS12: 24652733 | AT12: 178512 | AU12: =AS12/AT12 -> 138.10126 | AV12: 22400761 | AW12: 143332 | AX12: =AV12/AW12 -> 156.28583 | AY12: 23899564 | AZ12: 166053.71 | BA12: 143.92671 | BB12: ='BILLING RATE CALC'!C36 -> 23990565 | BC12: ='BILLING RATE CALC'!D36 -> 188413.75 | BD12: =BB12/BC12 -> 127.32916
A13: Wildwood CC | B13: 8134816.6 | C13: 130177.86 | D13: 98.73748 | F13: 8641325.7 | G13: 128241.29 | H13: 105.04069 | I13: 8641325.7 | J13: 128115 | K13: 104.11289 | L13: 8271519.8 | M13: 129930 | N13: 99.172782 | O13: 8861688.3 | P13: 129263.53 | Q13: 98.841315 | R13: 9695306.6 | S13: 134469.35 | T13: 113.39418 | U13: 10448269 | V13: 133648 | W13: 119.22 | X13: 10982562 | Y13: 136916 | Z13: 120.56 | AA13: 12067389 | AB13: 132834 | AC13: 90.845634 | AD13: 12779068 | AE13: ='Qtrly''s-Cntsht Book'!#REF! -> #REF! | AF13: =AD13/AE13 -> #REF! | AG13: 12467852 | AH13: ='Qtrly''s-Cntsht Book'!#REF! -> #REF! | AI13: =AG13/AH13 -> #REF! | AJ13: 14244441 | AK13: ='Qtrly''s-Cntsht Book'!#REF! -> #REF! | AL13: =AJ13/AK13 -> #REF! | AM13: 15292805 | AN13: 158056.86 | AO13: =AM13/AN13 -> 96.755085 | AP13: 15004487 | AQ13: 146872.96 | AR13: =AP13/AQ13 -> 102.15963 | AS13: 15176252 | AT13: 140723 | AU13: =AS13/AT13 -> 107.84486 | AV13: 15506331 | AW13: 148795 | AX13: =AV13/AW13 -> 104.21272 | AY13: 16092746 | AZ13: 153655.87 | BA13: 104.73239 | BB13: ='BILLING RATE CALC'!C37 -> 15931896 | BC13: ='BILLING RATE CALC'!D37 -> 162064.8 | BD13: =BB13/BC13 -> 98.305712
A14: Yukon Kuskokwim CC | B14: 3868924.8 | C14: 35373.062 | D14: 145.62235 | F14: 4147309.4 | G14: 39512.345 | H14: 142.61973 | I14: 4147309.4 | J14: 39420 | K14: 141.87139 | L14: 4309167.8 | M14: 43920 | N14: 133.62545 | O14: 4247216.1 | P14: 41160.776 | Q14: 133.47211 | R14: 4428785.9 | S14: 42733.592 | T14: 144.93079 | U14: 4844664.5 | V14: 40962 | W14: 159.31 | X14: 5212389.8 | Y14: 39962 | Z14: 170.78 | AA14: 5636452.8 | AB14: 43264 | AC14: 130.28044 | AD14: 5676041.7 | AE14: ='Qtrly''s-Cntsht Book'!#REF! -> #REF! | AF14: =AD14/AE14 -> #REF! | AG14: 5845332 | AH14: ='Qtrly''s-Cntsht Book'!#REF! -> #REF! | AI14: =AG14/AH14 -> #REF! | AJ14: 7724430.6 | AK14: ='Qtrly''s-Cntsht Book'!#REF! -> #REF! | AL14: =AJ14/AK14 -> #REF! | AM14: 8442685.9 | AN14: 71491.029 | AO14: =AM14/AN14 -> 118.09434 | AP14: 8415108.7 | AQ14: 67050.5 | AR14: =AP14/AQ14 -> 125.50404 | AS14: 8463733 | AT14: 59288 | AU14: =AS14/AT14 -> 142.75626 | AV14: 9406646.4 | AW14: 60523 | AX14: =AV14/AW14 -> 155.42267 | AY14: 9772602.4 | AZ14: 69207.042 | BA14: 141.20821 | BB14: ='BILLING RATE CALC'!C38 -> 10035750 | BC14: ='BILLING RATE CALC'!D38 -> 74551.15 | BD14: =BB14/BC14 -> 134.61563
A15: Totals | B15: 80209970 | C15: 1040830.7 | D15: 113.31 | F15: 84520064 | G15: 1096697.2 | H15: 114.96 | I15: 87100985 | J15: 1130770 | K15: 113.69 | L15: 86838486 | M15: 1164612 | N15: 110.08 | O15: 92104112 | P15: 1187552.5 | Q15: 107.42 | R15: 1.0101998e+08 | S15: 1257892.6 | T15: 121.6 | U15: 1.1224797e+08 | V15: 1274555 | W15: 129.11 | X15: 1.1625757e+08 | Y15: 1356782 | Z15: 126.04 | AA15: 1.1762577e+08 | AB15: 1290018 | AC15: 134.21 | AD15: =SUM(AD2:AD14) -> 1.243756e+08 | AE15: =SUM(AE2:AE14) -> #REF! | AF15: 136.44 | AG15: =SUM(AG2:AG14) -> 1.2377022e+08 | AH15: =SUM(AH2:AH14) -> #REF! | AI15: 134.9 | AJ15: =SUM(AJ2:AJ14) -> 1.3794952e+08 | AK15: =SUM(AK2:AK14) -> #REF! | AL15: 147.21 | AM15: =SUM(AM2:AM14) -> 1.9060805e+08 | AN15: =SUM(AN2:AN14) -> 1838805.5 | AO15: 142.66 | AP15: 1.8491717e+08 | AQ15: 1757110 | AR15: 149.62 | AS15: =SUM(AS2:AS14) -> 1.8223228e+08 | AT15: =SUM(AT2:AT14) -> 1604161 | AU15: 166.91 | AV15: =SUM(AV2:AV14) -> 1.8029067e+08 | AW15: =SUM(AW2:AW14)+1 -> 1565372 | AX15: 168.74 | AY15: 1.8581288e+08 | AZ15: 1606319.7 | BA15: 176.23696 | BB15: =SUM(BB2:BB14) -> 1.9843146e+08 | BC15: =SUM(BC2:BC14) -> 1664142.8 | BD15: ='BILLING RATE CALC'!J39 -> 175.84467
AE16: 1369943 | AH16: 1399616 | AJ16: 1.3794952e+08 | AK16: 1410128 | AM16: 1.9060805e+08 | AN16: 1838806 | AP16: 1.8491717e+08 | AQ16: 1757110 | AS16: 1.8223228e+08 | AT16: 1.604,161 | AV16: 1.8029067e+08 | AW16: 1565372 | AY16: 1.8581288e+08 | AZ16: 1606319.7 | BB16: ='BILLING RATE CALC'!C39 -> 1.9843146e+08 | BC16: ='BILLING RATE CALC'!D39 -> 1664142.8
A18: The "Total Cost" columns only represent costs associated with the Institutions and does not include other costs. The "Total" column should reflect "Inst. Cost" rate shown on BILLING RATE CALC tab.
A22: Revised: 10/05/20 lj
AC39: ; | AF39: ;

Sheet Sheet1
